Workbook

Sheet Акт КС-2 по ТСН-2001
A1: =CONCATENATE(Source!B1, " ТСН-2001 (© ОАО МЦЦС 'Мосстройцены', 2006)") -> Smeta.ru (495) 974-1589 ТСН-2001 (© ОАО МЦЦС 'Мосстройцены', 2006)
K5: Код
J6: Форма по ОКУД | K6: 322005
A7: Инвестор | J7: по ОКПО
A8: Заказчик | D8: =IF(Source!CG12<>"",Source!CG12," ") | J8: по ОКПО | AB8: =IF(Source!CG12<>"",Source!CG12," ")
A9: Подрядчик | D9: =IF(Source!CH12<>"",Source!CH12," ") | J9: по ОКПО | AB9: =IF(Source!CH12<>"",Source!CH12," ")
A10: Стройка | D10: =IF(Source!G4<>"",Source!G4,IF(Source!F4<>"",Source!F4,IF(Source!G5<>"",Source!G5,IF(Source!F5<>"",Source!F5,IF(Source!G6<>"",Source!G6,IF(Source!F6<>"",Source!F6," ")))))) | AB10: =IF(Source!G4<>"",Source!G4,IF(Source!F4<>"",Source!F4,IF(Source!G5<>"",Source!G5,IF(Source!F5<>"",Source!F5,IF(Source!G6<>"",Source!G6,IF(Source!F6<>"",Source!F6," "))))))
A11: Объект | AB11: =IF(Source!G12<>"",Source!G12,IF(Source!F12<>"",Source!F12," ")) -> выполнение работ по разметке площадок для расстановки пожарной (специальной) техники 132 шт.
H13: Договор подряда | J13: номер
J14: дата
J15: Вид операции
J18: с | K18: по
A21: AKT
A24: Сметная (договорная) стоимость в соответствии с договором подряда (субподряда) | H24: =(Source!O22+Source!X22+Source!Y22+Source!R22*167/100)/1000 -> 5932.5163 | J24: тыс.руб
A25: Составлен(а) в уровне текущих (прогнозных) цен на | E25: =IF(AND(Source!P12<>0,Source!Q12<>0),DATE(Source!P12,Source!Q12,1),IF(Source!AF12=0,"",IF(Source!AN12=0,"",DATE(Source!AF12,Source!AN12,1)))) -> 41030 | F25: =IF(AND(Source!P12<>0,Source!Q12<>0),Source!P12,IF(Source!AF12=0,"",Source!AF12)) -> 2012 | G25: г.
A27: Номер | G27: Цена | H27: Коэффициенты | L27: Справочно | Z27: -1
A28: п/п | B28: поз. по смете | C28: Шифр | E28: Единица | F28: Кол-во | G28: на ед. | I28: зимних | K28: ВСЕГО | L28: ЗТР, всего
C29: расценки | D29: Наименование работ и затрат | E29: изме- | F29: единиц | G29: изм. | H29: попра- | I29: удоро- | J29: перес- | K29: затрат, | L29: чел.-час
C30: и коды | E30: рения | G30: руб. | H30: вочные | I30: жаний | J30: чета | K30: руб. | L30: Ст-ть ед.
C31: ресурсов | L31: с начислен.
A32: 1 | B32: 2 | C32: 3 | D32: 4 | E32: 5 | F32: 6 | G32: 7 | H32: 8 | I32: 9 | J32: 10 | K32: 11 | L32: 12
A33: 1 | B33: =Source!E24 -> 1 | C33: =Source!F24 -> 3.27-77-3 | D33: =Source!G24 -> НАНЕСЕНИЕ ПОПЕРЕЧНОЙ ЛИНИИ ДОРОЖНОЙ РАЗМЕТКИ КРАСКОЙ | E33: =Source!DW24 -> м2 | F33: =ROUND(Source!I24,6) -> 8804 | Z33: 1
D34: ЗП | G34: =Source!AO24 -> 2.31 | H34: =Source!DG24 -> *1,15 | I34: =Source!AV24 -> 1 | J34: =Source!BA24 -> 13.09 | K34: =Source!S24 -> 306146.64
D35: ЭМ | G35: =Source!AM24 -> 37.23 | H35: =Source!DE24 -> *1,25 | I35: =Source!AV24 -> 1 | J35: =Source!BB24 -> 2.09 | K35: =Source!Q24 -> 856306.75
D36: в т.ч. ЗПМ | G36: =Source!AN24 -> 1.63 | H36: =Source!DF24 -> *1,25 | I36: =Source!AV24 -> 1 | J36: =Source!BS24 -> 13.09 | K36: =CONCATENATE("(",TEXT(+Source!R24,"0,00"),")") -> (234810,38)
A37: 2 | B37: =Source!E25 -> 1,1 | C37: =Source!F25 -> 1.1-1-2254 | D37: =Source!G25 -> КРАСКА ДОРОЖНАЯ (ЭМАЛЬ) БЕЛАЯ, МАРКА "АК-505" | E37: =Source!DW25 -> т | F37: =ROUND(Source!I25,6) -> 4.660353 | G37: =IF(Source!AL25=0,Source!AK25,Source!AL25) -> 32831.15 | H37: =Source!DD25 | I37: =Source!AW25 -> 1 | J37: =Source!BC25 -> 2.06 | K37: =Source!O25 -> 315189.75 | P37: =IF( Source!BI25 = 1, (0), 0 ) -> 0 | Q37: =IF( Source!BI25 = 2, (0), 0 ) -> 0 | R37: =IF( Source!BI25 = 3, (0), 0 ) -> 0 | S37: =IF( Source!BI25 = 4, (0), 0 ) -> 0 | V37: =IF( Source!BI25 = 1, Source!O25 + Source!X25 + Source!Y25, 0 ) -> 315189.75 | W37: =IF( Source!BI25 = 2, Source!O25 + Source!X25 + Source!Y25, 0 ) -> 0 | X37: =IF( Source!BI25 = 3, Source!O25 + Source!X25 + Source!Y25, 0 ) -> 0 | Y37: =IF( Source!BI25 = 4, Source!O25 + Source!X25 + Source!Y25, 0 ) -> 0 | Z37: 2
D38: НР от ЗП | E38: % | F38: =Source!AT24 -> 120 | K38: =Source!X24 -> 367375.97
D39: СП от ЗП | E39: % | F39: =Source!AU24 -> 42 | K39: =Source!Y24 -> 128581.59
D40: НР и СП от ЗПМ | E40: % | F40: 167 | K40: =ROUND(Source!R24*F40/100, 2) -> 392133.33
D41: ЗТР | E41: чел-ч | F41: =Source!AQ24 -> 0.2 | H41: =Source!DI24 -> *1,15 | I41: =Source!AV24 -> 1 | L41: =Source!U24 -> 2024.92
J42: =Source!S24+Source!Q24+SUM(K37:K40) -> 2365734 | L42: =IF(Source!I24<>0,ROUND(J42/Source!I24,2),0) -> 268.71 | O42: =J42 -> 2365734 | P42: =ROUND(IF( Source!BI24 = 1, (ROUND((Source!CT24/IF(Source!BA24<> 0, Source!BA24,1) * Source!I24), 2)+ROUND((Source!CR24/IF(Source!BB24<> 0, Source!BB24,1) * Source!I24), 2)+ROUND((Source!CQ24/IF(Source!BC24<> 0, Source!BC24,1) * Source!I24), 2)+((Source!DN24/100)*ROUND((Source!CT24/IF(Source!BA24<>0,Source!BA24,1) * Source!I24), 2))+((Source!DO24/100)*ROUND((Source!CT24/IF(Source!BA24<>0,Source!BA24,1) * Source!I24), 2))+(ROUND((Source!CS24/IF(Source!BS24<>0,Source!BS24,1) * Source!I24), 2)* 1.75)), 0 ), 2) -> 515715.09 | Q42: =ROUND(IF( Source!BI24 = 2, (ROUND((Source!CT24/IF(Source!BA24<> 0, Source!BA24,1) * Source!I24), 2)+ROUND((Source!CR24/IF(Source!BB24<> 0, Source!BB24,1) * Source!I24), 2)+ROUND((Source!CQ24/IF(Source!BC24<> 0, Source!BC24,1) * Source!I24), 2)+((Source!DN24/100)*ROUND((Source!CT24/IF(Source!BA24<>0,Source!BA24,1) * Source!I24), 2))+((Source!DO24/100)*ROUND((Source!CT24/IF(Source!BA24<>0,Source!BA24,1) * Source!I24), 2))+(ROUND((Source!CS24/IF(Source!BS24<>0,Source!BS24,1) * Source!I24), 2)* 1.75)), 0 ), 2) -> 0 | R42: =ROUND(IF( Source!BI24 = 3, (ROUND((Source!CT24/IF(Source!BA24<> 0, Source!BA24,1) * Source!I24), 2)+ROUND((Source!CR24/IF(Source!BB24<> 0, Source!BB24,1) * Source!I24), 2)+ROUND((Source!CQ24/IF(Source!BC24<> 0, Source!BC24,1) * Source!I24), 2)+((Source!DN24/100)*ROUND((Source!CT24/IF(Source!BA24<>0,Source!BA24,1) * Source!I24), 2))+((Source!DO24/100)*ROUND((Source!CT24/IF(Source!BA24<>0,Source!BA24,1) * Source!I24), 2))+(ROUND((Source!CS24/IF(Source!BS24<>0,Source!BS24,1) * Source!I24), 2)* 1.75)), 0 ), 2) -> 0 | S42: =ROUND(IF( Source!BI24 = 4, (ROUND((Source!CT24/IF(Source!BA24<> 0, Source!BA24,1) * Source!I24), 2)+ROUND((Source!CR24/IF(Source!BB24<> 0, Source!BB24,1) * Source!I24), 2)+ROUND((Source!CQ24/IF(Source!BC24<> 0, Source!BC24,1) * Source!I24), 2)+((Source!DN24/100)*ROUND((Source!CT24/IF(Source!BA24<>0,Source!BA24,1) * Source!I24), 2))+((Source!DO24/100)*ROUND((Source!CT24/IF(Source!BA24<>0,Source!BA24,1) * Source!I24), 2))+(ROUND((Source!CS24/IF(Source!BS24<>0,Source!BS24,1) * Source!I24), 2)* 1.75)), 0 ), 2) -> 0 | V42: =IF( Source!BI24 = 1, Source!O24 + Source!X24 + Source!Y24 + Source!R24*167/100, 0 ) -> 2050544.3 | W42: =IF( Source!BI24 = 2, Source!O24 + Source!X24 + Source!Y24 + Source!R24*167/100, 0 ) -> 0 | X42: =IF( Source!BI24 = 3, Source!O24 + Source!X24 + Source!Y24 + Source!R24*167/100, 0 ) -> 0 | Y42: =IF( Source!BI24 = 4, Source!O24 + Source!X24 + Source!Y24 + Source!R24*167/100, 0 ) -> 0
A43: 3 | B43: =Source!E29 -> 2 | C43: =Source!F29 -> 3.27-77-3 | D43: =Source!G29 -> НАНЕСЕНИЕ ПОПЕРЕЧНОЙ ЛИНИИ ДОРОЖНОЙ РАЗМЕТКИ КРАСКОЙ | E43: =Source!DW29 -> м2 | F43: =ROUND(Source!I29,6) -> 8804 | Z43: 3
D44: ЗП | G44: =Source!AO29 -> 2.31 | H44: =Source!DG29 -> *1,15 | I44: =Source!AV29 -> 1 | J44: =Source!BA29 -> 13.09 | K44: =Source!S29 -> 306146.64
D45: ЭМ | G45: =Source!AM29 -> 37.23 | H45: =Source!DE29 -> *1,25 | I45: =Source!AV29 -> 1 | J45: =Source!BB29 -> 2.09 | K45: =Source!Q29 -> 856306.75
D46: в т.ч. ЗПМ | G46: =Source!AN29 -> 1.63 | H46: =Source!DF29 -> *1,25 | I46: =Source!AV29 -> 1 | J46: =Source!BS29 -> 13.09 | K46: =CONCATENATE("(",TEXT(+Source!R29,"0,00"),")") -> (234810,38)
A47: 4 | B47: =Source!E30 -> 2,1 | C47: =Source!F30 -> 1.1-1-2257 | D47: =Source!G30 -> ПРИМ.- КРАСКА ДОРОЖНАЯ КРАСНАЯ, МАРКА "АК-505" | E47: =Source!DW30 -> т | F47: =ROUND(Source!I30,6) -> 4.660353 | G47: =IF(Source!AL30=0,Source!AK30,Source!AL30) -> 43541.15 | H47: =Source!DD30 | I47: =Source!AW30 -> 1 | J47: =Source!BC30 -> 2.01 | K47: =Source!O30 -> 407863.47 | P47: =IF( Source!BI30 = 1, (0), 0 ) -> 0 | Q47: =IF( Source!BI30 = 2, (0), 0 ) -> 0 | R47: =IF( Source!BI30 = 3, (0), 0 ) -> 0 | S47: =IF( Source!BI30 = 4, (0), 0 ) -> 0 | V47: =IF( Source!BI30 = 1, Source!O30 + Source!X30 + Source!Y30, 0 ) -> 407863.47 | W47: =IF( Source!BI30 = 2, Source!O30 + Source!X30 + Source!Y30, 0 ) -> 0 | X47: =IF( Source!BI30 = 3, Source!O30 + Source!X30 + Source!Y30, 0 ) -> 0 | Y47: =IF( Source!BI30 = 4, Source!O30 + Source!X30 + Source!Y30, 0 ) -> 0 | Z47: 4
D48: НР от ЗП | E48: % | F48: =Source!AT29 -> 120 | K48: =Source!X29 -> 367375.97
D49: СП от ЗП | E49: % | F49: =Source!AU29 -> 42 | K49: =Source!Y29 -> 128581.59
D50: НР и СП от ЗПМ | E50: % | F50: 167 | K50: =ROUND(Source!R29*F50/100, 2) -> 392133.33
D51: ЗТР | E51: чел-ч | F51: =Source!AQ29 -> 0.2 | H51: =Source!DI29 -> *1,15 | I51: =Source!AV29 -> 1 | L51: =Source!U29 -> 2024.92
J52: =Source!S29+Source!Q29+SUM(K47:K50) -> 2458407.8 | L52: =IF(Source!I29<>0,ROUND(J52/Source!I29,2),0) -> 279.24 | O52: =J52 -> 2458407.8 | P52: =ROUND(IF( Source!BI29 = 1, (ROUND((Source!CT29/IF(Source!BA29<> 0, Source!BA29,1) * Source!I29), 2)+ROUND((Source!CR29/IF(Source!BB29<> 0, Source!BB29,1) * Source!I29), 2)+ROUND((Source!CQ29/IF(Source!BC29<> 0, Source!BC29,1) * Source!I29), 2)+((Source!DN29/100)*ROUND((Source!CT29/IF(Source!BA29<>0,Source!BA29,1) * Source!I29), 2))+((Source!DO29/100)*ROUND((Source!CT29/IF(Source!BA29<>0,Source!BA29,1) * Source!I29), 2))+(ROUND((Source!CS29/IF(Source!BS29<>0,Source!BS29,1) * Source!I29), 2)* 1.75)), 0 ), 2) -> 515715.09 | Q52: =ROUND(IF( Source!BI29 = 2, (ROUND((Source!CT29/IF(Source!BA29<> 0, Source!BA29,1) * Source!I29), 2)+ROUND((Source!CR29/IF(Source!BB29<> 0, Source!BB29,1) * Source!I29), 2)+ROUND((Source!CQ29/IF(Source!BC29<> 0, Source!BC29,1) * Source!I29), 2)+((Source!DN29/100)*ROUND((Source!CT29/IF(Source!BA29<>0,Source!BA29,1) * Source!I29), 2))+((Source!DO29/100)*ROUND((Source!CT29/IF(Source!BA29<>0,Source!BA29,1) * Source!I29), 2))+(ROUND((Source!CS29/IF(Source!BS29<>0,Source!BS29,1) * Source!I29), 2)* 1.75)), 0 ), 2) -> 0 | R52: =ROUND(IF( Source!BI29 = 3, (ROUND((Source!CT29/IF(Source!BA29<> 0, Source!BA29,1) * Source!I29), 2)+ROUND((Source!CR29/IF(Source!BB29<> 0, Source!BB29,1) * Source!I29), 2)+ROUND((Source!CQ29/IF(Source!BC29<> 0, Source!BC29,1) * Source!I29), 2)+((Source!DN29/100)*ROUND((Source!CT29/IF(Source!BA29<>0,Source!BA29,1) * Source!I29), 2))+((Source!DO29/100)*ROUND((Source!CT29/IF(Source!BA29<>0,Source!BA29,1) * Source!I29), 2))+(ROUND((Source!CS29/IF(Source!BS29<>0,Source!BS29,1) * Source!I29), 2)* 1.75)), 0 ), 2) -> 0 | S52: =ROUND(IF( Source!BI29 = 4, (ROUND((Source!CT29/IF(Source!BA29<> 0, Source!BA29,1) * Source!I29), 2)+ROUND((Source!CR29/IF(Source!BB29<> 0, Source!BB29,1) * Source!I29), 2)+ROUND((Source!CQ29/IF(Source!BC29<> 0, Source!BC29,1) * Source!I29), 2)+((Source!DN29/100)*ROUND((Source!CT29/IF(Source!BA29<>0,Source!BA29,1) * Source!I29), 2))+((Source!DO29/100)*ROUND((Source!CT29/IF(Source!BA29<>0,Source!BA29,1) * Source!I29), 2))+(ROUND((Source!CS29/IF(Source!BS29<>0,Source!BS29,1) * Source!I29), 2)* 1.75)), 0 ), 2) -> 0 | V52: =IF( Source!BI29 = 1, Source!O29 + Source!X29 + Source!Y29 + Source!R29*167/100, 0 ) -> 2050544.3 | W52: =IF( Source!BI29 = 2, Source!O29 + Source!X29 + Source!Y29 + Source!R29*167/100, 0 ) -> 0 | X52: =IF( Source!BI29 = 3, Source!O29 + Source!X29 + Source!Y29 + Source!R29*167/100, 0 ) -> 0 | Y52: =IF( Source!BI29 = 4, Source!O29 + Source!X29 + Source!Y29 + Source!R29*167/100, 0 ) -> 0
A53: 5 | B53: =Source!E37 -> 3 | C53: =Source!F37 -> 6.51-4-1 | D53: =Source!G37 -> РЫТЬЕ ЯМ ДЛЯ УСТАНОВКИ СТОЕК И СТОЛБОВ ГЛУБИНА, М: 0,4 | E53: =Source!DW37 -> 100 ям | F53: =ROUND(Source!I37,6) -> 0 | Z53: 5
D54: ЗП | G54: =Source!AO37 -> 2735.2 | H54: =Source!DG37 | I54: =Source!AV37 -> 1.248 | J54: =Source!BA37 -> 13.09 | K54: =Source!S37 -> 0
D55: НР от ЗП | E55: % | F55: =Source!AT37 -> 78 | K55: =Source!X37 -> 0
D56: СП от ЗП | E56: % | F56: =Source!AU37 -> 42 | K56: =Source!Y37 -> 0
D57: ЗТР | E57: чел-ч | F57: =Source!AQ37 -> 260 | H57: =Source!DI37 | I57: =Source!AV37 -> 1.248 | L57: =Source!U37 -> 0
J58: =Source!S37+Source!Q37+SUM(K55:K56) -> 0 | L58: =IF(Source!I37<>0,ROUND(J58/Source!I37,2),0) -> 0 | O58: =J58 -> 0 | P58: =ROUND(IF( Source!BI37 = 1, (ROUND((Source!CT37/IF(Source!BA37<> 0, Source!BA37,1) * Source!I37), 2)+ROUND((Source!CR37/IF(Source!BB37<> 0, Source!BB37,1) * Source!I37), 2)+ROUND((Source!CQ37/IF(Source!BC37<> 0, Source!BC37,1) * Source!I37), 2)+((Source!DN37/100)*ROUND((Source!CT37/IF(Source!BA37<>0,Source!BA37,1) * Source!I37), 2))+((Source!DO37/100)*ROUND((Source!CT37/IF(Source!BA37<>0,Source!BA37,1) * Source!I37), 2))+(ROUND((Source!CS37/IF(Source!BS37<>0,Source!BS37,1) * Source!I37), 2)* 1.75)), 0 ), 2) -> 0 | Q58: =ROUND(IF( Source!BI37 = 2, (ROUND((Source!CT37/IF(Source!BA37<> 0, Source!BA37,1) * Source!I37), 2)+ROUND((Source!CR37/IF(Source!BB37<> 0, Source!BB37,1) * Source!I37), 2)+ROUND((Source!CQ37/IF(Source!BC37<> 0, Source!BC37,1) * Source!I37), 2)+((Source!DN37/100)*ROUND((Source!CT37/IF(Source!BA37<>0,Source!BA37,1) * Source!I37), 2))+((Source!DO37/100)*ROUND((Source!CT37/IF(Source!BA37<>0,Source!BA37,1) * Source!I37), 2))+(ROUND((Source!CS37/IF(Source!BS37<>0,Source!BS37,1) * Source!I37), 2)* 1.75)), 0 ), 2) -> 0 | R58: =ROUND(IF( Source!BI37 = 3, (ROUND((Source!CT37/IF(Source!BA37<> 0, Source!BA37,1) * Source!I37), 2)+ROUND((Source!CR37/IF(Source!BB37<> 0, Source!BB37,1) * Source!I37), 2)+ROUND((Source!CQ37/IF(Source!BC37<> 0, Source!BC37,1) * Source!I37), 2)+((Source!DN37/100)*ROUND((Source!CT37/IF(Source!BA37<>0,Source!BA37,1) * Source!I37), 2))+((Source!DO37/100)*ROUND((Source!CT37/IF(Source!BA37<>0,Source!BA37,1) * Source!I37), 2))+(ROUND((Source!CS37/IF(Source!BS37<>0,Source!BS37,1) * Source!I37), 2)* 1.75)), 0 ), 2) -> 0 | S58: =ROUND(IF( Source!BI37 = 4, (ROUND((Source!CT37/IF(Source!BA37<> 0, Source!BA37,1) * Source!I37), 2)+ROUND((Source!CR37/IF(Source!BB37<> 0, Source!BB37,1) * Source!I37), 2)+ROUND((Source!CQ37/IF(Source!BC37<> 0, Source!BC37,1) * Source!I37), 2)+((Source!DN37/100)*ROUND((Source!CT37/IF(Source!BA37<>0,Source!BA37,1) * Source!I37), 2))+((Source!DO37/100)*ROUND((Source!CT37/IF(Source!BA37<>0,Source!BA37,1) * Source!I37), 2))+(ROUND((Source!CS37/IF(Source!BS37<>0,Source!BS37,1) * Source!I37), 2)* 1.75)), 0 ), 2) -> 0 | V58: =IF( Source!BI37 = 1, Source!O37 + Source!X37 + Source!Y37 + Source!R37*167/100, 0 ) -> 0 | W58: =IF( Source!BI37 = 2, Source!O37 + Source!X37 + Source!Y37 + Source!R37*167/100, 0 ) -> 0 | X58: =IF( Source!BI37 = 3, Source!O37 + Source!X37 + Source!Y37 + Source!R37*167/100, 0 ) -> 0 | Y58: =IF( Source!BI37 = 4, Source!O37 + Source!X37 + Source!Y37 + Source!R37*167/100, 0 ) -> 0
A59: 6 | B59: =Source!E38 -> 4 | C59: =Source!F38 -> 3.27-71-1 | D59: =Source!G38 -> УСТАНОВКА ДОРОЖНЫХ ЗНАКОВ НА МЕТАЛЛИЧЕСКИХ СТОЙКАХ | E59: =Source!DW38 -> 100 шт. | F59: =ROUND(Source!I38,6) -> 2.46 | Z59: 6
D60: ЗП | G60: =Source!AO38 -> 3330.07 | H60: =Source!DG38 | I60: =Source!AV38 -> 1.047 | J60: =Source!BA38 -> 13.09 | K60: =Source!S38 -> 112272.86
D61: МР | G61: =Source!AL38 -> 1181.68 | H61: =Source!DD38 | I61: =Source!AW38 -> 1 | J61: =Source!BC38 -> 2.93 | K61: =Source!P38 -> 8517.31
A62: 7 | B62: =Source!E39 -> 4,1 | C62: =Source!F39 -> 1.7-13-100 | D62: =Source!G39 -> СТОЙКИ ИЗ ОЦИНКОВАННОЙ СТАЛИ, ДИАМЕТР 76 ММ, ДЛИНА 3 М | E62: =Source!DW39 -> шт. | F62: =ROUND(Source!I39,6) -> 246 | G62: =IF(Source!AL39=0,Source!AK39,Source!AL39) -> 574.45 | H62: =Source!DD39 | I62: =Source!AW39 -> 1 | J62: =Source!BC39 -> 3.04 | K62: =Source!O39 -> 429596.69 | P62: =IF( Source!BI39 = 1, (0), 0 ) -> 0 | Q62: =IF( Source!BI39 = 2, (0), 0 ) -> 0 | R62: =IF( Source!BI39 = 3, (0), 0 ) -> 0 | S62: =IF( Source!BI39 = 4, (0), 0 ) -> 0 | V62: =IF( Source!BI39 = 1, Source!O39 + Source!X39 + Source!Y39, 0 ) -> 429596.69 | W62: =IF( Source!BI39 = 2, Source!O39 + Source!X39 + Source!Y39, 0 ) -> 0 | X62: =IF( Source!BI39 = 3, Source!O39 + Source!X39 + Source!Y39, 0 ) -> 0 | Y62: =IF( Source!BI39 = 4, Source!O39 + Source!X39 + Source!Y39, 0 ) -> 0 | Z62: 7
A63: 8 | B63: =Source!E40 -> 4,2 | C63: =Source!F40 -> 1.7-13-4 | D63: =Source!G40 -> ЗНАКИ ИЗ ТОНКОЛИСТОВОЙ ОЦИНКОВАННОЙ СТАЛИ СО СВЕТОВОЗВРАЩАЮЩЕЙ ПЛЕНКОЙ, КРУГЛОЙ ФОРМЫ, ДИАМЕТР 600 ММ | E63: =Source!DW40 -> шт. | F63: =ROUND(Source!I40,6) -> 246 | G63: =IF(Source!AL40=0,Source!AK40,Source!AL40) -> 479.07 | H63: =Source!DD40 | I63: =Source!AW40 -> 1 | J63: =Source!BC40 -> 1.58 | K63: =Source!O40 -> 186204.93 | P63: =IF( Source!BI40 = 1, (0), 0 ) -> 0 | Q63: =IF( Source!BI40 = 2, (0), 0 ) -> 0 | R63: =IF( Source!BI40 = 3, (0), 0 ) -> 0 | S63: =IF( Source!BI40 = 4, (0), 0 ) -> 0 | V63: =IF( Source!BI40 = 1, Source!O40 + Source!X40 + Source!Y40, 0 ) -> 186204.93 | W63: =IF( Source!BI40 = 2, Source!O40 + Source!X40 + Source!Y40, 0 ) -> 0 | X63: =IF( Source!BI40 = 3, Source!O40 + Source!X40 + Source!Y40, 0 ) -> 0 | Y63: =IF( Source!BI40 = 4, Source!O40 + Source!X40 + Source!Y40, 0 ) -> 0 | Z63: 8
A64: 9 | B64: =Source!E41 -> 4,3 | C64: =Source!F41 -> 1.7-13-16 | D64: =Source!G41 -> ЗНАКИ ИЗ ТОНКОЛИСТОВОЙ ОЦИНКОВАННОЙ СТАЛИ СО СВЕТОВОЗВРАЩАЮЩЕЙ ПЛЕНКОЙ, ПРЯМОУГОЛЬНОЙ ФОРМЫ, СО СТОРОНАМИ РАЗМЕРОМ 300Х600 ММ | E64: =Source!DW41 -> шт. | F64: =ROUND(Source!I41,6) -> 492 | G64: =IF(Source!AL41=0,Source!AK41,Source!AL41) -> 312.87 | H64: =Source!DD41 | I64: =Source!AW41 -> 1 | J64: =Source!BC41 -> 1.54 | K64: =Source!O41 -> 237055.34 | P64: =IF( Source!BI41 = 1, (0), 0 ) -> 0 | Q64: =IF( Source!BI41 = 2, (0), 0 ) -> 0 | R64: =IF( Source!BI41 = 3, (0), 0 ) -> 0 | S64: =IF( Source!BI41 = 4, (0), 0 ) -> 0 | V64: =IF( Source!BI41 = 1, Source!O41 + Source!X41 + Source!Y41, 0 ) -> 237055.34 | W64: =IF( Source!BI41 = 2, Source!O41 + Source!X41 + Source!Y41, 0 ) -> 0 | X64: =IF( Source!BI41 = 3, Source!O41 + Source!X41 + Source!Y41, 0 ) -> 0 | Y64: =IF( Source!BI41 = 4, Source!O41 + Source!X41 + Source!Y41, 0 ) -> 0 | Z64: 9
D65: НР от ЗП | E65: % | F65: =Source!AT38 -> 78 | K65: =Source!X38 -> 87572.83
D66: СП от ЗП | E66: % | F66: =Source!AU38 -> 42 | K66: =Source!Y38 -> 47154.6
D67: ЗТР | E67: чел-ч | F67: =Source!AQ38 -> 297.86 | H67: =Source!DI38 | I67: =Source!AV38 -> 1.047 | L67: =Source!U38 -> 767.17417
O68: =J68 -> 0 | P68: =ROUND(IF( Source!BI38 = 1, (ROUND((Source!CT38/IF(Source!BA38<> 0, Source!BA38,1) * Source!I38), 2)+ROUND((Source!CR38/IF(Source!BB38<> 0, Source!BB38,1) * Source!I38), 2)+ROUND((Source!CQ38/IF(Source!BC38<> 0, Source!BC38,1) * Source!I38), 2)+((Source!DN38/100)*ROUND((Source!CT38/IF(Source!BA38<>0,Source!BA38,1) * Source!I38), 2))+((Source!DO38/100)*ROUND((Source!CT38/IF(Source!BA38<>0,Source!BA38,1) * Source!I38), 2))+(ROUND((Source!CS38/IF(Source!BS38<>0,Source!BS38,1) * Source!I38), 2)* 1.75)), 0 ), 2) -> 25292.87 | Q68: =ROUND(IF( Source!BI38 = 2, (ROUND((Source!CT38/IF(Source!BA38<> 0, Source!BA38,1) * Source!I38), 2)+ROUND((Source!CR38/IF(Source!BB38<> 0, Source!BB38,1) * Source!I38), 2)+ROUND((Source!CQ38/IF(Source!BC38<> 0, Source!BC38,1) * Source!I38), 2)+((Source!DN38/100)*ROUND((Source!CT38/IF(Source!BA38<>0,Source!BA38,1) * Source!I38), 2))+((Source!DO38/100)*ROUND((Source!CT38/IF(Source!BA38<>0,Source!BA38,1) * Source!I38), 2))+(ROUND((Source!CS38/IF(Source!BS38<>0,Source!BS38,1) * Source!I38), 2)* 1.75)), 0 ), 2) -> 0 | R68: =ROUND(IF( Source!BI38 = 3, (ROUND((Source!CT38/IF(Source!BA38<> 0, Source!BA38,1) * Source!I38), 2)+ROUND((Source!CR38/IF(Source!BB38<> 0, Source!BB38,1) * Source!I38), 2)+ROUND((Source!CQ38/IF(Source!BC38<> 0, Source!BC38,1) * Source!I38), 2)+((Source!DN38/100)*ROUND((Source!CT38/IF(Source!BA38<>0,Source!BA38,1) * Source!I38), 2))+((Source!DO38/100)*ROUND((Source!CT38/IF(Source!BA38<>0,Source!BA38,1) * Source!I38), 2))+(ROUND((Source!CS38/IF(Source!BS38<>0,Source!BS38,1) * Source!I38), 2)* 1.75)), 0 ), 2) -> 0 | S68: =ROUND(IF( Source!BI38 = 4, (ROUND((Source!CT38/IF(Source!BA38<> 0, Source!BA38,1) * Source!I38), 2)+ROUND((Source!CR38/IF(Source!BB38<> 0, Source!BB38,1) * Source!I38), 2)+ROUND((Source!CQ38/IF(Source!BC38<> 0, Source!BC38,1) * Source!I38), 2)+((Source!DN38/100)*ROUND((Source!CT38/IF(Source!BA38<>0,Source!BA38,1) * Source!I38), 2))+((Source!DO38/100)*ROUND((Source!CT38/IF(Source!BA38<>0,Source!BA38,1) * Source!I38), 2))+(ROUND((Source!CS38/IF(Source!BS38<>0,Source!BS38,1) * Source!I38), 2)* 1.75)), 0 ), 2) -> 0 | V68: =IF( Source!BI38 = 1, Source!O38 + Source!X38 + Source!Y38 + Source!R38*167/100, 0 ) -> 255517.6 | W68: =IF( Source!BI38 = 2, Source!O38 + Source!X38 + Source!Y38 + Source!R38*167/100, 0 ) -> 0 | X68: =IF( Source!BI38 = 3, Source!O38 + Source!X38 + Source!Y38 + Source!R38*167/100, 0 ) -> 0 | Y68: =IF( Source!BI38 = 4, Source!O38 + Source!X38 + Source!Y38 + Source!R38*167/100, 0 ) -> 0
D70: Итого
A80: Заказчик: | D80: =IF(Source!AR12<>"",Source!AR12," ") | I80: =IF(Source!L12<>"",Source!L12," ")
D81: [должность,подпись(инициалы,фамилия)]
A83: Подрядчик: | D83: =IF(Source!AS12<>"",Source!AS12," ") | I83: =IF(Source!M12<>"",Source!M12," ")
D84: [должность,подпись(инициалы,фамилия)]

Sheet Смета по ТСН-2001
A1: =CONCATENATE(Source!B1, " ТСН-2001 (© ОАО МЦЦС 'Мосстройцены', 2006)") -> Smeta.ru (495) 974-1589 ТСН-2001 (© ОАО МЦЦС 'Мосстройцены', 2006)
K2: Форма № 1
F3: "УТВЕРЖДАЮ"
F4: Заместитель руководителя
F5: ГКУ "ИС района Митино"
H7: М.М. Федотовских
G8: м.п.
F9: "16" августа 2012г.
AA13: =CONCATENATE( "ЛОКАЛЬНАЯ СМЕТА № ", [1]Source!F20) -> ЛОКАЛЬНАЯ СМЕТА № Новая локальная смета
AA14: =IF([1]Source!G12<>"",[1]Source!G12,[1]Source!F12) -> выполнение работ по разметке площадок для расстановки пожарной (специальной) техники - 43 шт.
B15: (наименование работ и затрат, наименование объекта)
A17: =CONCATENATE( "Основание: чертежи № ", Source!J20) -> Основание: чертежи № | AA17: =CONCATENATE( "Основание: чертежи № ", Source!J20) -> Основание: чертежи №
G19: Сметная стоимость
A21: Составлен(а) в уровне текущих (прогнозных) цен на | E21: =IF(AND(Source!P12<>0,Source!Q12<>0),Source!P12,IF(Source!AF12=0,"",Source!AF12)) -> 2012 | F21: г.
F22: Цена | G22: Коэффициенты | K22: Справочно | Y22: -1
A23: № | B23: Шифр | D23: Единица | E23: Кол-во | F23: на ед. | H23: зимних | J23: ВСЕГО | K23: ЗТР, всего
A24: п/п | B24: расценки | C24: Наименование работ и затрат | D24: изме- | E24: единиц | F24: изм. | G24: попра- | H24: удоро- | I24: перес- | J24: затрат, | K24: чел.-час
B25: и коды | D25: рения | F25: руб. | G25: вочные | H25: жаний | I25: чета | J25: руб. | K25: Ст-ть ед.
B26: ресурсов | K26: с начислен.
A27: 1 | B27: 2 | C27: 3 | D27: 4 | E27: 5 | F27: 6 | G27: 7 | H27: 8 | I27: 9 | J27: 10 | K27: 11
A28: =Source!E24 -> 1 | B28: =Source!F24 -> 3.27-77-3 | C28: =Source!G24 -> НАНЕСЕНИЕ ПОПЕРЕЧНОЙ ЛИНИИ ДОРОЖНОЙ РАЗМЕТКИ КРАСКОЙ | D28: =Source!DW24 -> м2 | E28: =ROUND(Source!I24,6) -> 8804 | Y28: 1
C29: ЗП | F29: =Source!AO24 -> 2.31 | G29: =Source!DG24 -> *1,15 | H29: =Source!AV24 -> 1 | I29: =Source!BA24 -> 13.09 | J29: =Source!S24 -> 306146.64
C30: ЭМ | F30: =Source!AM24 -> 37.23 | G30: =Source!DE24 -> *1,25 | H30: =Source!AV24 -> 1 | I30: =Source!BB24 -> 2.09 | J30: =Source!Q24 -> 856306.75
C31: в т.ч. ЗПМ | F31: =Source!AN24 -> 1.63 | G31: =Source!DF24 -> *1,25 | H31: =Source!AV24 -> 1 | I31: =Source!BS24 -> 13.09 | J31: =CONCATENATE("(",TEXT(+Source!R24,"0,00"),")") -> (234810,38)
A32: =Source!E25 -> 1,1 | B32: =Source!F25 -> 1.1-1-2254 | C32: =Source!G25 -> КРАСКА ДОРОЖНАЯ (ЭМАЛЬ) БЕЛАЯ, МАРКА "АК-505" | D32: =Source!DW25 -> т | E32: =ROUND(Source!I25,6) -> 4.660353 | F32: =IF(Source!AL25=0,Source!AK25,Source!AL25) -> 32831.15 | G32: =Source!DD25 | H32: =Source!AW25 -> 1 | I32: =Source!BC25 -> 2.06 | J32: =Source!O25+0.03 -> 315189.78 | O32: =IF( Source!BI25 = 1, (0), 0 ) -> 0 | P32: =IF( Source!BI25 = 2, (0), 0 ) -> 0 | Q32: =IF( Source!BI25 = 3, (0), 0 ) -> 0 | R32: =IF( Source!BI25 = 4, (0), 0 ) -> 0 | U32: =IF( Source!BI25 = 1, Source!O25 + Source!X25 + Source!Y25, 0 ) -> 315189.75 | V32: =IF( Source!BI25 = 2, Source!O25 + Source!X25 + Source!Y25, 0 ) -> 0 | W32: =IF( Source!BI25 = 3, Source!O25 + Source!X25 + Source!Y25, 0 ) -> 0 | X32: =IF( Source!BI25 = 4, Source!O25 + Source!X25 + Source!Y25, 0 ) -> 0 | Y32: 2
C33: НР от ЗП | D33: % | E33: =Source!AT24 -> 120 | J33: =Source!X24 -> 367375.97
C34: СП от ЗП | D34: % | E34: =Source!AU24 -> 42 | J34: =Source!Y24 -> 128581.59
C35: НР и СП от ЗПМ | D35: % | E35: 167 | J35: =ROUND(Source!R24*E35/100, 2) -> 392133.33
C36: ЗТР | D36: чел-ч | E36: =Source!AQ24 -> 0.2 | G36: =Source!DI24 -> *1,15 | H36: =Source!AV24 -> 1 | K36: =Source!U24 -> 2024.92
I37: =Source!S24+Source!Q24+SUM(J32:J35) -> 2365734.1 | K37: =IF(Source!I24<>0,ROUND(I37/Source!I24,2),0) -> 268.71 | N37: =I37 -> 2365734.1 | O37: =ROUND(IF( Source!BI24 = 1, (ROUND((Source!CT24/IF(Source!BA24<> 0, Source!BA24,1) * Source!I24), 2)+ROUND((Source!CR24/IF(Source!BB24<> 0, Source!BB24,1) * Source!I24), 2)+ROUND((Source!CQ24/IF(Source!BC24<> 0, Source!BC24,1) * Source!I24), 2)+((Source!DN24/100)*ROUND((Source!CT24/IF(Source!BA24<>0,Source!BA24,1) * Source!I24), 2))+((Source!DO24/100)*ROUND((Source!CT24/IF(Source!BA24<>0,Source!BA24,1) * Source!I24), 2))+(ROUND((Source!CS24/IF(Source!BS24<>0,Source!BS24,1) * Source!I24), 2)* 1.75)), 0 ), 2) -> 515715.09 | P37: =ROUND(IF( Source!BI24 = 2, (ROUND((Source!CT24/IF(Source!BA24<> 0, Source!BA24,1) * Source!I24), 2)+ROUND((Source!CR24/IF(Source!BB24<> 0, Source!BB24,1) * Source!I24), 2)+ROUND((Source!CQ24/IF(Source!BC24<> 0, Source!BC24,1) * Source!I24), 2)+((Source!DN24/100)*ROUND((Source!CT24/IF(Source!BA24<>0,Source!BA24,1) * Source!I24), 2))+((Source!DO24/100)*ROUND((Source!CT24/IF(Source!BA24<>0,Source!BA24,1) * Source!I24), 2))+(ROUND((Source!CS24/IF(Source!BS24<>0,Source!BS24,1) * Source!I24), 2)* 1.75)), 0 ), 2) -> 0 | Q37: =ROUND(IF( Source!BI24 = 3, (ROUND((Source!CT24/IF(Source!BA24<> 0, Source!BA24,1) * Source!I24), 2)+ROUND((Source!CR24/IF(Source!BB24<> 0, Source!BB24,1) * Source!I24), 2)+ROUND((Source!CQ24/IF(Source!BC24<> 0, Source!BC24,1) * Source!I24), 2)+((Source!DN24/100)*ROUND((Source!CT24/IF(Source!BA24<>0,Source!BA24,1) * Source!I24), 2))+((Source!DO24/100)*ROUND((Source!CT24/IF(Source!BA24<>0,Source!BA24,1) * Source!I24), 2))+(ROUND((Source!CS24/IF(Source!BS24<>0,Source!BS24,1) * Source!I24), 2)* 1.75)), 0 ), 2) -> 0 | R37: =ROUND(IF( Source!BI24 = 4, (ROUND((Source!CT24/IF(Source!BA24<> 0, Source!BA24,1) * Source!I24), 2)+ROUND((Source!CR24/IF(Source!BB24<> 0, Source!BB24,1) * Source!I24), 2)+ROUND((Source!CQ24/IF(Source!BC24<> 0, Source!BC24,1) * Source!I24), 2)+((Source!DN24/100)*ROUND((Source!CT24/IF(Source!BA24<>0,Source!BA24,1) * Source!I24), 2))+((Source!DO24/100)*ROUND((Source!CT24/IF(Source!BA24<>0,Source!BA24,1) * Source!I24), 2))+(ROUND((Source!CS24/IF(Source!BS24<>0,Source!BS24,1) * Source!I24), 2)* 1.75)), 0 ), 2) -> 0 | U37: =IF( Source!BI24 = 1, Source!O24 + Source!X24 + Source!Y24 + Source!R24*167/100, 0 ) -> 2050544.3 | V37: =IF( Source!BI24 = 2, Source!O24 + Source!X24 + Source!Y24 + Source!R24*167/100, 0 ) -> 0 | W37: =IF( Source!BI24 = 3, Source!O24 + Source!X24 + Source!Y24 + Source!R24*167/100, 0 ) -> 0 | X37: =IF( Source!BI24 = 4, Source!O24 + Source!X24 + Source!Y24 + Source!R24*167/100, 0 ) -> 0
A38: =Source!E29 -> 2 | B38: =Source!F29 -> 3.27-77-3 | C38: =Source!G29 -> НАНЕСЕНИЕ ПОПЕРЕЧНОЙ ЛИНИИ ДОРОЖНОЙ РАЗМЕТКИ КРАСКОЙ | D38: =Source!DW29 -> м2 | E38: =ROUND(Source!I29,6) -> 8804 | Y38: 3
C39: ЗП | F39: =Source!AO29 -> 2.31 | G39: =Source!DG29 -> *1,15 | H39: =Source!AV29 -> 1 | I39: =Source!BA29 -> 13.09 | J39: =Source!S29 -> 306146.64
C40: ЭМ | F40: =Source!AM29 -> 37.23 | G40: =Source!DE29 -> *1,25 | H40: =Source!AV29 -> 1 | I40: =Source!BB29 -> 2.09 | J40: =Source!Q29 -> 856306.75
C41: в т.ч. ЗПМ | F41: =Source!AN29 -> 1.63 | G41: =Source!DF29 -> *1,25 | H41: =Source!AV29 -> 1 | I41: =Source!BS29 -> 13.09 | J41: =CONCATENATE("(",TEXT(+Source!R29,"0,00"),")") -> (234810,38)
A42: =Source!E30 -> 2,1 | B42: =Source!F30 -> 1.1-1-2257 | C42: =Source!G30 -> ПРИМ.- КРАСКА ДОРОЖНАЯ КРАСНАЯ, МАРКА "АК-505" | D42: =Source!DW30 -> т | E42: =ROUND(Source!I30,6) -> 4.660353 | F42: =IF(Source!AL30=0,Source!AK30,Source!AL30) -> 43541.15 | G42: =Source!DD30 | H42: =Source!AW30 -> 1 | I42: =Source!BC30 -> 2.01 | J42: =Source!O30 -> 407863.47 | O42: =IF( Source!BI30 = 1, (0), 0 ) -> 0 | P42: =IF( Source!BI30 = 2, (0), 0 ) -> 0 | Q42: =IF( Source!BI30 = 3, (0), 0 ) -> 0 | R42: =IF( Source!BI30 = 4, (0), 0 ) -> 0 | U42: =IF( Source!BI30 = 1, Source!O30 + Source!X30 + Source!Y30, 0 ) -> 407863.47 | V42: =IF( Source!BI30 = 2, Source!O30 + Source!X30 + Source!Y30, 0 ) -> 0 | W42: =IF( Source!BI30 = 3, Source!O30 + Source!X30 + Source!Y30, 0 ) -> 0 | X42: =IF( Source!BI30 = 4, Source!O30 + Source!X30 + Source!Y30, 0 ) -> 0 | Y42: 4
C43: НР от ЗП | D43: % | E43: =Source!AT29 -> 120 | J43: =Source!X29 -> 367375.97
C44: СП от ЗП | D44: % | E44: =Source!AU29 -> 42 | J44: =Source!Y29 -> 128581.59
C45: НР и СП от ЗПМ | D45: % | E45: 167 | J45: =ROUND(Source!R29*E45/100, 2) -> 392133.33
C46: ЗТР | D46: чел-ч | E46: =Source!AQ29 -> 0.2 | G46: =Source!DI29 -> *1,15 | H46: =Source!AV29 -> 1 | K46: =Source!U29 -> 2024.92
I47: =Source!S29+Source!Q29+SUM(J42:J45) -> 2458407.8 | K47: =IF(Source!I29<>0,ROUND(I47/Source!I29,2),0) -> 279.24 | N47: =I47 -> 2458407.8 | O47: =ROUND(IF( Source!BI29 = 1, (ROUND((Source!CT29/IF(Source!BA29<> 0, Source!BA29,1) * Source!I29), 2)+ROUND((Source!CR29/IF(Source!BB29<> 0, Source!BB29,1) * Source!I29), 2)+ROUND((Source!CQ29/IF(Source!BC29<> 0, Source!BC29,1) * Source!I29), 2)+((Source!DN29/100)*ROUND((Source!CT29/IF(Source!BA29<>0,Source!BA29,1) * Source!I29), 2))+((Source!DO29/100)*ROUND((Source!CT29/IF(Source!BA29<>0,Source!BA29,1) * Source!I29), 2))+(ROUND((Source!CS29/IF(Source!BS29<>0,Source!BS29,1) * Source!I29), 2)* 1.75)), 0 ), 2) -> 515715.09 | P47: =ROUND(IF( Source!BI29 = 2, (ROUND((Source!CT29/IF(Source!BA29<> 0, Source!BA29,1) * Source!I29), 2)+ROUND((Source!CR29/IF(Source!BB29<> 0, Source!BB29,1) * Source!I29), 2)+ROUND((Source!CQ29/IF(Source!BC29<> 0, Source!BC29,1) * Source!I29), 2)+((Source!DN29/100)*ROUND((Source!CT29/IF(Source!BA29<>0,Source!BA29,1) * Source!I29), 2))+((Source!DO29/100)*ROUND((Source!CT29/IF(Source!BA29<>0,Source!BA29,1) * Source!I29), 2))+(ROUND((Source!CS29/IF(Source!BS29<>0,Source!BS29,1) * Source!I29), 2)* 1.75)), 0 ), 2) -> 0 | Q47: =ROUND(IF( Source!BI29 = 3, (ROUND((Source!CT29/IF(Source!BA29<> 0, Source!BA29,1) * Source!I29), 2)+ROUND((Source!CR29/IF(Source!BB29<> 0, Source!BB29,1) * Source!I29), 2)+ROUND((Source!CQ29/IF(Source!BC29<> 0, Source!BC29,1) * Source!I29), 2)+((Source!DN29/100)*ROUND((Source!CT29/IF(Source!BA29<>0,Source!BA29,1) * Source!I29), 2))+((Source!DO29/100)*ROUND((Source!CT29/IF(Source!BA29<>0,Source!BA29,1) * Source!I29), 2))+(ROUND((Source!CS29/IF(Source!BS29<>0,Source!BS29,1) * Source!I29), 2)* 1.75)), 0 ), 2) -> 0 | R47: =ROUND(IF( Source!BI29 = 4, (ROUND((Source!CT29/IF(Source!BA29<> 0, Source!BA29,1) * Source!I29), 2)+ROUND((Source!CR29/IF(Source!BB29<> 0, Source!BB29,1) * Source!I29), 2)+ROUND((Source!CQ29/IF(Source!BC29<> 0, Source!BC29,1) * Source!I29), 2)+((Source!DN29/100)*ROUND((Source!CT29/IF(Source!BA29<>0,Source!BA29,1) * Source!I29), 2))+((Source!DO29/100)*ROUND((Source!CT29/IF(Source!BA29<>0,Source!BA29,1) * Source!I29), 2))+(ROUND((Source!CS29/IF(Source!BS29<>0,Source!BS29,1) * Source!I29), 2)* 1.75)), 0 ), 2) -> 0 | U47: =IF( Source!BI29 = 1, Source!O29 + Source!X29 + Source!Y29 + Source!R29*167/100, 0 ) -> 2050544.3 | V47: =IF( Source!BI29 = 2, Source!O29 + Source!X29 + Source!Y29 + Source!R29*167/100, 0 ) -> 0 | W47: =IF( Source!BI29 = 3, Source!O29 + Source!X29 + Source!Y29 + Source!R29*167/100, 0 ) -> 0 | X47: =IF( Source!BI29 = 4, Source!O29 + Source!X29 + Source!Y29 + Source!R29*167/100, 0 ) -> 0
A48: =Source!E37 -> 3 | B48: =Source!F37 -> 6.51-4-1 | C48: =Source!G37 -> РЫТЬЕ ЯМ ДЛЯ УСТАНОВКИ СТОЕК И СТОЛБОВ ГЛУБИНА, М: 0,4 | D48: =Source!DW37 -> 100 ям | E48: =ROUND(Source!I37,6) -> 0 | Y48: 5
C49: ЗП | F49: =Source!AO37 -> 2735.2 | G49: =Source!DG37 | H49: =Source!AV37 -> 1.248 | I49: =Source!BA37 -> 13.09 | J49: =Source!S37 -> 0
C50: НР от ЗП | D50: % | E50: =Source!AT37 -> 78 | J50: =Source!X37 -> 0
C51: СП от ЗП | D51: % | E51: =Source!AU37 -> 42 | J51: =Source!Y37 -> 0
C52: ЗТР | D52: чел-ч | E52: =Source!AQ37 -> 260 | G52: =Source!DI37 | H52: =Source!AV37 -> 1.248 | K52: =Source!U37 -> 0
I53: =Source!S37+Source!Q37+SUM(J50:J51) -> 0 | K53: =IF(Source!I37<>0,ROUND(I53/Source!I37,2),0) -> 0 | N53: =I53 -> 0 | O53: =ROUND(IF( Source!BI37 = 1, (ROUND((Source!CT37/IF(Source!BA37<> 0, Source!BA37,1) * Source!I37), 2)+ROUND((Source!CR37/IF(Source!BB37<> 0, Source!BB37,1) * Source!I37), 2)+ROUND((Source!CQ37/IF(Source!BC37<> 0, Source!BC37,1) * Source!I37), 2)+((Source!DN37/100)*ROUND((Source!CT37/IF(Source!BA37<>0,Source!BA37,1) * Source!I37), 2))+((Source!DO37/100)*ROUND((Source!CT37/IF(Source!BA37<>0,Source!BA37,1) * Source!I37), 2))+(ROUND((Source!CS37/IF(Source!BS37<>0,Source!BS37,1) * Source!I37), 2)* 1.75)), 0 ), 2) -> 0 | P53: =ROUND(IF( Source!BI37 = 2, (ROUND((Source!CT37/IF(Source!BA37<> 0, Source!BA37,1) * Source!I37), 2)+ROUND((Source!CR37/IF(Source!BB37<> 0, Source!BB37,1) * Source!I37), 2)+ROUND((Source!CQ37/IF(Source!BC37<> 0, Source!BC37,1) * Source!I37), 2)+((Source!DN37/100)*ROUND((Source!CT37/IF(Source!BA37<>0,Source!BA37,1) * Source!I37), 2))+((Source!DO37/100)*ROUND((Source!CT37/IF(Source!BA37<>0,Source!BA37,1) * Source!I37), 2))+(ROUND((Source!CS37/IF(Source!BS37<>0,Source!BS37,1) * Source!I37), 2)* 1.75)), 0 ), 2) -> 0 | Q53: =ROUND(IF( Source!BI37 = 3, (ROUND((Source!CT37/IF(Source!BA37<> 0, Source!BA37,1) * Source!I37), 2)+ROUND((Source!CR37/IF(Source!BB37<> 0, Source!BB37,1) * Source!I37), 2)+ROUND((Source!CQ37/IF(Source!BC37<> 0, Source!BC37,1) * Source!I37), 2)+((Source!DN37/100)*ROUND((Source!CT37/IF(Source!BA37<>0,Source!BA37,1) * Source!I37), 2))+((Source!DO37/100)*ROUND((Source!CT37/IF(Source!BA37<>0,Source!BA37,1) * Source!I37), 2))+(ROUND((Source!CS37/IF(Source!BS37<>0,Source!BS37,1) * Source!I37), 2)* 1.75)), 0 ), 2) -> 0 | R53: =ROUND(IF( Source!BI37 = 4, (ROUND((Source!CT37/IF(Source!BA37<> 0, Source!BA37,1) * Source!I37), 2)+ROUND((Source!CR37/IF(Source!BB37<> 0, Source!BB37,1) * Source!I37), 2)+ROUND((Source!CQ37/IF(Source!BC37<> 0, Source!BC37,1) * Source!I37), 2)+((Source!DN37/100)*ROUND((Source!CT37/IF(Source!BA37<>0,Source!BA37,1) * Source!I37), 2))+((Source!DO37/100)*ROUND((Source!CT37/IF(Source!BA37<>0,Source!BA37,1) * Source!I37), 2))+(ROUND((Source!CS37/IF(Source!BS37<>0,Source!BS37,1) * Source!I37), 2)* 1.75)), 0 ), 2) -> 0 | U53: =IF( Source!BI37 = 1, Source!O37 + Source!X37 + Source!Y37 + Source!R37*167/100, 0 ) -> 0 | V53: =IF( Source!BI37 = 2, Source!O37 + Source!X37 + Source!Y37 + Source!R37*167/100, 0 ) -> 0 | W53: =IF( Source!BI37 = 3, Source!O37 + Source!X37 + Source!Y37 + Source!R37*167/100, 0 ) -> 0 | X53: =IF( Source!BI37 = 4, Source!O37 + Source!X37 + Source!Y37 + Source!R37*167/100, 0 ) -> 0
A54: =Source!E38 -> 4 | B54: =Source!F38 -> 3.27-71-1 | C54: =Source!G38 -> УСТАНОВКА ДОРОЖНЫХ ЗНАКОВ НА МЕТАЛЛИЧЕСКИХ СТОЙКАХ | D54: =Source!DW38 -> 100 шт. | E54: =ROUND(Source!I38,6) -> 2.46 | Y54: 6
C55: ЗП | F55: =Source!AO38 -> 3330.07 | G55: =Source!DG38 | H55: =Source!AV38 -> 1.047 | I55: =Source!BA38 -> 13.09 | J55: =Source!S38 -> 112272.86
C56: МР | F56: =Source!AL38 -> 1181.68 | G56: =Source!DD38 | H56: =Source!AW38 -> 1 | I56: =Source!BC38 -> 2.93 | J56: =Source!P38 -> 8517.31
A57: =Source!E39 -> 4,1 | B57: =Source!F39 -> 1.7-13-100 | C57: =Source!G39 -> СТОЙКИ ИЗ ОЦИНКОВАННОЙ СТАЛИ, ДИАМЕТР 76 ММ, ДЛИНА 3 М | D57: =Source!DW39 -> шт. | E57: =ROUND(Source!I39,6) -> 246 | F57: =IF(Source!AL39=0,Source!AK39,Source!AL39) -> 574.45 | G57: =Source!DD39 | H57: =Source!AW39 -> 1 | I57: =Source!BC39 -> 3.04 | J57: =Source!O39 -> 429596.69 | O57: =IF( Source!BI39 = 1, (0), 0 ) -> 0 | P57: =IF( Source!BI39 = 2, (0), 0 ) -> 0 | Q57: =IF( Source!BI39 = 3, (0), 0 ) -> 0 | R57: =IF( Source!BI39 = 4, (0), 0 ) -> 0 | U57: =IF( Source!BI39 = 1, Source!O39 + Source!X39 + Source!Y39, 0 ) -> 429596.69 | V57: =IF( Source!BI39 = 2, Source!O39 + Source!X39 + Source!Y39, 0 ) -> 0 | W57: =IF( Source!BI39 = 3, Source!O39 + Source!X39 + Source!Y39, 0 ) -> 0 | X57: =IF( Source!BI39 = 4, Source!O39 + Source!X39 + Source!Y39, 0 ) -> 0 | Y57: 7
A58: =Source!E40 -> 4,2 | B58: =Source!F40 -> 1.7-13-4 | C58: =Source!G40 -> ЗНАКИ ИЗ ТОНКОЛИСТОВОЙ ОЦИНКОВАННОЙ СТАЛИ СО СВЕТОВОЗВРАЩАЮЩЕЙ ПЛЕНКОЙ, КРУГЛОЙ ФОРМЫ, ДИАМЕТР 600 ММ | D58: =Source!DW40 -> шт. | E58: =ROUND(Source!I40,6) -> 246 | F58: =IF(Source!AL40=0,Source!AK40,Source!AL40) -> 479.07 | G58: =Source!DD40 | H58: =Source!AW40 -> 1 | I58: =Source!BC40 -> 1.58 | J58: =Source!O40 -> 186204.93 | O58: =IF( Source!BI40 = 1, (0), 0 ) -> 0 | P58: =IF( Source!BI40 = 2, (0), 0 ) -> 0 | Q58: =IF( Source!BI40 = 3, (0), 0 ) -> 0 | R58: =IF( Source!BI40 = 4, (0), 0 ) -> 0 | U58: =IF( Source!BI40 = 1, Source!O40 + Source!X40 + Source!Y40, 0 ) -> 186204.93 | V58: =IF( Source!BI40 = 2, Source!O40 + Source!X40 + Source!Y40, 0 ) -> 0 | W58: =IF( Source!BI40 = 3, Source!O40 + Source!X40 + Source!Y40, 0 ) -> 0 | X58: =IF( Source!BI40 = 4, Source!O40 + Source!X40 + Source!Y40, 0 ) -> 0 | Y58: 8
A59: =Source!E41 -> 4,3 | B59: =Source!F41 -> 1.7-13-16 | C59: =Source!G41 -> ЗНАКИ ИЗ ТОНКОЛИСТОВОЙ ОЦИНКОВАННОЙ СТАЛИ СО СВЕТОВОЗВРАЩАЮЩЕЙ ПЛЕНКОЙ, ПРЯМОУГОЛЬНОЙ ФОРМЫ, СО СТОРОНАМИ РАЗМЕРОМ 300Х600 ММ | D59: =Source!DW41 -> шт. | E59: =ROUND(Source!I41,6) -> 492 | F59: =IF(Source!AL41=0,Source!AK41,Source!AL41) -> 312.87 | G59: =Source!DD41 | H59: =Source!AW41 -> 1 | I59: =Source!BC41 -> 1.54 | J59: =Source!O41 -> 237055.34 | O59: =IF( Source!BI41 = 1, (0), 0 ) -> 0 | P59: =IF( Source!BI41 = 2, (0), 0 ) -> 0 | Q59: =IF( Source!BI41 = 3, (0), 0 ) -> 0 | R59: =IF( Source!BI41 = 4, (0), 0 ) -> 0 | U59: =IF( Source!BI41 = 1, Source!O41 + Source!X41 + Source!Y41, 0 ) -> 237055.34 | V59: =IF( Source!BI41 = 2, Source!O41 + Source!X41 + Source!Y41, 0 ) -> 0 | W59: =IF( Source!BI41 = 3, Source!O41 + Source!X41 + Source!Y41, 0 ) -> 0 | X59: =IF( Source!BI41 = 4, Source!O41 + Source!X41 + Source!Y41, 0 ) -> 0 | Y59: 9
C60: НР от ЗП | D60: % | E60: =Source!AT38 -> 78 | J60: =Source!X38 -> 87572.83
C61: СП от ЗП | D61: % | E61: =Source!AU38 -> 42 | J61: =Source!Y38 -> 47154.6
C62: ЗТР | D62: чел-ч | E62: =Source!AQ38 -> 297.86 | G62: =Source!DI38 | H62: =Source!AV38 -> 1.047 | K62: =Source!U38 -> 767.17417
I63: =Source!S38+Source!Q38+SUM(J56:J61) -> 1108374.6 | K63: =IF(Source!I38<>0,ROUND(I63/Source!I38,2),0) -> 450558.76 | N63: =I63 -> 1108374.6 | O63: =ROUND(IF( Source!BI38 = 1, (ROUND((Source!CT38/IF(Source!BA38<> 0, Source!BA38,1) * Source!I38), 2)+ROUND((Source!CR38/IF(Source!BB38<> 0, Source!BB38,1) * Source!I38), 2)+ROUND((Source!CQ38/IF(Source!BC38<> 0, Source!BC38,1) * Source!I38), 2)+((Source!DN38/100)*ROUND((Source!CT38/IF(Source!BA38<>0,Source!BA38,1) * Source!I38), 2))+((Source!DO38/100)*ROUND((Source!CT38/IF(Source!BA38<>0,Source!BA38,1) * Source!I38), 2))+(ROUND((Source!CS38/IF(Source!BS38<>0,Source!BS38,1) * Source!I38), 2)* 1.75)), 0 ), 2) -> 25292.87 | P63: =ROUND(IF( Source!BI38 = 2, (ROUND((Source!CT38/IF(Source!BA38<> 0, Source!BA38,1) * Source!I38), 2)+ROUND((Source!CR38/IF(Source!BB38<> 0, Source!BB38,1) * Source!I38), 2)+ROUND((Source!CQ38/IF(Source!BC38<> 0, Source!BC38,1) * Source!I38), 2)+((Source!DN38/100)*ROUND((Source!CT38/IF(Source!BA38<>0,Source!BA38,1) * Source!I38), 2))+((Source!DO38/100)*ROUND((Source!CT38/IF(Source!BA38<>0,Source!BA38,1) * Source!I38), 2))+(ROUND((Source!CS38/IF(Source!BS38<>0,Source!BS38,1) * Source!I38), 2)* 1.75)), 0 ), 2) -> 0 | Q63: =ROUND(IF( Source!BI38 = 3, (ROUND((Source!CT38/IF(Source!BA38<> 0, Source!BA38,1) * Source!I38), 2)+ROUND((Source!CR38/IF(Source!BB38<> 0, Source!BB38,1) * Source!I38), 2)+ROUND((Source!CQ38/IF(Source!BC38<> 0, Source!BC38,1) * Source!I38), 2)+((Source!DN38/100)*ROUND((Source!CT38/IF(Source!BA38<>0,Source!BA38,1) * Source!I38), 2))+((Source!DO38/100)*ROUND((Source!CT38/IF(Source!BA38<>0,Source!BA38,1) * Source!I38), 2))+(ROUND((Source!CS38/IF(Source!BS38<>0,Source!BS38,1) * Source!I38), 2)* 1.75)), 0 ), 2) -> 0 | R63: =ROUND(IF( Source!BI38 = 4, (ROUND((Source!CT38/IF(Source!BA38<> 0, Source!BA38,1) * Source!I38), 2)+ROUND((Source!CR38/IF(Source!BB38<> 0, Source!BB38,1) * Source!I38), 2)+ROUND((Source!CQ38/IF(Source!BC38<> 0, Source!BC38,1) * Source!I38), 2)+((Source!DN38/100)*ROUND((Source!CT38/IF(Source!BA38<>0,Source!BA38,1) * Source!I38), 2))+((Source!DO38/100)*ROUND((Source!CT38/IF(Source!BA38<>0,Source!BA38,1) * Source!I38), 2))+(ROUND((Source!CS38/IF(Source!BS38<>0,Source!BS38,1) * Source!I38), 2)* 1.75)), 0 ), 2) -> 0 | U63: =IF( Source!BI38 = 1, Source!O38 + Source!X38 + Source!Y38 + Source!R38*167/100, 0 ) -> 255517.6 | V63: =IF( Source!BI38 = 2, Source!O38 + Source!X38 + Source!Y38 + Source!R38*167/100, 0 ) -> 0 | W63: =IF( Source!BI38 = 3, Source!O38 + Source!X38 + Source!Y38 + Source!R38*167/100, 0 ) -> 0 | X63: =IF( Source!BI38 = 4, Source!O38 + Source!X38 + Source!Y38 + Source!R38*167/100, 0 ) -> 0
C65: Итого | I65: =SUM(N28:N64) -> 5932516.4
C68: =Source!H75 -> ИТОГО
C69: =Source!H76 -> НДС-18%
C70: =Source!H77 -> Всего
C71: С учетом коэффициента 0,9
A75: Составил | C75: =IF(Source!AO12<>"",Source!AO12," ") | H75: =IF(Source!R12<>"",Source!R12," ")
C76: [должность,подпись(инициалы,фамилия)]
A78: Проверил: | C78: =IF(Source!AP12<>"",Source!AP12," ") | H78: =IF(Source!S12<>"",Source!S12," ")
C79: [должность,подпись(инициалы,фамилия)]

Sheet Source
A1: 0 | B1: Smeta.ru (495) 974-1589 | D1: _PS_ | F1: 0 | G1: 0 | H1: 0 | I1: Smeta.ru | J1: ООО "САНСТРОЙ" Доп. раб. место FStS-0044242 | K1: 1 | L1: 44242
A12: 1 | B12: 1 | C12: 0 | D12: =ROW(A60) -> 60 | E12: 0 | F12: Новый объект | G12: выполнение работ по разметке площадок для расстановки пожарной (специальной) техники 132 шт. | I12: 0 | O12: ТСН-2001 ремонт | P12: 2012 | Q12: 5 | V12: -3 | X12: 0 | Y12: 2 | Z12: 2 | AA12: 1 | AC12: 1 | AD12: 2 | AE12: 0 | AF12: 0 | AG12: 1 | AH12: 0 | AI12: 1 | AJ12: 100 | AK12: 67 | AN12: 0 | BA12: 167 | BB12: 100 | BC12: 67 | BD12: 14333406 | BE12: Сметные нормы списания | BF12: Коды ОКП для ТСН-2001 | BG12: 7156650 | BH12: 0 | BI12: 1 | BK12: 1 | BL12: 0 | BM12: 0 | BN12: 1 | BO12: 0 | BP12: -1 | BR12: 2 | BT12: 167 | BU12: 1 | BV12: 1 | BW12: 0 | BX12: 0 | BY12: 0 | BZ12: 0 | CA12: 7155514 | CB12: 7155498 | CC12: 7155496 | CD12: 7155494 | CE12: 0 | CF12: 0 | CJ12: 0 | CK12: 7182713 | CL12: ТСН 2001- Ремонт | CM12: Типовой расчет для ТСН-2001 (Ремонт) | CN12: ТСН-2001 | CO12: ТСН-2001 | CP12: ТСН-2001 | CQ12: ТСН-2001 | CR12: Поправки для ТСН-2001 | CS12: 8739335 | CT12: 0 | CU12: 0 | CV12: 7534351 | CW12: 13318687 | CX12: 14257611 | CY12: 8
A15: 15 | B15: 1
A18: 52 | B18: =B60 -> 1 | C18: =C60 -> 1 | D18: =D60 -> 12 | E18: =E60 -> 0 | F18: =F60 -> Новый объект | G18: =G60 -> выполнение работ по разметке площадок для расстановки пожарной (специальной) техники 132 шт. | H18: =H60 -> 0 | I18: =I60 -> 0 | ... AQ18: =AQ60 -> 0
G19: 0
A20: 3 | B20: 1 | D20: =ROW(A44) -> 44 | F20: Новая локальная смета | G20: Новая локальная смета | X20: 0 | AJ20: 0 | AK20: 0 | AL20: 0 | BE20: {6B8ADEAF-3C5A-4169-A13C-652B12D06007} | BF20: 0 | BG20: 0 | BM20: 0
A22: 52 | B22: =B44 -> 1 | C22: =C44 -> 3 | D22: =D44 -> 20 | E22: =E44 -> 0 | F22: =F44 -> Новая локальная смета | G22: =G44 -> Новая локальная смета | H22: =H44 -> 0 | I22: =I44 -> 0 | ... AQ22: =AQ44 -> 0
A24: 17 | B24: 1 | C24: =ROW(SmtRes!A6) -> 6 | D24: =ROW(EtalonRes!A3) -> 3 | E24: 1 | F24: 3.27-77-3 | G24: НАНЕСЕНИЕ ПОПЕРЕЧНОЙ ЛИНИИ ДОРОЖНОЙ РАЗМЕТКИ КРАСКОЙ | H24: м2 | I24: 8804 | J24: 0 | O24: =ROUND(CP24,2) -> 1162453.4 | P24: =ROUND(CQ24*I24,2) -> 0 | Q24: =ROUND(CR24*I24,2) -> 856306.75 | R24: =ROUND(CS24*I24,2) -> 234810.38 | S24: =ROUND(CT24*I24,2) -> 306146.64 | T24: =ROUND(CU24*I24,2) -> 0 | U24: =CV24*I24 -> 2024.92 | V24: =CW24*I24 -> 0 | W24: =ROUND(CX24*I24,2) -> 0 | X24: =ROUND(CY24,2) -> 367375.97 | Y24: =ROUND(CZ24,2) -> 128581.59 | AA24: 0 | AB24: =(AC24+AD24+AF24) -> 49.194 | AC24: =(ES24) -> 0 | AD24: =((ET24*1.25)) -> 46.5375 | AE24: =((EU24*1.25)) -> 2.0375 | AF24: =((EV24*1.15)) -> 2.6565 | AG24: =(AP24) -> 0 | AH24: =((EW24*1.15)) -> 0.23 | AI24: =((EX24*1.25)) -> 0 | AJ24: =(AS24) -> 0 | AK24: 39.54 | AL24: 0 | AM24: 37.23 | AN24: 1.63 | AO24: 2.31 | AP24: 0 | AQ24: 0.2 | AR24: 0 | AS24: 0 | AT24: 120 | AU24: 42 | AV24: 1 | AW24: 1 | AX24: 1 | AY24: 1 | AZ24: 13.09 | BA24: 13.09 | BB24: 2.09 | BC24: 1 | BH24: 0 | BI24: 1 | BJ24: ТСН-2001.3. База. Сб.27, т.77, поз.3 | BM24: 170 | BN24: 0 | BO24: 3.27-77-3 | BP24: 1 | BQ24: 30 | BR24: 0 | BS24: 13.09 | BT24: 1 | BU24: 1 | BV24: 1 | BW24: 1 | BX24: 1 | BZ24: 120 | CA24: 42 | CF24: 0 | CG24: 0 | CM24: 0 | CO24: 0 | CP24: =(P24+Q24+S24) -> 1162453.4 | CQ24: =((AC24*AW24))*BC24 -> 0 | CR24: =((AD24*AV24))*BB24 -> 97.263375 | CS24: =((AE24*AV24))*BS24 -> 26.670875 | CT24: =((AF24*AV24))*BA24 -> 34.773585 | CU24: =(AG24)*BT24 -> 0 | CV24: =((AH24*AV24))*BU24 -> 0.23 | CW24: =(AI24)*BV24 -> 0 | CX24: =(AJ24)*BW24 -> 0 | CY24: =S24*(BZ24/100) -> 367375.97 | CZ24: =S24*(CA24/100) -> 128581.59 | DE24: *1,25 | DF24: *1,25 | DG24: *1,15 | DI24: *1,15 | DJ24: *1,25 | DN24: 140 | DO24: 79 | DP24: 1 | DQ24: 1 | DR24: 1 | DS24: 1 | DT24: 1 | DU24: 1005 | DV24: м2 | DW24: м2 | DX24: 1 | EE24: 14030029 | EF24: 30 | EG24: Строительные работы | EH24: 0 | EJ24: 1 | EK24: 170 | EL24: ТСН-2001.3-27. 27-77...27-90 | EM24: ТСН-2001.3-27-25 | EQ24: 64 | ER24: 39.54 | ES24: 0 | ET24: 37.23 | EU24: 1.63 | EV24: 2.31 | EW24: 0.2 | EX24: 0 | EY24: 0 | EZ24: 0 | FQ24: 0 | FR24: =ROUND(IF(AND(AA24=0,BI24=3),P24,0),2) -> 0 | FS24: 0 | FX24: 120 | FY24: 42 | GA24: 0 | GB24: 0 | GC24: 0 | GD24: 0 | GE24: 0 | GF24: 0 | GG24: 0 | GH24: 0 | GI24: 0 | GJ24: 0 | GK24: 0
A25: 18 | B25: 1 | C25: 4 | E25: 1,1 | F25: 1.1-1-2254 | G25: КРАСКА ДОРОЖНАЯ (ЭМАЛЬ) БЕЛАЯ, МАРКА "АК-505" | H25: т | I25: =I24*J25 -> 4.6603526 | J25: 0.00052934491 | O25: =ROUND(CP25,2) -> 315189.75 | P25: =ROUND(CQ25*I25,2) -> 315189.75 | Q25: =ROUND(CR25*I25,2) -> 0 | R25: =ROUND(CS25*I25,2) -> 0 | S25: =ROUND(CT25*I25,2) -> 0 | T25: =ROUND(CU25*I25,2) -> 0 | U25: =CV25*I25 -> 0 | V25: =CW25*I25 -> 0 | W25: =ROUND(CX25*I25,2) -> 0 | X25: =ROUND(CY25,2) -> 0 | Y25: =ROUND(CZ25,2) -> 0 | AA25: 0 | AB25: =(AC25+AD25+AF25) -> 32831.15 | AC25: =AL25 -> 32831.15 | AD25: =AM25 -> 0 | AE25: =AN25 -> 0 | AF25: =AO25 -> 0 | AG25: =AP25 -> 0 | AH25: =AQ25 -> 0 | AI25: =AR25 -> 0 | AJ25: =AS25 -> 0 | AK25: 32831.15 | AL25: 32831.15 | AM25: 0 | AN25: 0 | AO25: 0 | AP25: 0 | AQ25: 0 | AR25: 0 | AS25: 0 | AT25: 0 | AU25: 0 | AV25: 1 | AW25: 1 | AX25: 1 | AY25: 1 | AZ25: 1 | BA25: 1 | BB25: 1 | BC25: 2.06 | BH25: 3 | BI25: 1 | BJ25: ТСН-2001.1. База. Р.1, о.1, поз.2254 | BM25: 170 | BN25: 0 | BO25: 1.1-1-2254 | BP25: 1 | BQ25: 30 | BR25: 0 | BS25: 1 | BT25: 1 | BU25: 1 | BV25: 1 | BW25: 1 | BX25: 1 | BZ25: 0 | CA25: 0 | CF25: 0 | CG25: 0 | CM25: 0 | CO25: 0 | CP25: =(P25+Q25+S25) -> 315189.75 | CQ25: =((AC25*AW25))*BC25 -> 67632.169 | CR25: =((AD25*AV25))*BB25 -> 0 | CS25: =((AE25*AV25))*BS25 -> 0 | CT25: =((AF25*AV25))*BA25 -> 0 | CU25: =(AG25)*BT25 -> 0 | CV25: =((AH25*AV25))*BU25 -> 0 | CW25: =(AI25)*BV25 -> 0 | CX25: =(AJ25)*BW25 -> 0 | CY25: =S25*(BZ25/100) -> 0 | CZ25: =S25*(CA25/100) -> 0 | DN25: 140 | DO25: 79 | DP25: 1 | DQ25: 1 | DR25: 1 | DS25: 1 | DT25: 1 | DU25: 1009 | DV25: т | DW25: т | DX25: 1000 | EE25: 14030029 | EF25: 30 | EG25: Строительные работы | EH25: 0 | EJ25: 1 | EK25: 170 | EL25: ТСН-2001.3-27. 27-77...27-90 | EM25: ТСН-2001.3-27-25 | EQ25: 0 | ER25: 0 | ES25: 32831.15 | ET25: 0 | EU25: 0 | EV25: 0 | EW25: 0 | EX25: 0 | EZ25: 0 | FQ25: 0 | FR25: =ROUND(IF(AND(AA25=0,BI25=3),P25,0),2) -> 0 | FS25: 0 | FX25: 0 | FY25: 0 | GA25: 32831.15 | GB25: 32831.15 | GC25: 0 | GD25: 0 | GE25: 0 | GF25: 32831.15 | GG25: 32831.15 | GH25: 0 | GI25: 0 | GJ25: 0 | GK25: 0
A26: 18 | B26: 1 | C26: 3 | E26: 1,2 | F26: 1.1-1-1973 | G26: КРАСКА ДОРОЖНАЯ РАЗМЕТОЧНАЯ БЕЛАЯ, МАРКА "MAC GREGOR ALASKA" | H26: кг | I26: =I24*J26 -> 0 | J26: 0 | O26: =ROUND(CP26,2) -> 0 | P26: =ROUND(CQ26*I26,2) -> 0 | Q26: =ROUND(CR26*I26,2) -> 0 | R26: =ROUND(CS26*I26,2) -> 0 | S26: =ROUND(CT26*I26,2) -> 0 | T26: =ROUND(CU26*I26,2) -> 0 | U26: =CV26*I26 -> 0 | V26: =CW26*I26 -> 0 | W26: =ROUND(CX26*I26,2) -> 0 | X26: =ROUND(CY26,2) -> 0 | Y26: =ROUND(CZ26,2) -> 0 | AA26: 0 | AB26: =(AC26+AD26+AF26) -> 42.29 | AC26: =AL26 -> 42.29 | AD26: =AM26 -> 0 | AE26: =AN26 -> 0 | AF26: =AO26 -> 0 | AG26: =AP26 -> 0 | AH26: =AQ26 -> 0 | AI26: =AR26 -> 0 | AJ26: =AS26 -> 0 | AK26: 42.29 | AL26: 42.29 | AM26: 0 | AN26: 0 | AO26: 0 | AP26: 0 | AQ26: 0 | AR26: 0 | AS26: 0 | AT26: 0 | AU26: 0 | AV26: 1 | AW26: 1 | AX26: 1 | AY26: 1 | AZ26: 1 | BA26: 1 | BB26: 1 | BC26: 1.43 | BH26: 3 | BI26: 1 | BJ26: ТСН-2001.1. База. Р.1, о.1, поз.1973 | BM26: 170 | BN26: 0 | BO26: 1.1-1-1973 | BP26: 1 | BQ26: 30 | BR26: 0 | BS26: 1 | BT26: 1 | BU26: 1 | BV26: 1 | BW26: 1 | BX26: 1 | BZ26: 0 | CA26: 0 | CF26: 0 | CG26: 0 | CM26: 0 | CO26: 0 | CP26: =(P26+Q26+S26) -> 0 | CQ26: =((AC26*AW26))*BC26 -> 60.4747 | CR26: =((AD26*AV26))*BB26 -> 0 | CS26: =((AE26*AV26))*BS26 -> 0 | CT26: =((AF26*AV26))*BA26 -> 0 | CU26: =(AG26)*BT26 -> 0 | CV26: =((AH26*AV26))*BU26 -> 0 | CW26: =(AI26)*BV26 -> 0 | CX26: =(AJ26)*BW26 -> 0 | CY26: =S26*(BZ26/100) -> 0 | CZ26: =S26*(CA26/100) -> 0 | DN26: 140 | DO26: 79 | DP26: 1 | DQ26: 1 | DR26: 1 | DS26: 1 | DT26: 1 | DU26: 1009 | DV26: кг | DW26: кг | DX26: 1 | EE26: 14030029 | EF26: 30 | EG26: Строительные работы | EH26: 0 | EJ26: 1 | EK26: 170 | EL26: ТСН-2001.3-27. 27-77...27-90 | EM26: ТСН-2001.3-27-25 | EQ26: 0 | ER26: 42.29 | ES26: 42.29 | ET26: 0 | EU26: 0 | EV26: 0 | EW26: 0 | EX26: 0 | EZ26: 0 | FQ26: 0 | FR26: =ROUND(IF(AND(AA26=0,BI26=3),P26,0),2) -> 0 | FS26: 0 | FX26: 0 | FY26: 0 | GA26: 42.29 | GB26: 42.29 | GC26: 0 | GD26: 0 | GE26: 0 | GF26: 42.29 | GG26: 42.29 | GH26: 0 | GI26: 0 | GJ26: 0 | GK26: 0
A27: 18 | B27: 1 | C27: 5 | E27: 1,3 | F27: 1.1-1-2596 | G27: КРАСКА ДОРОЖНАЯ БЕЛАЯ, МАРКА "КОЛОР-М" | H27: т | I27: =I24*J27 -> 0 | J27: 0 | O27: =ROUND(CP27,2) -> 0 | P27: =ROUND(CQ27*I27,2) -> 0 | Q27: =ROUND(CR27*I27,2) -> 0 | R27: =ROUND(CS27*I27,2) -> 0 | S27: =ROUND(CT27*I27,2) -> 0 | T27: =ROUND(CU27*I27,2) -> 0 | U27: =CV27*I27 -> 0 | V27: =CW27*I27 -> 0 | W27: =ROUND(CX27*I27,2) -> 0 | X27: =ROUND(CY27,2) -> 0 | Y27: =ROUND(CZ27,2) -> 0 | AA27: 0 | AB27: =(AC27+AD27+AF27) -> 34547.81 | AC27: =AL27 -> 34547.81 | AD27: =AM27 -> 0 | AE27: =AN27 -> 0 | AF27: =AO27 -> 0 | AG27: =AP27 -> 0 | AH27: =AQ27 -> 0 | AI27: =AR27 -> 0 | AJ27: =AS27 -> 0 | AK27: 34547.81 | AL27: 34547.81 | AM27: 0 | AN27: 0 | AO27: 0 | AP27: 0 | AQ27: 0 | AR27: 0 | AS27: 0 | AT27: 0 | AU27: 0 | AV27: 1 | AW27: 1 | AX27: 1 | AY27: 1 | AZ27: 1 | BA27: 1 | BB27: 1 | BC27: 2.03 | BH27: 3 | BI27: 1 | BJ27: ТСН-2001.1. База. Р.1, о.1, поз.2596 | BM27: 170 | BN27: 0 | BO27: 1.1-1-2596 | BP27: 1 | BQ27: 30 | BR27: 0 | BS27: 1 | BT27: 1 | BU27: 1 | BV27: 1 | BW27: 1 | BX27: 1 | BZ27: 0 | CA27: 0 | CF27: 0 | CG27: 0 | CM27: 0 | CO27: 0 | CP27: =(P27+Q27+S27) -> 0 | CQ27: =((AC27*AW27))*BC27 -> 70132.054 | CR27: =((AD27*AV27))*BB27 -> 0 | CS27: =((AE27*AV27))*BS27 -> 0 | CT27: =((AF27*AV27))*BA27 -> 0 | CU27: =(AG27)*BT27 -> 0 | CV27: =((AH27*AV27))*BU27 -> 0 | CW27: =(AI27)*BV27 -> 0 | CX27: =(AJ27)*BW27 -> 0 | CY27: =S27*(BZ27/100) -> 0 | CZ27: =S27*(CA27/100) -> 0 | DN27: 140 | DO27: 79 | DP27: 1 | DQ27: 1 | DR27: 1 | DS27: 1 | DT27: 1 | DU27: 1009 | DV27: т | DW27: т | DX27: 1000 | EE27: 14030029 | EF27: 30 | EG27: Строительные работы | EH27: 0 | EJ27: 1 | EK27: 170 | EL27: ТСН-2001.3-27. 27-77...27-90 | EM27: ТСН-2001.3-27-25 | EQ27: 0 | ER27: 0 | ES27: 34547.81 | ET27: 0 | EU27: 0 | EV27: 0 | EW27: 0 | EX27: 0 | EZ27: 0 | FQ27: 0 | FR27: =ROUND(IF(AND(AA27=0,BI27=3),P27,0),2) -> 0 | FS27: 0 | FX27: 0 | FY27: 0 | GA27: 34547.81 | GB27: 34547.81 | GC27: 0 | GD27: 0 | GE27: 0 | GF27: 34547.81 | GG27: 34547.81 | GH27: 0 | GI27: 0 | GJ27: 0 | GK27: 0
A28: 18 | B28: 1 | C28: 6 | E28: 1,4 | F28: 1.1-1-2872 | G28: КРАСКА ДОРОЖНАЯ БЕЛАЯ, МАРКА "РАСТР" | H28: т | I28: =I24*J28 -> 0 | J28: 0 | O28: =ROUND(CP28,2) -> 0 | P28: =ROUND(CQ28*I28,2) -> 0 | Q28: =ROUND(CR28*I28,2) -> 0 | R28: =ROUND(CS28*I28,2) -> 0 | S28: =ROUND(CT28*I28,2) -> 0 | T28: =ROUND(CU28*I28,2) -> 0 | U28: =CV28*I28 -> 0 | V28: =CW28*I28 -> 0 | W28: =ROUND(CX28*I28,2) -> 0 | X28: =ROUND(CY28,2) -> 0 | Y28: =ROUND(CZ28,2) -> 0 | AA28: 0 | AB28: =(AC28+AD28+AF28) -> 29915.65 | AC28: =AL28 -> 29915.65 | AD28: =AM28 -> 0 | AE28: =AN28 -> 0 | AF28: =AO28 -> 0 | AG28: =AP28 -> 0 | AH28: =AQ28 -> 0 | AI28: =AR28 -> 0 | AJ28: =AS28 -> 0 | AK28: 29915.65 | AL28: 29915.65 | AM28: 0 | AN28: 0 | AO28: 0 | AP28: 0 | AQ28: 0 | AR28: 0 | AS28: 0 | AT28: 0 | AU28: 0 | AV28: 1 | AW28: 1 | AX28: 1 | AY28: 1 | AZ28: 1 | BA28: 1 | BB28: 1 | BC28: 2.33 | BH28: 3 | BI28: 1 | BJ28: ТСН-2001.1. Д.1. Р.1, о.1, поз.2872 | BM28: 170 | BN28: 0 | BO28: 1.1-1-2872 | BP28: 1 | BQ28: 30 | BR28: 0 | BS28: 1 | BT28: 1 | BU28: 1 | BV28: 1 | BW28: 1 | BX28: 1 | BZ28: 0 | CA28: 0 | CF28: 0 | CG28: 0 | CM28: 0 | CO28: 0 | CP28: =(P28+Q28+S28) -> 0 | CQ28: =((AC28*AW28))*BC28 -> 69703.465 | CR28: =((AD28*AV28))*BB28 -> 0 | CS28: =((AE28*AV28))*BS28 -> 0 | CT28: =((AF28*AV28))*BA28 -> 0 | CU28: =(AG28)*BT28 -> 0 | CV28: =((AH28*AV28))*BU28 -> 0 | CW28: =(AI28)*BV28 -> 0 | CX28: =(AJ28)*BW28 -> 0 | CY28: =S28*(BZ28/100) -> 0 | CZ28: =S28*(CA28/100) -> 0 | DN28: 140 | DO28: 79 | DP28: 1 | DQ28: 1 | DR28: 1 | DS28: 1 | DT28: 1 | DU28: 1009 | DV28: т | DW28: т | DX28: 1000 | EE28: 14030029 | EF28: 30 | EG28: Строительные работы | EH28: 0 | EJ28: 1 | EK28: 170 | EL28: ТСН-2001.3-27. 27-77...27-90 | EM28: ТСН-2001.3-27-25 | EQ28: 0 | ER28: 0 | ES28: 29915.65 | ET28: 0 | EU28: 0 | EV28: 0 | EW28: 0 | EX28: 0 | EZ28: 0 | FQ28: 0 | FR28: =ROUND(IF(AND(AA28=0,BI28=3),P28,0),2) -> 0 | FS28: 0 | FX28: 0 | FY28: 0 | GA28: 29915.65 | GB28: 29915.65 | GC28: 0 | GD28: 0 | GE28: 0 | GF28: 29915.65 | GG28: 29915.65 | GH28: 0 | GI28: 0 | GJ28: 0 | GK28: 0
A29: 17 | B29: 1 | C29: =ROW(SmtRes!A18) -> 18 | D29: =ROW(EtalonRes!A6) -> 6 | E29: 2 | F29: 3.27-77-3 | G29: НАНЕСЕНИЕ ПОПЕРЕЧНОЙ ЛИНИИ ДОРОЖНОЙ РАЗМЕТКИ КРАСКОЙ | H29: м2 | I29: =Source!I24 -> 8804 | J29: 0 | O29: =ROUND(CP29,2) -> 1162453.4 | P29: =ROUND(CQ29*I29,2) -> 0 | Q29: =ROUND(CR29*I29,2) -> 856306.75 | R29: =ROUND(CS29*I29,2) -> 234810.38 | S29: =ROUND(CT29*I29,2) -> 306146.64 | T29: =ROUND(CU29*I29,2) -> 0 | U29: =CV29*I29 -> 2024.92 | V29: =CW29*I29 -> 0 | W29: =ROUND(CX29*I29,2) -> 0 | X29: =ROUND(CY29,2) -> 367375.97 | Y29: =ROUND(CZ29,2) -> 128581.59 | AA29: 0 | AB29: =(AC29+AD29+AF29) -> 49.194 | AC29: =(ES29) -> 0 | AD29: =((ET29*1.25)) -> 46.5375 | AE29: =((EU29*1.25)) -> 2.0375 | AF29: =((EV29*1.15)) -> 2.6565 | AG29: =(AP29) -> 0 | AH29: =((EW29*1.15)) -> 0.23 | AI29: =((EX29*1.25)) -> 0 | AJ29: =(AS29) -> 0 | AK29: 39.54 | AL29: 0 | AM29: 37.23 | AN29: 1.63 | AO29: 2.31 | AP29: 0 | AQ29: 0.2 | AR29: 0 | AS29: 0 | AT29: 120 | AU29: 42 | AV29: 1 | AW29: 1 | AX29: 1 | AY29: 1 | AZ29: 13.09 | BA29: 13.09 | BB29: 2.09 | BC29: 1 | BH29: 0 | BI29: 1 | BJ29: ТСН-2001.3. База. Сб.27, т.77, поз.3 | BM29: 170 | BN29: 0 | BO29: 3.27-77-3 | BP29: 1 | BQ29: 30 | BR29: 0 | BS29: 13.09 | BT29: 1 | BU29: 1 | BV29: 1 | BW29: 1 | BX29: 1 | BZ29: 120 | CA29: 42 | CF29: 0 | CG29: 0 | CM29: 0 | CO29: 0 | CP29: =(P29+Q29+S29) -> 1162453.4 | CQ29: =((AC29*AW29))*BC29 -> 0 | CR29: =((AD29*AV29))*BB29 -> 97.263375 | CS29: =((AE29*AV29))*BS29 -> 26.670875 | CT29: =((AF29*AV29))*BA29 -> 34.773585 | CU29: =(AG29)*BT29 -> 0 | CV29: =((AH29*AV29))*BU29 -> 0.23 | CW29: =(AI29)*BV29 -> 0 | CX29: =(AJ29)*BW29 -> 0 | CY29: =S29*(BZ29/100) -> 367375.97 | CZ29: =S29*(CA29/100) -> 128581.59 | DE29: *1,25 | DF29: *1,25 | DG29: *1,15 | DI29: *1,15 | DJ29: *1,25 | DN29: 140 | DO29: 79 | DP29: 1 | DQ29: 1 | DR29: 1 | DS29: 1 | DT29: 1 | DU29: 1005 | DV29: м2 | DW29: м2 | DX29: 1 | EE29: 14030029 | EF29: 30 | EG29: Строительные работы | EH29: 0 | EJ29: 1 | EK29: 170 | EL29: ТСН-2001.3-27. 27-77...27-90 | EM29: ТСН-2001.3-27-25 | EQ29: 64 | ER29: 39.54 | ES29: 0 | ET29: 37.23 | EU29: 1.63 | EV29: 2.31 | EW29: 0.2 | EX29: 0 | EY29: 0 | EZ29: 0 | FQ29: 0 | FR29: =ROUND(IF(AND(AA29=0,BI29=3),P29,0),2) -> 0 | FS29: 0 | FX29: 120 | FY29: 42 | GA29: 0 | GB29: 0 | GC29: 0 | GD29: 0 | GE29: 0 | GF29: 0 | GG29: 0 | GH29: 0 | GI29: 0 | GJ29: 0 | GK29: 0
A30: 18 | B30: 1 | C30: 10 | E30: 2,1 | F30: 1.1-1-2257 | G30: ПРИМ.- КРАСКА ДОРОЖНАЯ КРАСНАЯ, МАРКА "АК-505" | H30: т | I30: =I29*J30 -> 4.6603535 | J30: 0.00052934501 | O30: =ROUND(CP30,2) -> 407863.47 | P30: =ROUND(CQ30*I30,2) -> 407863.47 | Q30: =ROUND(CR30*I30,2) -> 0 | R30: =ROUND(CS30*I30,2) -> 0 | S30: =ROUND(CT30*I30,2) -> 0 | T30: =ROUND(CU30*I30,2) -> 0 | U30: =CV30*I30 -> 0 | V30: =CW30*I30 -> 0 | W30: =ROUND(CX30*I30,2) -> 0 | X30: =ROUND(CY30,2) -> 0 | Y30: =ROUND(CZ30,2) -> 0 | AA30: 0 | AB30: =(AC30+AD30+AF30) -> 43541.15 | AC30: =AL30 -> 43541.15 | AD30: =AM30 -> 0 | AE30: =AN30 -> 0 | AF30: =AO30 -> 0 | AG30: =AP30 -> 0 | AH30: =AQ30 -> 0 | AI30: =AR30 -> 0 | AJ30: =AS30 -> 0 | AK30: 43541.15 | AL30: 43541.15 | AM30: 0 | AN30: 0 | AO30: 0 | AP30: 0 | AQ30: 0 | AR30: 0 | AS30: 0 | AT30: 0 | AU30: 0 | AV30: 1 | AW30: 1 | AX30: 1 | AY30: 1 | AZ30: 1 | BA30: 1 | BB30: 1 | BC30: 2.01 | BH30: 3 | BI30: 1 | BJ30: ТСН-2001.1. База. Р.1, о.1, поз.2257 | BM30: 170 | BN30: 0 | BO30: 1.1-1-2257 | BP30: 1 | BQ30: 30 | BR30: 0 | BS30: 1 | BT30: 1 | BU30: 1 | BV30: 1 | BW30: 1 | BX30: 1 | BZ30: 0 | CA30: 0 | CF30: 0 | CG30: 0 | CM30: 0 | CO30: 0 | CP30: =(P30+Q30+S30) -> 407863.47 | CQ30: =((AC30*AW30))*BC30 -> 87517.711 | CR30: =((AD30*AV30))*BB30 -> 0 | CS30: =((AE30*AV30))*BS30 -> 0 | CT30: =((AF30*AV30))*BA30 -> 0 | CU30: =(AG30)*BT30 -> 0 | CV30: =((AH30*AV30))*BU30 -> 0 | CW30: =(AI30)*BV30 -> 0 | CX30: =(AJ30)*BW30 -> 0 | CY30: =S30*(BZ30/100) -> 0 | CZ30: =S30*(CA30/100) -> 0 | DN30: 140 | DO30: 79 | DP30: 1 | DQ30: 1 | DR30: 1 | DS30: 1 | DT30: 1 | DU30: 1009 | DV30: т | DW30: т | DX30: 1000 | EE30: 14030029 | EF30: 30 | EG30: Строительные работы | EH30: 0 | EJ30: 1 | EK30: 170 | EL30: ТСН-2001.3-27. 27-77...27-90 | EM30: ТСН-2001.3-27-25 | EQ30: 0 | ER30: 43541.15 | ES30: 43541.15 | ET30: 0 | EU30: 0 | EV30: 0 | EW30: 0 | EX30: 0 | EZ30: 0 | FQ30: 0 | FR30: =ROUND(IF(AND(AA30=0,BI30=3),P30,0),2) -> 0 | FS30: 0 | FX30: 0 | FY30: 0 | GA30: 43541.15 | GB30: 43541.15 | GC30: 0 | GD30: 0 | GE30: 0 | GF30: 43541.15 | GG30: 43541.15 | GH30: 0 | GI30: 0 | GJ30: 0 | GK30: 0
A31: 18 | B31: 1 | C31: 16 | E31: 2,2 | F31: 1.1-1-2597 | G31: ПРИМ.- КРАСКА ДОРОЖНАЯ КРАСНАЯ | H31: т | I31: =I29*J31 -> 0 | J31: 0 | O31: =ROUND(CP31,2) -> 0 | P31: =ROUND(CQ31*I31,2) -> 0 | Q31: =ROUND(CR31*I31,2) -> 0 | R31: =ROUND(CS31*I31,2) -> 0 | S31: =ROUND(CT31*I31,2) -> 0 | T31: =ROUND(CU31*I31,2) -> 0 | U31: =CV31*I31 -> 0 | V31: =CW31*I31 -> 0 | W31: =ROUND(CX31*I31,2) -> 0 | X31: =ROUND(CY31,2) -> 0 | Y31: =ROUND(CZ31,2) -> 0 | AA31: 0 | AB31: =(AC31+AD31+AF31) -> 30489.6 | AC31: =AL31 -> 30489.6 | AD31: =AM31 -> 0 | AE31: =AN31 -> 0 | AF31: =AO31 -> 0 | AG31: =AP31 -> 0 | AH31: =AQ31 -> 0 | AI31: =AR31 -> 0 | AJ31: =AS31 -> 0 | AK31: 30489.6 | AL31: 30489.6 | AM31: 0 | AN31: 0 | AO31: 0 | AP31: 0 | AQ31: 0 | AR31: 0 | AS31: 0 | AT31: 0 | AU31: 0 | AV31: 1 | AW31: 1 | AX31: 1 | AY31: 1 | AZ31: 1 | BA31: 1 | BB31: 1 | BC31: 2.07 | BH31: 3 | BI31: 1 | BJ31: ТСН-2001.1. База. Р.1, о.1, поз.2597 | BM31: 170 | BN31: 0 | BO31: 1.1-1-2597 | BP31: 1 | BQ31: 30 | BR31: 0 | BS31: 1 | BT31: 1 | BU31: 1 | BV31: 1 | BW31: 1 | BX31: 1 | BZ31: 0 | CA31: 0 | CF31: 0 | CG31: 0 | CM31: 0 | CO31: 0 | CP31: =(P31+Q31+S31) -> 0 | CQ31: =((AC31*AW31))*BC31 -> 63113.472 | CR31: =((AD31*AV31))*BB31 -> 0 | CS31: =((AE31*AV31))*BS31 -> 0 | CT31: =((AF31*AV31))*BA31 -> 0 | CU31: =(AG31)*BT31 -> 0 | CV31: =((AH31*AV31))*BU31 -> 0 | CW31: =(AI31)*BV31 -> 0 | CX31: =(AJ31)*BW31 -> 0 | CY31: =S31*(BZ31/100) -> 0 | CZ31: =S31*(CA31/100) -> 0 | DN31: 140 | DO31: 79 | DP31: 1 | DQ31: 1 | DR31: 1 | DS31: 1 | DT31: 1 | DU31: 1009 | DV31: т | DW31: т | DX31: 1000 | EE31: 14030029 | EF31: 30 | EG31: Строительные работы | EH31: 0 | EJ31: 1 | EK31: 170 | EL31: ТСН-2001.3-27. 27-77...27-90 | EM31: ТСН-2001.3-27-25 | EQ31: 0 | ER31: 30489.6 | ES31: 30489.6 | ET31: 0 | EU31: 0 | EV31: 0 | EW31: 0 | EX31: 0 | EZ31: 0 | FQ31: 0 | FR31: =ROUND(IF(AND(AA31=0,BI31=3),P31,0),2) -> 0 | FS31: 0 | FX31: 0 | FY31: 0 | GA31: 30489.6 | GB31: 30489.6 | GC31: 0 | GD31: 0 | GE31: 0 | GF31: 30489.6 | GG31: 30489.6 | GH31: 0 | GI31: 0 | GJ31: 0 | GK31: 0
A32: 18 | B32: 1 | C32: 9 | E32: 2,3 | F32: 1.1-1-2254 | G32: ПРИМ.- КРАСКА ДОРОЖНАЯ КРАСНАЯ | H32: т | I32: =I29*J32 -> 0 | J32: 0 | O32: =ROUND(CP32,2) -> 0 | P32: =ROUND(CQ32*I32,2) -> 0 | Q32: =ROUND(CR32*I32,2) -> 0 | R32: =ROUND(CS32*I32,2) -> 0 | S32: =ROUND(CT32*I32,2) -> 0 | T32: =ROUND(CU32*I32,2) -> 0 | U32: =CV32*I32 -> 0 | V32: =CW32*I32 -> 0 | W32: =ROUND(CX32*I32,2) -> 0 | X32: =ROUND(CY32,2) -> 0 | Y32: =ROUND(CZ32,2) -> 0 | AA32: 0 | AB32: =(AC32+AD32+AF32) -> 32831.15 | AC32: =AL32 -> 32831.15 | AD32: =AM32 -> 0 | AE32: =AN32 -> 0 | AF32: =AO32 -> 0 | AG32: =AP32 -> 0 | AH32: =AQ32 -> 0 | AI32: =AR32 -> 0 | AJ32: =AS32 -> 0 | AK32: 32831.15 | AL32: 32831.15 | AM32: 0 | AN32: 0 | AO32: 0 | AP32: 0 | AQ32: 0 | AR32: 0 | AS32: 0 | AT32: 0 | AU32: 0 | AV32: 1 | AW32: 1 | AX32: 1 | AY32: 1 | AZ32: 1 | BA32: 1 | BB32: 1 | BC32: 2.06 | BH32: 3 | BI32: 1 | BJ32: ТСН-2001.1. База. Р.1, о.1, поз.2254 | BM32: 170 | BN32: 0 | BO32: 1.1-1-2254 | BP32: 1 | BQ32: 30 | BR32: 0 | BS32: 1 | BT32: 1 | BU32: 1 | BV32: 1 | BW32: 1 | BX32: 1 | BZ32: 0 | CA32: 0 | CF32: 0 | CG32: 0 | CM32: 0 | CO32: 0 | CP32: =(P32+Q32+S32) -> 0 | CQ32: =((AC32*AW32))*BC32 -> 67632.169 | CR32: =((AD32*AV32))*BB32 -> 0 | CS32: =((AE32*AV32))*BS32 -> 0 | CT32: =((AF32*AV32))*BA32 -> 0 | CU32: =(AG32)*BT32 -> 0 | CV32: =((AH32*AV32))*BU32 -> 0 | CW32: =(AI32)*BV32 -> 0 | CX32: =(AJ32)*BW32 -> 0 | CY32: =S32*(BZ32/100) -> 0 | CZ32: =S32*(CA32/100) -> 0 | DN32: 140 | DO32: 79 | DP32: 1 | DQ32: 1 | DR32: 1 | DS32: 1 | DT32: 1 | DU32: 1009 | DV32: т | DW32: т | DX32: 1000 | EE32: 14030029 | EF32: 30 | EG32: Строительные работы | EH32: 0 | EJ32: 1 | EK32: 170 | EL32: ТСН-2001.3-27. 27-77...27-90 | EM32: ТСН-2001.3-27-25 | EQ32: 0 | ER32: 0 | ES32: 32831.15 | ET32: 0 | EU32: 0 | EV32: 0 | EW32: 0 | EX32: 0 | EZ32: 0 | FQ32: 0 | FR32: =ROUND(IF(AND(AA32=0,BI32=3),P32,0),2) -> 0 | FS32: 0 | FX32: 0 | FY32: 0 | GA32: 32831.15 | GB32: 32831.15 | GC32: 0 | GD32: 0 | GE32: 0 | GF32: 32831.15 | GG32: 32831.15 | GH32: 0 | GI32: 0 | GJ32: 0 | GK32: 0
A33: 18 | B33: 1 | C33: 14 | E33: 2,4 | F33: 1.1-1-2266 | G33: КРАСКА ДОРОЖНАЯ КРАСНАЯ, МАРКА "БЕНДАКС ТЕНОР" (ФИРМА "МАЭСТРИЯ") | H33: т | I33: =I29*J33 -> 0 | J33: 0 | O33: =ROUND(CP33,2) -> 0 | P33: =ROUND(CQ33*I33,2) -> 0 | Q33: =ROUND(CR33*I33,2) -> 0 | R33: =ROUND(CS33*I33,2) -> 0 | S33: =ROUND(CT33*I33,2) -> 0 | T33: =ROUND(CU33*I33,2) -> 0 | U33: =CV33*I33 -> 0 | V33: =CW33*I33 -> 0 | W33: =ROUND(CX33*I33,2) -> 0 | X33: =ROUND(CY33,2) -> 0 | Y33: =ROUND(CZ33,2) -> 0 | AA33: 0 | AB33: =(AC33+AD33+AF33) -> 38228 | AC33: =AL33 -> 38228 | AD33: =AM33 -> 0 | AE33: =AN33 -> 0 | AF33: =AO33 -> 0 | AG33: =AP33 -> 0 | AH33: =AQ33 -> 0 | AI33: =AR33 -> 0 | AJ33: =AS33 -> 0 | AK33: 38228 | AL33: 38228 | AM33: 0 | AN33: 0 | AO33: 0 | AP33: 0 | AQ33: 0 | AR33: 0 | AS33: 0 | AT33: 0 | AU33: 0 | AV33: 1 | AW33: 1 | AX33: 1 | AY33: 1 | AZ33: 1 | BA33: 1 | BB33: 1 | BC33: 2.26 | BH33: 3 | BI33: 1 | BJ33: ТСН-2001.1. База. Р.1, о.1, поз.2266 | BM33: 170 | BN33: 0 | BO33: 1.1-1-2266 | BP33: 1 | BQ33: 30 | BR33: 0 | BS33: 1 | BT33: 1 | BU33: 1 | BV33: 1 | BW33: 1 | BX33: 1 | BZ33: 0 | CA33: 0 | CF33: 0 | CG33: 0 | CM33: 0 | CO33: 0 | CP33: =(P33+Q33+S33) -> 0 | CQ33: =((AC33*AW33))*BC33 -> 86395.28 | CR33: =((AD33*AV33))*BB33 -> 0 | CS33: =((AE33*AV33))*BS33 -> 0 | CT33: =((AF33*AV33))*BA33 -> 0 | CU33: =(AG33)*BT33 -> 0 | CV33: =((AH33*AV33))*BU33 -> 0 | CW33: =(AI33)*BV33 -> 0 | CX33: =(AJ33)*BW33 -> 0 | CY33: =S33*(BZ33/100) -> 0 | CZ33: =S33*(CA33/100) -> 0 | DN33: 140 | DO33: 79 | DP33: 1 | DQ33: 1 | DR33: 1 | DS33: 1 | DT33: 1 | DU33: 1009 | DV33: т | DW33: т | DX33: 1000 | EE33: 14030029 | EF33: 30 | EG33: Строительные работы | EH33: 0 | EJ33: 1 | EK33: 170 | EL33: ТСН-2001.3-27. 27-77...27-90 | EM33: ТСН-2001.3-27-25 | EQ33: 0 | ER33: 0 | ES33: 38228 | ET33: 0 | EU33: 0 | EV33: 0 | EW33: 0 | EX33: 0 | EZ33: 0 | FQ33: 0 | FR33: =ROUND(IF(AND(AA33=0,BI33=3),P33,0),2) -> 0 | FS33: 0 | FX33: 0 | FY33: 0 | GA33: 38228 | GB33: 38228 | GC33: 0 | GD33: 0 | GE33: 0 | GF33: 38228 | GG33: 38228 | GH33: 0 | GI33: 0 | GJ33: 0 | GK33: 0
A34: 18 | B34: 1 | C34: 15 | E34: 2,5 | F34: 1.1-1-2596 | G34: КРАСКА ДОРОЖНАЯ БЕЛАЯ, МАРКА "КОЛОР-М" | H34: т | I34: =I29*J34 -> 0 | J34: 0 | O34: =ROUND(CP34,2) -> 0 | P34: =ROUND(CQ34*I34,2) -> 0 | Q34: =ROUND(CR34*I34,2) -> 0 | R34: =ROUND(CS34*I34,2) -> 0 | S34: =ROUND(CT34*I34,2) -> 0 | T34: =ROUND(CU34*I34,2) -> 0 | U34: =CV34*I34 -> 0 | V34: =CW34*I34 -> 0 | W34: =ROUND(CX34*I34,2) -> 0 | X34: =ROUND(CY34,2) -> 0 | Y34: =ROUND(CZ34,2) -> 0 | AA34: 0 | AB34: =(AC34+AD34+AF34) -> 34547.81 | AC34: =AL34 -> 34547.81 | AD34: =AM34 -> 0 | AE34: =AN34 -> 0 | AF34: =AO34 -> 0 | AG34: =AP34 -> 0 | AH34: =AQ34 -> 0 | AI34: =AR34 -> 0 | AJ34: =AS34 -> 0 | AK34: 34547.81 | AL34: 34547.81 | AM34: 0 | AN34: 0 | AO34: 0 | AP34: 0 | AQ34: 0 | AR34: 0 | AS34: 0 | AT34: 0 | AU34: 0 | AV34: 1 | AW34: 1 | AX34: 1 | AY34: 1 | AZ34: 1 | BA34: 1 | BB34: 1 | BC34: 2.03 | BH34: 3 | BI34: 1 | BJ34: ТСН-2001.1. База. Р.1, о.1, поз.2596 | BM34: 170 | BN34: 0 | BO34: 1.1-1-2596 | BP34: 1 | BQ34: 30 | BR34: 0 | BS34: 1 | BT34: 1 | BU34: 1 | BV34: 1 | BW34: 1 | BX34: 1 | BZ34: 0 | CA34: 0 | CF34: 0 | CG34: 0 | CM34: 0 | CO34: 0 | CP34: =(P34+Q34+S34) -> 0 | CQ34: =((AC34*AW34))*BC34 -> 70132.054 | CR34: =((AD34*AV34))*BB34 -> 0 | CS34: =((AE34*AV34))*BS34 -> 0 | CT34: =((AF34*AV34))*BA34 -> 0 | CU34: =(AG34)*BT34 -> 0 | CV34: =((AH34*AV34))*BU34 -> 0 | CW34: =(AI34)*BV34 -> 0 | CX34: =(AJ34)*BW34 -> 0 | CY34: =S34*(BZ34/100) -> 0 | CZ34: =S34*(CA34/100) -> 0 | DN34: 140 | DO34: 79 | DP34: 1 | DQ34: 1 | DR34: 1 | DS34: 1 | DT34: 1 | DU34: 1009 | DV34: т | DW34: т | DX34: 1000 | EE34: 14030029 | EF34: 30 | EG34: Строительные работы | EH34: 0 | EJ34: 1 | EK34: 170 | EL34: ТСН-2001.3-27. 27-77...27-90 | EM34: ТСН-2001.3-27-25 | EQ34: 0 | ER34: 0 | ES34: 34547.81 | ET34: 0 | EU34: 0 | EV34: 0 | EW34: 0 | EX34: 0 | EZ34: 0 | FQ34: 0 | FR34: =ROUND(IF(AND(AA34=0,BI34=3),P34,0),2) -> 0 | FS34: 0 | FX34: 0 | FY34: 0 | GA34: 34547.81 | GB34: 34547.81 | GC34: 0 | GD34: 0 | GE34: 0 | GF34: 34547.81 | GG34: 34547.81 | GH34: 0 | GI34: 0 | GJ34: 0 | GK34: 0
A35: 18 | B35: 1 | C35: 17 | E35: 2,6 | F35: 1.1-1-2702 | G35: КРАСКИ ДОРОЖНЫЕ ЖЕЛТЫЕ, МАРКА АК 521 "АВТОМАГИСТРАЛЬ" | H35: кг | I35: =I29*J35 -> 0 | J35: 0 | O35: =ROUND(CP35,2) -> 0 | P35: =ROUND(CQ35*I35,2) -> 0 | Q35: =ROUND(CR35*I35,2) -> 0 | R35: =ROUND(CS35*I35,2) -> 0 | S35: =ROUND(CT35*I35,2) -> 0 | T35: =ROUND(CU35*I35,2) -> 0 | U35: =CV35*I35 -> 0 | V35: =CW35*I35 -> 0 | W35: =ROUND(CX35*I35,2) -> 0 | X35: =ROUND(CY35,2) -> 0 | Y35: =ROUND(CZ35,2) -> 0 | AA35: 0 | AB35: =(AC35+AD35+AF35) -> 26.75 | AC35: =AL35 -> 26.75 | AD35: =AM35 -> 0 | AE35: =AN35 -> 0 | AF35: =AO35 -> 0 | AG35: =AP35 -> 0 | AH35: =AQ35 -> 0 | AI35: =AR35 -> 0 | AJ35: =AS35 -> 0 | AK35: 26.75 | AL35: 26.75 | AM35: 0 | AN35: 0 | AO35: 0 | AP35: 0 | AQ35: 0 | AR35: 0 | AS35: 0 | AT35: 0 | AU35: 0 | AV35: 1 | AW35: 1 | AX35: 1 | AY35: 1 | AZ35: 1 | BA35: 1 | BB35: 1 | BC35: 2.45 | BH35: 3 | BI35: 1 | BJ35: ТСН-2001.1. База. Р.1, о.1, поз.2702 | BM35: 170 | BN35: 0 | BO35: 1.1-1-2702 | BP35: 1 | BQ35: 30 | BR35: 0 | BS35: 1 | BT35: 1 | BU35: 1 | BV35: 1 | BW35: 1 | BX35: 1 | BZ35: 0 | CA35: 0 | CF35: 0 | CG35: 0 | CM35: 0 | CO35: 0 | CP35: =(P35+Q35+S35) -> 0 | CQ35: =((AC35*AW35))*BC35 -> 65.5375 | CR35: =((AD35*AV35))*BB35 -> 0 | CS35: =((AE35*AV35))*BS35 -> 0 | CT35: =((AF35*AV35))*BA35 -> 0 | CU35: =(AG35)*BT35 -> 0 | CV35: =((AH35*AV35))*BU35 -> 0 | CW35: =(AI35)*BV35 -> 0 | CX35: =(AJ35)*BW35 -> 0 | CY35: =S35*(BZ35/100) -> 0 | CZ35: =S35*(CA35/100) -> 0 | DN35: 140 | DO35: 79 | DP35: 1 | DQ35: 1 | DR35: 1 | DS35: 1 | DT35: 1 | DU35: 1009 | DV35: кг | DW35: кг | DX35: 1 | EE35: 14030029 | EF35: 30 | EG35: Строительные работы | EH35: 0 | EJ35: 1 | EK35: 170 | EL35: ТСН-2001.3-27. 27-77...27-90 | EM35: ТСН-2001.3-27-25 | EQ35: 0 | ER35: 0 | ES35: 26.75 | ET35: 0 | EU35: 0 | EV35: 0 | EW35: 0 | EX35: 0 | EZ35: 0 | FQ35: 0 | FR35: =ROUND(IF(AND(AA35=0,BI35=3),P35,0),2) -> 0 | FS35: 0 | FX35: 0 | FY35: 0 | GA35: 26.75 | GB35: 26.75 | GC35: 0 | GD35: 0 | GE35: 0 | GF35: 26.75 | GG35: 26.75 | GH35: 0 | GI35: 0 | GJ35: 0 | GK35: 0
A36: 18 | B36: 1 | C36: 18 | E36: 2,7 | F36: 1.1-1-2872 | G36: КРАСКА ДОРОЖНАЯ БЕЛАЯ, МАРКА "РАСТР" | H36: т | I36: =I29*J36 -> 0 | J36: 0 | O36: =ROUND(CP36,2) -> 0 | P36: =ROUND(CQ36*I36,2) -> 0 | Q36: =ROUND(CR36*I36,2) -> 0 | R36: =ROUND(CS36*I36,2) -> 0 | S36: =ROUND(CT36*I36,2) -> 0 | T36: =ROUND(CU36*I36,2) -> 0 | U36: =CV36*I36 -> 0 | V36: =CW36*I36 -> 0 | W36: =ROUND(CX36*I36,2) -> 0 | X36: =ROUND(CY36,2) -> 0 | Y36: =ROUND(CZ36,2) -> 0 | AA36: 0 | AB36: =(AC36+AD36+AF36) -> 29915.65 | AC36: =AL36 -> 29915.65 | AD36: =AM36 -> 0 | AE36: =AN36 -> 0 | AF36: =AO36 -> 0 | AG36: =AP36 -> 0 | AH36: =AQ36 -> 0 | AI36: =AR36 -> 0 | AJ36: =AS36 -> 0 | AK36: 29915.65 | AL36: 29915.65 | AM36: 0 | AN36: 0 | AO36: 0 | AP36: 0 | AQ36: 0 | AR36: 0 | AS36: 0 | AT36: 0 | AU36: 0 | AV36: 1 | AW36: 1 | AX36: 1 | AY36: 1 | AZ36: 1 | BA36: 1 | BB36: 1 | BC36: 2.33 | BH36: 3 | BI36: 1 | BJ36: ТСН-2001.1. Д.1. Р.1, о.1, поз.2872 | BM36: 170 | BN36: 0 | BO36: 1.1-1-2872 | BP36: 1 | BQ36: 30 | BR36: 0 | BS36: 1 | BT36: 1 | BU36: 1 | BV36: 1 | BW36: 1 | BX36: 1 | BZ36: 0 | CA36: 0 | CF36: 0 | CG36: 0 | CM36: 0 | CO36: 0 | CP36: =(P36+Q36+S36) -> 0 | CQ36: =((AC36*AW36))*BC36 -> 69703.465 | CR36: =((AD36*AV36))*BB36 -> 0 | CS36: =((AE36*AV36))*BS36 -> 0 | CT36: =((AF36*AV36))*BA36 -> 0 | CU36: =(AG36)*BT36 -> 0 | CV36: =((AH36*AV36))*BU36 -> 0 | CW36: =(AI36)*BV36 -> 0 | CX36: =(AJ36)*BW36 -> 0 | CY36: =S36*(BZ36/100) -> 0 | CZ36: =S36*(CA36/100) -> 0 | DN36: 140 | DO36: 79 | DP36: 1 | DQ36: 1 | DR36: 1 | DS36: 1 | DT36: 1 | DU36: 1009 | DV36: т | DW36: т | DX36: 1000 | EE36: 14030029 | EF36: 30 | EG36: Строительные работы | EH36: 0 | EJ36: 1 | EK36: 170 | EL36: ТСН-2001.3-27. 27-77...27-90 | EM36: ТСН-2001.3-27-25 | EQ36: 0 | ER36: 0 | ES36: 29915.65 | ET36: 0 | EU36: 0 | EV36: 0 | EW36: 0 | EX36: 0 | EZ36: 0 | FQ36: 0 | FR36: =ROUND(IF(AND(AA36=0,BI36=3),P36,0),2) -> 0 | FS36: 0 | FX36: 0 | FY36: 0 | GA36: 29915.65 | GB36: 29915.65 | GC36: 0 | GD36: 0 | GE36: 0 | GF36: 29915.65 | GG36: 29915.65 | GH36: 0 | GI36: 0 | GJ36: 0 | GK36: 0
A37: 17 | B37: 1 | C37: =ROW(SmtRes!A20) -> 20 | D37: =ROW(EtalonRes!A7) -> 7 | E37: 3 | F37: 6.51-4-1 | G37: РЫТЬЕ ЯМ ДЛЯ УСТАНОВКИ СТОЕК И СТОЛБОВ ГЛУБИНА, М: 0,4 | H37: 100 ям | I37: 0 | J37: 0 | O37: =ROUND(CP37,2) -> 0 | P37: =ROUND(CQ37*I37,2) -> 0 | Q37: =ROUND(CR37*I37,2) -> 0 | R37: =ROUND(CS37*I37,2) -> 0 | S37: =ROUND(CT37*I37,2) -> 0 | T37: =ROUND(CU37*I37,2) -> 0 | U37: =CV37*I37 -> 0 | V37: =CW37*I37 -> 0 | W37: =ROUND(CX37*I37,2) -> 0 | X37: =ROUND(CY37,2) -> 0 | Y37: =ROUND(CZ37,2) -> 0 | AA37: 0 | AB37: =(AC37+AD37+AF37) -> 2735.2 | AC37: =(ES37) -> 0 | AD37: =(ET37) -> 0 | AE37: =(EU37) -> 0 | AF37: =(EV37) -> 2735.2 | AG37: =(AP37) -> 0 | AH37: =(EW37) -> 260 | AI37: =(EX37) -> 0 | AJ37: =(AS37) -> 0 | AK37: 2735.2 | AL37: 0 | AM37: 0 | AN37: 0 | AO37: 2735.2 | AP37: 0 | AQ37: 260 | AR37: 0 | AS37: 0 | AT37: 78 | AU37: 42 | AV37: 1.248 | AW37: 1 | AX37: 1 | AY37: 1 | AZ37: 13.09 | BA37: 13.09 | BB37: 1 | BC37: 1 | BH37: 0 | BI37: 1 | BJ37: ТСН-2001.6. База. Сб.51, т.4, поз.1 | BM37: 390 | BN37: 0 | BO37: 6.51-4-1 | BP37: 1 | BQ37: 60 | BR37: 0 | BS37: 13.09 | BT37: 1 | BU37: 1 | BV37: 1 | BW37: 1 | BX37: 1 | BZ37: 78 | CA37: 42 | CF37: 0 | CG37: 0 | CM37: 0 | CO37: 0 | CP37: =(P37+Q37+S37) -> 0 | CQ37: =((AC37*AW37))*BC37 -> 0 | CR37: =((AD37*AV37))*BB37 -> 0 | CS37: =((AE37*AV37))*BS37 -> 0 | CT37: =((AF37*AV37))*BA37 -> 44683.102 | CU37: =(AG37)*BT37 -> 0 | CV37: =((AH37*AV37))*BU37 -> 324.48 | CW37: =(AI37)*BV37 -> 0 | CX37: =(AJ37)*BW37 -> 0 | CY37: =S37*(BZ37/100) -> 0 | CZ37: =S37*(CA37/100) -> 0 | DN37: 91 | DO37: 67 | DP37: 1.248 | DQ37: 1 | DR37: 1 | DS37: 1 | DT37: 1 | DU37: 1013 | DV37: 100 ям | DW37: 100 ям | DX37: 1 | EE37: 14030249 | EF37: 60 | EG37: Ремонтно-строительные работы | EH37: 0 | EJ37: 1 | EK37: 390 | EL37: ТСН-2001.6-51. 51-1...51-4 | EM37: ТСН-2001.6-51-1 | EQ37: 64 | ER37: 2735.2 | ES37: 0 | ET37: 0 | EU37: 0 | EV37: 2735.2 | EW37: 260 | EX37: 0 | EY37: 0 | EZ37: 0 | FQ37: 0 | FR37: =ROUND(IF(AND(AA37=0,BI37=3),P37,0),2) -> 0 | FS37: 0 | FX37: 78 | FY37: 42 | GA37: 0 | GB37: 0 | GC37: 0 | GD37: 0 | GE37: 0 | GF37: 0 | GG37: 0 | GH37: 0 | GI37: 0 | GJ37: 0 | GK37: 0
A38: 17 | B38: 1 | C38: =ROW(SmtRes!A27) -> 27 | D38: =ROW(EtalonRes!A12) -> 12 | E38: 4 | F38: 3.27-71-1 | G38: УСТАНОВКА ДОРОЖНЫХ ЗНАКОВ НА МЕТАЛЛИЧЕСКИХ СТОЙКАХ | H38: 100 шт. | I38: 2.46 | J38: 0 | O38: =ROUND(CP38,2) -> 120790.17 | P38: =ROUND(CQ38*I38,2) -> 8517.31 | Q38: =ROUND(CR38*I38,2) -> 0 | R38: =ROUND(CS38*I38,2) -> 0 | S38: =ROUND(CT38*I38,2) -> 112272.86 | T38: =ROUND(CU38*I38,2) -> 0 | U38: =CV38*I38 -> 767.17417 | V38: =CW38*I38 -> 0 | W38: =ROUND(CX38*I38,2) -> 0 | X38: =ROUND(CY38,2) -> 87572.83 | Y38: =ROUND(CZ38,2) -> 47154.6 | AA38: 0 | AB38: =(AC38+AD38+AF38) -> 4511.75 | AC38: =(ES38) -> 1181.68 | AD38: =((ET38*0)) -> 0 | AE38: =((EU38*0)) -> 0 | AF38: =(EV38) -> 3330.07 | AG38: =(AP38) -> 0 | AH38: =(EW38) -> 297.86 | AI38: =((EX38*0)) -> 0 | AJ38: =(AS38) -> 0 | AK38: 5627.04 | AL38: 1181.68 | AM38: 1115.29 | AN38: 247.94 | AO38: 3330.07 | AP38: 0 | AQ38: 297.86 | AR38: 0 | AS38: 0 | AT38: 78 | AU38: 42 | AV38: 1.047 | AW38: 1 | AX38: 1 | AY38: 1 | AZ38: 13.09 | BA38: 13.09 | BB38: 7.91 | BC38: 2.93 | BH38: 0 | BI38: 1 | BJ38: ТСН-2001.3. База. Сб.27, т.71, поз.1 | BM38: 167 | BN38: 0 | BO38: 3.27-71-1 | BP38: 1 | BQ38: 30 | BR38: 0 | BS38: 13.09 | BT38: 1 | BU38: 1 | BV38: 1 | BW38: 1 | BX38: 1 | BZ38: 78 | CA38: 42 | CF38: 0 | CG38: 0 | CM38: 0 | CO38: 0 | CP38: =(P38+Q38+S38) -> 120790.17 | CQ38: =((AC38*AW38))*BC38 -> 3462.3224 | CR38: =((AD38*AV38))*BB38 -> 0 | CS38: =((AE38*AV38))*BS38 -> 0 | CT38: =((AF38*AV38))*BA38 -> 45639.375 | CU38: =(AG38)*BT38 -> 0 | CV38: =((AH38*AV38))*BU38 -> 311.85942 | CW38: =(AI38)*BV38 -> 0 | CX38: =(AJ38)*BW38 -> 0 | CY38: =S38*(BZ38/100) -> 87572.831 | CZ38: =S38*(CA38/100) -> 47154.601 | DE38: *0 | DF38: *0 | DJ38: *0 | DN38: 91 | DO38: 70 | DP38: 1.047 | DQ38: 1 | DR38: 1 | DS38: 1 | DT38: 1 | DU38: 1010 | DV38: 100 шт. | DW38: 100 шт. | DX38: 100 | EE38: 14030026 | EF38: 30 | EG38: Строительные работы | EH38: 0 | EJ38: 1 | EK38: 167 | EL38: ТСН-2001.3-27. 27-71, 27-72 | EM38: ТСН-2001.3-27-22 | EQ38: 64 | ER38: 5627.04 | ES38: 1181.68 | ET38: 1115.29 | EU38: 247.94 | EV38: 3330.07 | EW38: 297.86 | EX38: 0 | EY38: 0 | EZ38: 0 | FQ38: 0 | FR38: =ROUND(IF(AND(AA38=0,BI38=3),P38,0),2) -> 0 | FS38: 0 | FX38: 78 | FY38: 42 | GA38: 0 | GB38: 0 | GC38: 0 | GD38: 0 | GE38: 0 | GF38: 0 | GG38: 0 | GH38: 0 | GI38: 0 | GJ38: 0 | GK38: 0
A39: 18 | B39: 1 | C39: 24 | E39: 4,1 | F39: 1.7-13-100 | G39: СТОЙКИ ИЗ ОЦИНКОВАННОЙ СТАЛИ, ДИАМЕТР 76 ММ, ДЛИНА 3 М | H39: шт. | I39: =I38*J39 -> 246 | J39: 100 | O39: =ROUND(CP39,2) -> 429596.69 | P39: =ROUND(CQ39*I39,2) -> 429596.69 | Q39: =ROUND(CR39*I39,2) -> 0 | R39: =ROUND(CS39*I39,2) -> 0 | S39: =ROUND(CT39*I39,2) -> 0 | T39: =ROUND(CU39*I39,2) -> 0 | U39: =CV39*I39 -> 0 | V39: =CW39*I39 -> 0 | W39: =ROUND(CX39*I39,2) -> 0 | X39: =ROUND(CY39,2) -> 0 | Y39: =ROUND(CZ39,2) -> 0 | AA39: 0 | AB39: =(AC39+AD39+AF39) -> 574.45 | AC39: =AL39 -> 574.45 | AD39: =AM39 -> 0 | AE39: =AN39 -> 0 | AF39: =AO39 -> 0 | AG39: =AP39 -> 0 | AH39: =AQ39 -> 0 | AI39: =AR39 -> 0 | AJ39: =AS39 -> 0 | AK39: 574.45 | AL39: 574.45 | AM39: 0 | AN39: 0 | AO39: 0 | AP39: 0 | AQ39: 0 | AR39: 0 | AS39: 0 | AT39: 0 | AU39: 0 | AV39: 1.047 | AW39: 1 | AX39: 1 | AY39: 1 | AZ39: 1 | BA39: 1 | BB39: 1 | BC39: 3.04 | BH39: 3 | BI39: 1 | BJ39: ТСН-2001.1. База. Р.7, о.13, поз.100 | BM39: 167 | BN39: 0 | BO39: 1.7-13-100 | BP39: 1 | BQ39: 30 | BR39: 0 | BS39: 1 | BT39: 1 | BU39: 1 | BV39: 1 | BW39: 1 | BX39: 1 | BZ39: 0 | CA39: 0 | CF39: 0 | CG39: 0 | CM39: 0 | CO39: 0 | CP39: =(P39+Q39+S39) -> 429596.69 | CQ39: =((AC39*AW39))*BC39 -> 1746.328 | CR39: =((AD39*AV39))*BB39 -> 0 | CS39: =((AE39*AV39))*BS39 -> 0 | CT39: =((AF39*AV39))*BA39 -> 0 | CU39: =(AG39)*BT39 -> 0 | CV39: =((AH39*AV39))*BU39 -> 0 | CW39: =(AI39)*BV39 -> 0 | CX39: =(AJ39)*BW39 -> 0 | CY39: =S39*(BZ39/100) -> 0 | CZ39: =S39*(CA39/100) -> 0 | DN39: 91 | DO39: 70 | DP39: 1.047 | DQ39: 1 | DR39: 1 | DS39: 1 | DT39: 1 | DU39: 1010 | DV39: шт. | DW39: шт. | DX39: 1 | EE39: 14030026 | EF39: 30 | EG39: Строительные работы | EH39: 0 | EJ39: 1 | EK39: 167 | EL39: ТСН-2001.3-27. 27-71, 27-72 | EM39: ТСН-2001.3-27-22 | EQ39: 0 | ER39: 574.45 | ES39: 574.45 | ET39: 0 | EU39: 0 | EV39: 0 | EW39: 0 | EX39: 0 | EZ39: 0 | FQ39: 0 | FR39: =ROUND(IF(AND(AA39=0,BI39=3),P39,0),2) -> 0 | FS39: 0 | FX39: 0 | FY39: 0 | GA39: 574.45 | GB39: 574.45 | GC39: 0 | GD39: 0 | GE39: 0 | GF39: 574.45 | GG39: 574.45 | GH39: 0 | GI39: 0 | GJ39: 0 | GK39: 0
A40: 18 | B40: 1 | C40: 27 | E40: 4,2 | F40: 1.7-13-4 | G40: ЗНАКИ ИЗ ТОНКОЛИСТОВОЙ ОЦИНКОВАННОЙ СТАЛИ СО СВЕТОВОЗВРАЩАЮЩЕЙ ПЛЕНКОЙ, КРУГЛОЙ ФОРМЫ, ДИАМЕТР 600 ММ | H40: шт. | I40: =I38*J40 -> 246 | J40: 100 | O40: =ROUND(CP40,2) -> 186204.93 | P40: =ROUND(CQ40*I40,2) -> 186204.93 | Q40: =ROUND(CR40*I40,2) -> 0 | R40: =ROUND(CS40*I40,2) -> 0 | S40: =ROUND(CT40*I40,2) -> 0 | T40: =ROUND(CU40*I40,2) -> 0 | U40: =CV40*I40 -> 0 | V40: =CW40*I40 -> 0 | W40: =ROUND(CX40*I40,2) -> 0 | X40: =ROUND(CY40,2) -> 0 | Y40: =ROUND(CZ40,2) -> 0 | AA40: 0 | AB40: =(AC40+AD40+AF40) -> 479.07 | AC40: =AL40 -> 479.07 | AD40: =AM40 -> 0 | AE40: =AN40 -> 0 | AF40: =AO40 -> 0 | AG40: =AP40 -> 0 | AH40: =AQ40 -> 0 | AI40: =AR40 -> 0 | AJ40: =AS40 -> 0 | AK40: 479.07 | AL40: 479.07 | AM40: 0 | AN40: 0 | AO40: 0 | AP40: 0 | AQ40: 0 | AR40: 0 | AS40: 0 | AT40: 0 | AU40: 0 | AV40: 1 | AW40: 1 | AX40: 1 | AY40: 1 | AZ40: 1 | BA40: 1 | BB40: 1 | BC40: 1.58 | BH40: 3 | BI40: 1 | BJ40: ТСН-2001.1. База. Р.7, о.13, поз.4 | BM40: 167 | BN40: 0 | BO40: 1.7-13-4 | BP40: 1 | BQ40: 30 | BR40: 0 | BS40: 1 | BT40: 1 | BU40: 1 | BV40: 1 | BW40: 1 | BX40: 1 | BZ40: 0 | CA40: 0 | CF40: 0 | CG40: 0 | CM40: 0 | CO40: 0 | CP40: =(P40+Q40+S40) -> 186204.93 | CQ40: =((AC40*AW40))*BC40 -> 756.9306 | CR40: =((AD40*AV40))*BB40 -> 0 | CS40: =((AE40*AV40))*BS40 -> 0 | CT40: =((AF40*AV40))*BA40 -> 0 | CU40: =(AG40)*BT40 -> 0 | CV40: =((AH40*AV40))*BU40 -> 0 | CW40: =(AI40)*BV40 -> 0 | CX40: =(AJ40)*BW40 -> 0 | CY40: =S40*(BZ40/100) -> 0 | CZ40: =S40*(CA40/100) -> 0 | DN40: 91 | DO40: 70 | DP40: 1.047 | DQ40: 1 | DR40: 1 | DS40: 1 | DT40: 1 | DU40: 1010 | DV40: шт. | DW40: шт. | DX40: 1 | EE40: 14030026 | EF40: 30 | EG40: Строительные работы | EH40: 0 | EJ40: 1 | EK40: 167 | EL40: ТСН-2001.3-27. 27-71, 27-72 | EM40: ТСН-2001.3-27-22 | EQ40: 0 | ER40: 479.07 | ES40: 479.07 | ET40: 0 | EU40: 0 | EV40: 0 | EW40: 0 | EX40: 0 | EZ40: 0 | FQ40: 0 | FR40: =ROUND(IF(AND(AA40=0,BI40=3),P40,0),2) -> 0 | FS40: 0 | FX40: 0 | FY40: 0 | GA40: 479.07 | GB40: 479.07 | GC40: 0 | GD40: 0 | GE40: 0 | GF40: 479.07 | GG40: 479.07 | GH40: 0 | GI40: 0 | GJ40: 0 | GK40: 0
A41: 18 | B41: 1 | C41: 25 | E41: 4,3 | F41: 1.7-13-16 | G41: ЗНАКИ ИЗ ТОНКОЛИСТОВОЙ ОЦИНКОВАННОЙ СТАЛИ СО СВЕТОВОЗВРАЩАЮЩЕЙ ПЛЕНКОЙ, ПРЯМОУГОЛЬНОЙ ФОРМЫ, СО СТОРОНАМИ РАЗМЕРОМ 300Х600 ММ | H41: шт. | I41: 492 | J41: 200 | O41: =ROUND(CP41,2) -> 237055.34 | P41: =ROUND(CQ41*I41,2) -> 237055.34 | Q41: =ROUND(CR41*I41,2) -> 0 | R41: =ROUND(CS41*I41,2) -> 0 | S41: =ROUND(CT41*I41,2) -> 0 | T41: =ROUND(CU41*I41,2) -> 0 | U41: =CV41*I41 -> 0 | V41: =CW41*I41 -> 0 | W41: =ROUND(CX41*I41,2) -> 0 | X41: =ROUND(CY41,2) -> 0 | Y41: =ROUND(CZ41,2) -> 0 | AA41: 0 | AB41: =(AC41+AD41+AF41) -> 312.87 | AC41: =AL41 -> 312.87 | AD41: =AM41 -> 0 | AE41: =AN41 -> 0 | AF41: =AO41 -> 0 | AG41: =AP41 -> 0 | AH41: =AQ41 -> 0 | AI41: =AR41 -> 0 | AJ41: =AS41 -> 0 | AK41: 312.87 | AL41: 312.87 | AM41: 0 | AN41: 0 | AO41: 0 | AP41: 0 | AQ41: 0 | AR41: 0 | AS41: 0 | AT41: 0 | AU41: 0 | AV41: 1.047 | AW41: 1 | AX41: 1 | AY41: 1 | AZ41: 1 | BA41: 1 | BB41: 1 | BC41: 1.54 | BH41: 3 | BI41: 1 | BJ41: ТСН-2001.1. База. Р.7, о.13, поз.16 | BM41: 167 | BN41: 0 | BO41: 1.7-13-16 | BP41: 1 | BQ41: 30 | BR41: 0 | BS41: 1 | BT41: 1 | BU41: 1 | BV41: 1 | BW41: 1 | BX41: 1 | BZ41: 0 | CA41: 0 | CF41: 0 | CG41: 0 | CM41: 0 | CO41: 0 | CP41: =(P41+Q41+S41) -> 237055.34 | CQ41: =((AC41*AW41))*BC41 -> 481.8198 | CR41: =((AD41*AV41))*BB41 -> 0 | CS41: =((AE41*AV41))*BS41 -> 0 | CT41: =((AF41*AV41))*BA41 -> 0 | CU41: =(AG41)*BT41 -> 0 | CV41: =((AH41*AV41))*BU41 -> 0 | CW41: =(AI41)*BV41 -> 0 | CX41: =(AJ41)*BW41 -> 0 | CY41: =S41*(BZ41/100) -> 0 | CZ41: =S41*(CA41/100) -> 0 | DN41: 91 | DO41: 70 | DP41: 1.047 | DQ41: 1 | DR41: 1 | DS41: 1 | DT41: 1 | DU41: 1010 | DV41: шт. | DW41: шт. | DX41: 1 | EE41: 14030026 | EF41: 30 | EG41: Строительные работы | EH41: 0 | EJ41: 1 | EK41: 167 | EL41: ТСН-2001.3-27. 27-71, 27-72 | EM41: ТСН-2001.3-27-22 | EQ41: 0 | ER41: 312.87 | ES41: 312.87 | ET41: 0 | EU41: 0 | EV41: 0 | EW41: 0 | EX41: 0 | EZ41: 0 | FQ41: 0 | FR41: =ROUND(IF(AND(AA41=0,BI41=3),P41,0),2) -> 0 | FS41: 0 | FX41: 0 | FY41: 0 | GA41: 312.87 | GB41: 312.87 | GC41: 0 | GD41: 0 | GE41: 0 | GF41: 312.87 | GG41: 312.87 | GH41: 0 | GI41: 0 | GJ41: 0 | GK41: 0
A42: 17 | B42: 1 | C42: =ROW(SmtRes!A32) -> 32 | D42: =ROW(EtalonRes!A17) -> 17 | E42: 5 | F42: 6.66-105-1 | G42: УСТАНОВКА ПРЕДУПРЕДИТЕЛЬНЫХ ЗНАКОВ | H42: шт. | I42: 0 | J42: 0 | O42: =ROUND(CP42,2) -> 0 | P42: =ROUND(CQ42*I42,2) -> 0 | Q42: =ROUND(CR42*I42,2) -> 0 | R42: =ROUND(CS42*I42,2) -> 0 | S42: =ROUND(CT42*I42,2) -> 0 | T42: =ROUND(CU42*I42,2) -> 0 | U42: =CV42*I42 -> 0 | V42: =CW42*I42 -> 0 | W42: =ROUND(CX42*I42,2) -> 0 | X42: =ROUND(CY42,2) -> 0 | Y42: =ROUND(CZ42,2) -> 0 | AA42: 0 | AB42: =(AC42+AD42+AF42) -> 280.79 | AC42: =(ES42) -> 61.83 | AD42: =(ET42) -> 178.08 | AE42: =(EU42) -> 46.34 | AF42: =(EV42) -> 40.88 | AG42: =(AP42) -> 0 | AH42: =(EW42) -> 3.58 | AI42: =(EX42) -> 0 | AJ42: =(AS42) -> 0 | AK42: 280.79 | AL42: 61.83 | AM42: 178.08 | AN42: 46.34 | AO42: 40.88 | AP42: 0 | AQ42: 3.58 | AR42: 0 | AS42: 0 | AT42: 78 | AU42: 42 | AV42: 1.047 | AW42: 1.002 | AX42: 1 | AY42: 1 | AZ42: 13.09 | BA42: 13.09 | BB42: 4.43 | BC42: 8.77 | BH42: 0 | BI42: 1 | BJ42: ТСН-2001.6. База. Сб.66, т.105, поз.1 | BM42: 650 | BN42: 0 | BO42: 6.66-105-1 | BP42: 1 | BQ42: 60 | BR42: 0 | BS42: 13.09 | BT42: 1 | BU42: 1 | BV42: 1 | BW42: 1 | BX42: 1 | BZ42: 78 | CA42: 42 | CF42: 0 | CG42: 0 | CM42: 0 | CO42: 0 | CP42: =(P42+Q42+S42) -> 0 | CQ42: =((AC42*AW42))*BC42 -> 543.3336 | CR42: =((AD42*AV42))*BB42 -> 825.97244 | CS42: =((AE42*AV42))*BS42 -> 635.10036 | CT42: =((AF42*AV42))*BA42 -> 560.2698 | CU42: =(AG42)*BT42 -> 0 | CV42: =((AH42*AV42))*BU42 -> 3.74826 | CW42: =(AI42)*BV42 -> 0 | CX42: =(AJ42)*BW42 -> 0 | CY42: =S42*(BZ42/100) -> 0 | CZ42: =S42*(CA42/100) -> 0 | DN42: 91 | DO42: 70 | DP42: 1.047 | DQ42: 1.002 | DR42: 1 | DS42: 1 | DT42: 1 | DU42: 1010 | DV42: шт. | DW42: шт. | DX42: 1 | EE42: 14030509 | EF42: 60 | EG42: Ремонтно-строительные работы | EH42: 0 | EJ42: 1 | EK42: 650 | EL42: ТСН-2001.6-66. 66-101...66-117 | EM42: ТСН-2001.6-66-21 | EQ42: 64 | ER42: 280.79 | ES42: 61.83 | ET42: 178.08 | EU42: 46.34 | EV42: 40.88 | EW42: 3.58 | EX42: 0 | EY42: 0 | EZ42: 0 | FQ42: 0 | FR42: =ROUND(IF(AND(AA42=0,BI42=3),P42,0),2) -> 0 | FS42: 0 | FX42: 78 | FY42: 42 | GA42: 0 | GB42: 0 | GC42: 0 | GD42: 0 | GE42: 0 | GF42: 0 | GG42: 0 | GH42: 0 | GI42: 0 | GJ42: 0 | GK42: 0
A44: 51 | B44: =B20 -> 1 | C44: =A20 -> 3 | D44: =ROW(A20) -> 20 | F44: =IF(F20<>"",F20,"") -> Новая локальная смета | G44: =IF(G20<>"",G20,"") -> Новая локальная смета | O44: =ROUND(AB44,2) -> 4021607.1 | P44: =ROUND(AC44,2) -> 1584427.5 | Q44: =ROUND(AD44,2) -> 1712613.5 | R44: =ROUND(AE44,2) -> 469620.76 | S44: =ROUND(AF44,2) -> 724566.14 | T44: =ROUND(AG44,2) -> 0 | U44: =ROUND(AH44,2) -> 4817.01 | V44: =ROUND(AI44,2) -> 0 | ... Y44: =ROUND(AL44,2) -> 304317.78 | AB44: =ROUND(SUMIF(AA24:AA42,"=0",O24:O42),2) -> 4021607.1 | AC44: =ROUND(SUMIF(AA24:AA42,"=0",P24:P42),2) -> 1584427.5 | AD44: =ROUND(SUMIF(AA24:AA42,"=0",Q24:Q42),2) -> 1712613.5 | AE44: =ROUND(SUMIF(AA24:AA42,"=0",R24:R42),2) -> 469620.76 | AF44: =ROUND(SUMIF(AA24:AA42,"=0",S24:S42),2) -> 724566.14 | AG44: =ROUND(SUMIF(AA24:AA42,"=0",T24:T42),2) -> 0 | AH44: =ROUND(SUMIF(AA24:AA42,"=0",U24:U42),2) -> 4817.01 | AI44: =ROUND(SUMIF(AA24:AA42,"=0",V24:V42),2) -> 0 | AJ44: =ROUND(SUMIF(AA24:AA42,"=0",W24:W42),2) -> 0 | AK44: =ROUND(SUMIF(AA24:AA42,"=0",X24:X42),2) -> 822324.77 | AL44: =ROUND(SUMIF(AA24:AA42,"=0",Y24:Y42),2) -> 304317.78 | AN44: =ROUND(AO44,2) -> 0 | AO44: =ROUND(SUMIF(AA24:AA42,"=0",FQ24:FQ42),2) -> 0 | AP44: =ROUND(AQ44,2) -> 0 | AQ44: =ROUND(SUM(FR24:FR42),2) -> 0
A46: 50 | B46: 0 | C46: 0 | D46: 1 | E46: 201 | F46: =Source!O44 -> 4021607.1 | G46: ПЗ | H46: Прямые затраты | K46: 201 | L46: 1 | M46: 3
A47: 50 | B47: 0 | C47: 0 | D47: 1 | E47: 202 | F47: =Source!P44 -> 1584427.5 | G47: СтМат | H47: Стоимость материальных ресурсов | K47: 202 | L47: 2 | M47: 3
A48: 50 | B48: 0 | C48: 0 | D48: 1 | E48: 222 | F48: =Source!AN44 -> 0 | G48: СтМатЗак | H48: Стоимость материалов заказчика | K48: 222 | L48: 3 | M48: 3
A49: 50 | B49: 0 | C49: 0 | D49: 1 | E49: 216 | F49: =Source!AP44 -> 0 | G49: Оборуд | H49: Стоимость оборудования | K49: 216 | L49: 4 | M49: 3
A50: 50 | B50: 0 | C50: 0 | D50: 1 | E50: 203 | F50: =Source!Q44 -> 1712613.5 | G50: ЭММ | H50: Эксплуатация машин | K50: 203 | L50: 5 | M50: 3
A51: 50 | B51: 0 | C51: 0 | D51: 1 | E51: 204 | F51: =Source!R44 -> 469620.76 | G51: ЗПМ | H51: ЗП машинистов | K51: 204 | L51: 6 | M51: 3
A52: 50 | B52: 0 | C52: 0 | D52: 1 | E52: 205 | F52: =Source!S44 -> 724566.14 | G52: ОЗП | H52: Основная ЗП рабочих | K52: 205 | L52: 7 | M52: 3
A53: 50 | B53: 0 | C53: 0 | D53: 1 | E53: 206 | F53: =Source!T44 -> 0 | G53: ВозврМат | H53: Возврат материалов | K53: 206 | L53: 8 | M53: 3
A54: 50 | B54: 0 | C54: 0 | D54: 1 | E54: 207 | F54: =Source!U44 -> 4817.01 | G54: ТрудСтр | H54: Трудозатраты строителей | K54: 207 | L54: 9 | M54: 3
A55: 50 | B55: 0 | C55: 0 | D55: 1 | E55: 208 | F55: =Source!V44 -> 0 | G55: ТрудМаш | H55: Трудозатраты машинистов | K55: 208 | L55: 10 | M55: 3
A56: 50 | B56: 0 | C56: 0 | D56: 1 | E56: 209 | F56: =Source!W44 -> 0 | G56: ТранспМат | H56: Транспорт материалов | K56: 209 | L56: 11 | M56: 3
A57: 50 | B57: 0 | C57: 0 | D57: 1 | E57: 210 | F57: =Source!X44 -> 822324.77 | G57: НР | H57: Накладные расходы | K57: 210 | L57: 12 | M57: 3
A58: 50 | B58: 0 | C58: 0 | D58: 1 | E58: 211 | F58: =Source!Y44 -> 304317.78 | G58: СмПриб | H58: Сметная прибыль | K58: 211 | L58: 13 | M58: 3
A60: 51 | B60: =B12 -> 1 | C60: =A12 -> 1 | D60: =ROW(A12) -> 12 | F60: =IF(F12<>"",F12,"") -> Новый объект | G60: =IF(G12<>"",G12,"") -> выполнение работ по разметке площадок для расстановки пожарной (специальной) техники 132 шт. | O60: =ROUND(O44,2) -> 4021607.1 | P60: =ROUND(P44,2) -> 1584427.5 | Q60: =ROUND(Q44,2) -> 1712613.5 | R60: =ROUND(R44,2) -> 469620.76 | S60: =ROUND(S44,2) -> 724566.14 | T60: =ROUND(T44,2) -> 0 | U60: =ROUND(U44,2) -> 4817.01 | V60: =ROUND(V44,2) -> 0 | ... Y60: =ROUND(Y44,2) -> 304317.78 | AB60: 0 | AC60: 0 | AD60: 0 | AE60: 0 | AF60: 0 | AG60: 0 | AH60: 0 | AI60: 0 | AJ60: 0 | AK60: 0 | AL60: 0 | AN60: =ROUND(AN44,2) -> 0 | AO60: 0 | AP60: =ROUND(AP44,2) -> 0 | AQ60: 0
A62: 50 | B62: 0 | C62: 0 | D62: 1 | E62: 201 | F62: =Source!O60 -> 4021607.1 | G62: ПЗ | H62: Прямые затраты | K62: 201 | L62: 1 | M62: 3
A63: 50 | B63: 0 | C63: 0 | D63: 1 | E63: 202 | F63: =Source!P60 -> 1584427.5 | G63: СтМат | H63: Стоимость материальных ресурсов | K63: 202 | L63: 2 | M63: 3
A64: 50 | B64: 0 | C64: 0 | D64: 1 | E64: 222 | F64: =Source!AN60 -> 0 | G64: СтМатЗак | H64: Стоимость материалов заказчика | K64: 222 | L64: 3 | M64: 3
A65: 50 | B65: 0 | C65: 0 | D65: 1 | E65: 216 | F65: =Source!AP60 -> 0 | G65: Оборуд | H65: Стоимость оборудования | K65: 216 | L65: 4 | M65: 3
A66: 50 | B66: 0 | C66: 0 | D66: 1 | E66: 203 | F66: =Source!Q60 -> 1712613.5 | G66: ЭММ | H66: Эксплуатация машин | K66: 203 | L66: 5 | M66: 3
A67: 50 | B67: 0 | C67: 0 | D67: 1 | E67: 204 | F67: =Source!R60 -> 469620.76 | G67: ЗПМ | H67: ЗП машинистов | K67: 204 | L67: 6 | M67: 3
A68: 50 | B68: 0 | C68: 0 | D68: 1 | E68: 205 | F68: =Source!S60 -> 724566.14 | G68: ОЗП | H68: Основная ЗП рабочих | K68: 205 | L68: 7 | M68: 3
A69: 50 | B69: 0 | C69: 0 | D69: 1 | E69: 206 | F69: =Source!T60 -> 0 | G69: ВозврМат | H69: Возврат материалов | K69: 206 | L69: 8 | M69: 3
A70: 50 | B70: 0 | C70: 0 | D70: 1 | E70: 207 | F70: =Source!U60 -> 4817.01 | G70: ТрудСтр | H70: Трудозатраты строителей | K70: 207 | L70: 9 | M70: 3
A71: 50 | B71: 0 | C71: 0 | D71: 1 | E71: 208 | F71: =Source!V60 -> 0 | G71: ТрудМаш | H71: Трудозатраты машинистов | K71: 208 | L71: 10 | M71: 3
A72: 50 | B72: 0 | C72: 0 | D72: 1 | E72: 209 | F72: =Source!W60 -> 0 | G72: ТранспМат | H72: Транспорт материалов | K72: 209 | L72: 11 | M72: 3
A73: 50 | B73: 0 | C73: 0 | D73: 1 | E73: 210 | F73: =Source!X60 -> 822324.77 | G73: НР | H73: Накладные расходы | K73: 210 | L73: 12 | M73: 3
A74: 50 | B74: 0 | C74: 0 | D74: 1 | E74: 211 | F74: =Source!Y60 -> 304317.78 | G74: СмПриб | H74: Сметная прибыль | K74: 211 | L74: 13 | M74: 3
A75: 50 | B75: 1 | C75: 0 | D75: 2 | E75: 0 | F75: =ROUND(Source!F62+Source!F73+Source!F74+Source!F67*1.67,2) -> 5932516.3 | G75: ит | H75: ИТОГО | K75: 212 | L75: 14 | M75: 0
A76: 50 | B76: 1 | C76: 0 | D76: 2 | E76: 0 | F76: =ROUND(Source!F75*0.18,2) -> 1067852.9 | G76: НДС | H76: НДС-18% | K76: 212 | L76: 15 | M76: 0
A77: 50 | B77: 1 | C77: 0 | D77: 2 | E77: 0 | F77: =ROUND(Source!F75+Source!F76,2) -> 7000369.3 | G77: Вс | H77: Всего | K77: 212 | L77: 16 | M77: 0
A81: 65 | C81: 1 | D81: 0 | E81: 200

Sheet SmtRes
A1: =ROW(Source!A24) -> 24 | B1: 14333572 | C1: 14333464 | D1: 7157835 | E1: 7157832 | F1: 1 | G1: 7157832 | H1: 1 | I1: 9999990008 | K1: ТРУДОЗАТРАТЫ РАБОЧИХ (ЭСН) | L1: 1191 | N1: 1013 | O1: чел.-ч. | P1: чел.-ч. | Q1: 1 | Y1: 0.23 | AA1: 0 | AB1: 0 | AC1: 0 | AD1: 0 | AN1: 0 | AO1: 1 | AP1: 1 | AQ1: 0 | AR1: 0 | AT1: 0.2 | AU1: *1,15 | AV1: 1 | AW1: 2 | AX1: 14333572 | AY1: 1 | AZ1: 0 | BA1: 1 | BB1: 0 | BC1: 0 | BD1: 0 | BE1: 0 | BF1: 0 | BG1: 0 | BH1: 0 | BI1: 0 | BJ1: 0 | BK1: 0 | BL1: 0 | BM1: 0 | BN1: 0 | BO1: 0 | BP1: 0 | BQ1: 0 | BR1: 0 | BS1: 0 | BT1: 0 | BU1: 0 | BV1: 0 | BW1: 0 | CB1: 0
A2: =ROW(Source!A24) -> 24 | B2: 14333573 | C2: 14333464 | D2: 7231025 | E2: 1 | F2: 1 | G2: 7157832 | H2: 2 | I2: 2.1-5-75 | J2: ТСН-2001.2. База. п.1-5-75 (057208) | K2: МАШИНЫ РАЗМЕТОЧНЫЕ, ТИП BMT-350С, ДЛЯ НАНЕСЕНИЯ КРАСКИ, ФИРМА “BORUM INDASTRI A/S”, ДАНИЯ | L2: 1368 | N2: 1011 | O2: маш.-ч | P2: маш.-ч | Q2: 1 | Y2: 0.0625 | AA2: 0 | AB2: 744.64 | AC2: 32.54 | AD2: 0 | AN2: 0 | AO2: 1 | AP2: 1 | AQ2: 0 | AR2: 0 | AT2: 0.05 | AU2: *1,25 | AV2: 0 | AW2: 2 | AX2: 14333573 | AY2: 1 | AZ2: 0 | BA2: 2 | BB2: 0 | BC2: 0 | BD2: 0 | BE2: 0 | BF2: 0 | BG2: 0 | BH2: 0 | BI2: 0 | BJ2: 0 | BK2: 0 | BL2: 0 | BM2: 0 | BN2: 0 | BO2: 0 | BP2: 0 | BQ2: 0 | BR2: 0 | BS2: 0 | BT2: 0 | BU2: 0 | BV2: 0 | BW2: 0 | CB2: 0
A3: =ROW(Source!A24) -> 24 | B3: 14333577 | C3: 14333464 | D3: 7233611 | E3: 1 | F3: 1 | G3: 7157832 | H3: 3 | I3: 1.1-1-1973 | J3: ТСН-2001.1. База. Р.1, о.1, поз.1973 | K3: КРАСКА ДОРОЖНАЯ РАЗМЕТОЧНАЯ БЕЛАЯ, МАРКА "MAC GREGOR ALASKA" | L3: 1346 | N3: 1009 | O3: кг | P3: кг | Q3: 1 | Y3: 0 | AA3: 42.29 | AB3: 0 | AC3: 0 | AD3: 0 | AN3: 0 | AO3: 0 | AP3: 0 | AQ3: 0 | AR3: 0 | AT3: 0 | AV3: 0 | AW3: 1 | AX3: -1 | AY3: 0 | AZ3: 0 | BB3: 0 | BC3: 0 | BD3: 0 | BE3: 0 | BF3: 0 | BG3: 0 | BH3: 0 | BI3: 0 | BJ3: 0 | BK3: 0 | BL3: 0 | BM3: 0 | BN3: 0 | BO3: 0 | BP3: 0 | BQ3: 0 | BR3: 0 | BS3: 0 | BT3: 0 | BU3: 0 | BV3: 0 | BW3: 0 | CB3: 0
A4: =ROW(Source!A24) -> 24 | B4: 14333617 | C4: 14333464 | D4: 7233877 | E4: 1 | F4: 1 | G4: 7157832 | H4: 3 | I4: 1.1-1-2254 | J4: ТСН-2001.1. База. Р.1, о.1, поз.2254 | K4: КРАСКА ДОРОЖНАЯ (ЭМАЛЬ) БЕЛАЯ, МАРКА "АК-505" | L4: 1348 | N4: 1009 | O4: т | P4: т | Q4: 1000 | Y4: 0.0005293449 | AA4: 32831.15 | AB4: 0 | AC4: 0 | AD4: 0 | AN4: 0 | AO4: 0 | AP4: 0 | AQ4: 0 | AR4: 0 | AT4: 0.000529 | AV4: 0 | AW4: 1 | AX4: -1 | AY4: 0 | AZ4: 0 | BB4: 0 | BC4: 0 | BD4: 0 | BE4: 0 | BF4: 0 | BG4: 0 | BH4: 0 | BI4: 0 | BJ4: 0 | BK4: 0 | BL4: 0 | BM4: 0 | BN4: 0 | BO4: 0 | BP4: 0 | BQ4: 0 | BR4: 0 | BS4: 0 | BT4: 0 | BU4: 0 | BV4: 0 | BW4: 0 | CB4: 0
A5: =ROW(Source!A24) -> 24 | B5: 14333579 | C5: 14333464 | D5: 7234198 | E5: 1 | F5: 1 | G5: 7157832 | H5: 3 | I5: 1.1-1-2596 | J5: ТСН-2001.1. База. Р.1, о.1, поз.2596 | K5: КРАСКА ДОРОЖНАЯ БЕЛАЯ, МАРКА "КОЛОР-М" | L5: 1348 | N5: 1009 | O5: т | P5: т | Q5: 1000 | Y5: 0 | AA5: 34547.81 | AB5: 0 | AC5: 0 | AD5: 0 | AN5: 0 | AO5: 0 | AP5: 0 | AQ5: 0 | AR5: 0 | AT5: 0 | AV5: 0 | AW5: 1 | AX5: -1 | AY5: 0 | AZ5: 0 | BB5: 0 | BC5: 0 | BD5: 0 | BE5: 0 | BF5: 0 | BG5: 0 | BH5: 0 | BI5: 0 | BJ5: 0 | BK5: 0 | BL5: 0 | BM5: 0 | BN5: 0 | BO5: 0 | BP5: 0 | BQ5: 0 | BR5: 0 | BS5: 0 | BT5: 0 | BU5: 0 | BV5: 0 | BW5: 0 | CB5: 0
A6: =ROW(Source!A24) -> 24 | B6: 14333581 | C6: 14333464 | D6: 7234458 | E6: 1 | F6: 1 | G6: 7157832 | H6: 3 | I6: 1.1-1-2872 | J6: ТСН-2001.1. Д.1. Р.1, о.1, поз.2872 | K6: КРАСКА ДОРОЖНАЯ БЕЛАЯ, МАРКА "РАСТР" | L6: 1348 | N6: 1009 | O6: т | P6: т | Q6: 1000 | Y6: 0 | AA6: 29915.65 | AB6: 0 | AC6: 0 | AD6: 0 | AN6: 0 | AO6: 0 | AP6: 0 | AQ6: 0 | AR6: 0 | AT6: 0 | AV6: 0 | AW6: 1 | AX6: -1 | AY6: 0 | AZ6: 0 | BB6: 0 | BC6: 0 | BD6: 0 | BE6: 0 | BF6: 0 | BG6: 0 | BH6: 0 | BI6: 0 | BJ6: 0 | BK6: 0 | BL6: 0 | BM6: 0 | BN6: 0 | BO6: 0 | BP6: 0 | BQ6: 0 | BR6: 0 | BS6: 0 | BT6: 0 | BU6: 0 | BV6: 0 | BW6: 0 | CB6: 0
A7: =ROW(Source!A29) -> 29 | B7: 14333475 | C7: 14333474 | D7: 7157835 | E7: 7157832 | F7: 1 | G7: 7157832 | H7: 1 | I7: 9999990008 | K7: ТРУДОЗАТРАТЫ РАБОЧИХ (ЭСН) | L7: 1191 | N7: 1013 | O7: чел.-ч. | P7: чел.-ч. | Q7: 1 | Y7: 0.23 | AA7: 0 | AB7: 0 | AC7: 0 | AD7: 0 | AN7: 0 | AO7: 1 | AP7: 1 | AQ7: 0 | AR7: 0 | AT7: 0.2 | AU7: *1,15 | AV7: 1 | AW7: 2 | AX7: 14333486 | AY7: 1 | AZ7: 0 | BA7: 4 | BB7: 0 | BC7: 0 | BD7: 0 | BE7: 0 | BF7: 0 | BG7: 0 | BH7: 0 | BI7: 0 | BJ7: 0 | BK7: 0 | BL7: 0 | BM7: 0 | BN7: 0 | BO7: 0 | BP7: 0 | BQ7: 0 | BR7: 0 | BS7: 0 | BT7: 0 | BU7: 0 | BV7: 0 | BW7: 0 | CB7: 0
A8: =ROW(Source!A29) -> 29 | B8: 14333476 | C8: 14333474 | D8: 7231025 | E8: 1 | F8: 1 | G8: 7157832 | H8: 2 | I8: 2.1-5-75 | J8: ТСН-2001.2. База. п.1-5-75 (057208) | K8: МАШИНЫ РАЗМЕТОЧНЫЕ, ТИП BMT-350С, ДЛЯ НАНЕСЕНИЯ КРАСКИ, ФИРМА “BORUM INDASTRI A/S”, ДАНИЯ | L8: 1368 | N8: 1011 | O8: маш.-ч | P8: маш.-ч | Q8: 1 | Y8: 0.0625 | AA8: 0 | AB8: 744.64 | AC8: 32.54 | AD8: 0 | AN8: 0 | AO8: 1 | AP8: 1 | AQ8: 0 | AR8: 0 | AT8: 0.05 | AU8: *1,25 | AV8: 0 | AW8: 2 | AX8: 14333487 | AY8: 1 | AZ8: 0 | BA8: 5 | BB8: 0 | BC8: 0 | BD8: 0 | BE8: 0 | BF8: 0 | BG8: 0 | BH8: 0 | BI8: 0 | BJ8: 0 | BK8: 0 | BL8: 0 | BM8: 0 | BN8: 0 | BO8: 0 | BP8: 0 | BQ8: 0 | BR8: 0 | BS8: 0 | BT8: 0 | BU8: 0 | BV8: 0 | BW8: 0 | CB8: 0
A9: =ROW(Source!A29) -> 29 | B9: 14333479 | C9: 14333474 | D9: 7233877 | E9: 1 | F9: 1 | G9: 7157832 | H9: 3 | I9: 1.1-1-2254 | J9: ТСН-2001.1. База. Р.1, о.1, поз.2254 | K9: ПРИМ.- КРАСКА ДОРОЖНАЯ КРАСНАЯ | L9: 1348 | N9: 1009 | O9: т | P9: т | Q9: 1000 | Y9: 0 | AA9: 32831.15 | AB9: 0 | AC9: 0 | AD9: 0 | AN9: 0 | AO9: 0 | AP9: 0 | AQ9: 0 | AR9: 0 | AT9: 0 | AV9: 0 | AW9: 1 | AX9: -1 | AY9: 0 | AZ9: 0 | BB9: 0 | BC9: 0 | BD9: 0 | BE9: 0 | BF9: 0 | BG9: 0 | BH9: 0 | BI9: 0 | BJ9: 0 | BK9: 0 | BL9: 0 | BM9: 0 | BN9: 0 | BO9: 0 | BP9: 0 | BQ9: 0 | BR9: 0 | BS9: 0 | BT9: 0 | BU9: 0 | BV9: 0 | BW9: 0 | CB9: 0
A10: =ROW(Source!A29) -> 29 | B10: 14333619 | C10: 14333474 | D10: 7233880 | E10: 1 | F10: 1 | G10: 7157832 | H10: 3 | I10: 1.1-1-2257 | J10: ТСН-2001.1. База. Р.1, о.1, поз.2257 | K10: ПРИМ.- КРАСКА ДОРОЖНАЯ КРАСНАЯ, МАРКА "АК-505" | L10: 1348 | N10: 1009 | O10: т | P10: т | Q10: 1000 | Y10: 0.0005294 | AA10: 43541.15 | AB10: 0 | AC10: 0 | AD10: 0 | AN10: 0 | AO10: 0 | AP10: 0 | AQ10: 0 | AR10: 0 | AT10: 0.0005294 | AV10: 0 | AW10: 1 | AX10: -1 | AY10: 0 | AZ10: 0 | BB10: 0 | BC10: 0 | BD10: 0 | BE10: 0 | BF10: 0 | BG10: 0 | BH10: 0 | BI10: 0 | BJ10: 0 | BK10: 0 | BL10: 0 | BM10: 0 | BN10: 0 | BO10: 0 | BP10: 0 | BQ10: 0 | BR10: 0 | BS10: 0 | BT10: 0 | BU10: 0 | BV10: 0 | BW10: 0 | CB10: 0
A11: =ROW(Source!A29) -> 29 | B11: 14333480 | C11: 14333474 | D11: 7233884 | E11: 1 | F11: 1 | G11: 7157832 | H11: 3 | I11: 1.1-1-2261 | J11: ТСН-2001.1. База. Р.1, о.1, поз.2261 | K11: КРАСКА ДОРОЖНАЯ БЕЛАЯ, МАРКА "LIMBOROUTE HR" (ФИРМА " SWARCO") | L11: 1348 | N11: 1009 | O11: т | P11: т | Q11: 1000 | Y11: 0.00053 | AA11: 28841.78 | AB11: 0 | AC11: 0 | AD11: 0 | AN11: 0 | AO11: 0 | AP11: 0 | AQ11: 0 | AR11: 0 | AT11: 0.00053 | AV11: 0 | AW11: 1 | AX11: -1 | AY11: 0 | AZ11: 0 | BB11: 0 | BC11: 0 | BD11: 0 | BE11: 0 | BF11: 0 | BG11: 0 | BH11: 0 | BI11: 0 | BJ11: 0 | BK11: 0 | BL11: 0 | BM11: 0 | BN11: 0 | BO11: 0 | BP11: 0 | BQ11: 0 | BR11: 0 | BS11: 0 | BT11: 0 | BU11: 0 | BV11: 0 | BW11: 0 | CB11: 0
A12: =ROW(Source!A29) -> 29 | B12: 14333481 | C12: 14333474 | D12: 7233885 | E12: 1 | F12: 1 | G12: 7157832 | H12: 3 | I12: 1.1-1-2262 | J12: ТСН-2001.1. База. Р.1, о.1, поз.2262 | K12: КРАСКА ДОРОЖНАЯ БЕЛАЯ, МАРКА "HS-6" (ФИРМА "PLASTIROUTE") | L12: 1348 | N12: 1009 | O12: т | P12: т | Q12: 1000 | Y12: 0.00053 | AA12: 32290.23 | AB12: 0 | AC12: 0 | AD12: 0 | AN12: 0 | AO12: 0 | AP12: 0 | AQ12: 0 | AR12: 0 | AT12: 0.00053 | AV12: 0 | AW12: 1 | AX12: -1 | AY12: 0 | AZ12: 0 | BB12: 0 | BC12: 0 | BD12: 0 | BE12: 0 | BF12: 0 | BG12: 0 | BH12: 0 | BI12: 0 | BJ12: 0 | BK12: 0 | BL12: 0 | BM12: 0 | BN12: 0 | BO12: 0 | BP12: 0 | BQ12: 0 | BR12: 0 | BS12: 0 | BT12: 0 | BU12: 0 | BV12: 0 | BW12: 0 | CB12: 0
A13: =ROW(Source!A29) -> 29 | B13: 14333482 | C13: 14333474 | D13: 7233888 | E13: 1 | F13: 1 | G13: 7157832 | H13: 3 | I13: 1.1-1-2265 | J13: ТСН-2001.1. База. Р.1, о.1, поз.2265 | K13: КРАСКА ДОРОЖНАЯ ЖЕЛТАЯ, МАРКА "БЕНДАКС ТЕНОР" (ФИРМА "МАЭСТРИЯ") | L13: 1348 | N13: 1009 | O13: т | P13: т | Q13: 1000 | Y13: 0.00053 | AA13: 34191.57 | AB13: 0 | AC13: 0 | AD13: 0 | AN13: 0 | AO13: 0 | AP13: 0 | AQ13: 0 | AR13: 0 | AT13: 0.00053 | AV13: 0 | AW13: 1 | AX13: -1 | AY13: 0 | AZ13: 0 | BB13: 0 | BC13: 0 | BD13: 0 | BE13: 0 | BF13: 0 | BG13: 0 | BH13: 0 | BI13: 0 | BJ13: 0 | BK13: 0 | BL13: 0 | BM13: 0 | BN13: 0 | BO13: 0 | BP13: 0 | BQ13: 0 | BR13: 0 | BS13: 0 | BT13: 0 | BU13: 0 | BV13: 0 | BW13: 0 | CB13: 0
A14: =ROW(Source!A29) -> 29 | B14: 14333478 | C14: 14333474 | D14: 7233889 | E14: 1 | F14: 1 | G14: 7157832 | H14: 3 | I14: 1.1-1-2266 | J14: ТСН-2001.1. База. Р.1, о.1, поз.2266 | K14: КРАСКА ДОРОЖНАЯ КРАСНАЯ, МАРКА "БЕНДАКС ТЕНОР" (ФИРМА "МАЭСТРИЯ") | L14: 1348 | N14: 1009 | O14: т | P14: т | Q14: 1000 | Y14: 0 | AA14: 38228 | AB14: 0 | AC14: 0 | AD14: 0 | AN14: 0 | AO14: 0 | AP14: 0 | AQ14: 0 | AR14: 0 | AT14: 0 | AV14: 0 | AW14: 1 | AX14: -1 | AY14: 0 | AZ14: 0 | BB14: 0 | BC14: 0 | BD14: 0 | BE14: 0 | BF14: 0 | BG14: 0 | BH14: 0 | BI14: 0 | BJ14: 0 | BK14: 0 | BL14: 0 | BM14: 0 | BN14: 0 | BO14: 0 | BP14: 0 | BQ14: 0 | BR14: 0 | BS14: 0 | BT14: 0 | BU14: 0 | BV14: 0 | BW14: 0 | CB14: 0
A15: =ROW(Source!A29) -> 29 | B15: 14333483 | C15: 14333474 | D15: 7234198 | E15: 1 | F15: 1 | G15: 7157832 | H15: 3 | I15: 1.1-1-2596 | J15: ТСН-2001.1. База. Р.1, о.1, поз.2596 | K15: КРАСКА ДОРОЖНАЯ БЕЛАЯ, МАРКА "КОЛОР-М" | L15: 1348 | N15: 1009 | O15: т | P15: т | Q15: 1000 | Y15: 0 | AA15: 34547.81 | AB15: 0 | AC15: 0 | AD15: 0 | AN15: 0 | AO15: 0 | AP15: 0 | AQ15: 0 | AR15: 0 | AT15: 0 | AV15: 0 | AW15: 1 | AX15: -1 | AY15: 0 | AZ15: 0 | BB15: 0 | BC15: 0 | BD15: 0 | BE15: 0 | BF15: 0 | BG15: 0 | BH15: 0 | BI15: 0 | BJ15: 0 | BK15: 0 | BL15: 0 | BM15: 0 | BN15: 0 | BO15: 0 | BP15: 0 | BQ15: 0 | BR15: 0 | BS15: 0 | BT15: 0 | BU15: 0 | BV15: 0 | BW15: 0 | CB15: 0
A16: =ROW(Source!A29) -> 29 | B16: 14333477 | C16: 14333474 | D16: 7234199 | E16: 1 | F16: 1 | G16: 7157832 | H16: 3 | I16: 1.1-1-2597 | J16: ТСН-2001.1. База. Р.1, о.1, поз.2597 | K16: ПРИМ.- КРАСКА ДОРОЖНАЯ КРАСНАЯ | L16: 1348 | N16: 1009 | O16: т | P16: т | Q16: 1000 | Y16: 0 | AA16: 30489.6 | AB16: 0 | AC16: 0 | AD16: 0 | AN16: 0 | AO16: 0 | AP16: 0 | AQ16: 0 | AR16: 0 | AT16: 0 | AV16: 0 | AW16: 1 | AX16: -1 | AY16: 0 | AZ16: 0 | BB16: 0 | BC16: 0 | BD16: 0 | BE16: 0 | BF16: 0 | BG16: 0 | BH16: 0 | BI16: 0 | BJ16: 0 | BK16: 0 | BL16: 0 | BM16: 0 | BN16: 0 | BO16: 0 | BP16: 0 | BQ16: 0 | BR16: 0 | BS16: 0 | BT16: 0 | BU16: 0 | BV16: 0 | BW16: 0 | CB16: 0
A17: =ROW(Source!A29) -> 29 | B17: 14333484 | C17: 14333474 | D17: 7234302 | E17: 1 | F17: 1 | G17: 7157832 | H17: 3 | I17: 1.1-1-2702 | J17: ТСН-2001.1. База. Р.1, о.1, поз.2702 | K17: КРАСКИ ДОРОЖНЫЕ ЖЕЛТЫЕ, МАРКА АК 521 "АВТОМАГИСТРАЛЬ" | L17: 1346 | N17: 1009 | O17: кг | P17: кг | Q17: 1 | Y17: 0 | AA17: 26.75 | AB17: 0 | AC17: 0 | AD17: 0 | AN17: 0 | AO17: 0 | AP17: 0 | AQ17: 0 | AR17: 0 | AT17: 0 | AV17: 0 | AW17: 1 | AX17: -1 | AY17: 0 | AZ17: 0 | BB17: 0 | BC17: 0 | BD17: 0 | BE17: 0 | BF17: 0 | BG17: 0 | BH17: 0 | BI17: 0 | BJ17: 0 | BK17: 0 | BL17: 0 | BM17: 0 | BN17: 0 | BO17: 0 | BP17: 0 | BQ17: 0 | BR17: 0 | BS17: 0 | BT17: 0 | BU17: 0 | BV17: 0 | BW17: 0 | CB17: 0
A18: =ROW(Source!A29) -> 29 | B18: 14333485 | C18: 14333474 | D18: 7234458 | E18: 1 | F18: 1 | G18: 7157832 | H18: 3 | I18: 1.1-1-2872 | J18: ТСН-2001.1. Д.1. Р.1, о.1, поз.2872 | K18: КРАСКА ДОРОЖНАЯ БЕЛАЯ, МАРКА "РАСТР" | L18: 1348 | N18: 1009 | O18: т | P18: т | Q18: 1000 | Y18: 0 | AA18: 29915.65 | AB18: 0 | AC18: 0 | AD18: 0 | AN18: 0 | AO18: 0 | AP18: 0 | AQ18: 0 | AR18: 0 | AT18: 0 | AV18: 0 | AW18: 1 | AX18: -1 | AY18: 0 | AZ18: 0 | BB18: 0 | BC18: 0 | BD18: 0 | BE18: 0 | BF18: 0 | BG18: 0 | BH18: 0 | BI18: 0 | BJ18: 0 | BK18: 0 | BL18: 0 | BM18: 0 | BN18: 0 | BO18: 0 | BP18: 0 | BQ18: 0 | BR18: 0 | BS18: 0 | BT18: 0 | BU18: 0 | BV18: 0 | BW18: 0 | CB18: 0
A19: =ROW(Source!A37) -> 37 | B19: 14333496 | C19: 14333495 | D19: 7157835 | E19: 7157832 | F19: 1 | G19: 7157832 | H19: 1 | I19: 9999990008 | K19: ТРУДОЗАТРАТЫ РАБОЧИХ (ЭСН) | L19: 1191 | N19: 1013 | O19: чел.-ч. | P19: чел.-ч. | Q19: 1 | Y19: 260 | AA19: 0 | AB19: 0 | AC19: 0 | AD19: 0 | AN19: 0 | AO19: 1 | AP19: 0 | AQ19: 0 | AR19: 0 | AT19: 260 | AV19: 1 | AW19: 2 | AX19: 14333498 | AY19: 1 | AZ19: 0 | BA19: 7 | BB19: 0 | BC19: 0 | BD19: 0 | BE19: 0 | BF19: 0 | BG19: 0 | BH19: 0 | BI19: 0 | BJ19: 0 | BK19: 0 | BL19: 0 | BM19: 0 | BN19: 0 | BO19: 0 | BP19: 0 | BQ19: 0 | BR19: 0 | BS19: 0 | BT19: 0 | BU19: 0 | BV19: 0 | BW19: 0 | CB19: 0
A20: =ROW(Source!A37) -> 37 | B20: 14333497 | C20: 14333495 | D20: 7233885 | E20: 1 | F20: 1 | G20: 7157832 | H20: 3 | I20: 1.1-1-2262 | J20: ТСН-2001.1. База. Р.1, о.1, поз.2262 | K20: КРАСКА ДОРОЖНАЯ БЕЛАЯ, МАРКА "HS-6" (ФИРМА "PLASTIROUTE") | L20: 1348 | N20: 1009 | O20: т | P20: т | Q20: 1000 | Y20: 0 | AA20: 32290.23 | AB20: 0 | AC20: 0 | AD20: 0 | AN20: 0 | AO20: 0 | AP20: 0 | AQ20: 0 | AR20: 0 | AT20: 0 | AV20: 0 | AW20: 1 | AX20: -1 | AY20: 0 | AZ20: 0 | BB20: 0 | BC20: 0 | BD20: 0 | BE20: 0 | BF20: 0 | BG20: 0 | BH20: 0 | BI20: 0 | BJ20: 0 | BK20: 0 | BL20: 0 | BM20: 0 | BN20: 0 | BO20: 0 | BP20: 0 | BQ20: 0 | BR20: 0 | BS20: 0 | BT20: 0 | BU20: 0 | BV20: 0 | BW20: 0 | CB20: 0
A21: =ROW(Source!A38) -> 38 | B21: 14333500 | C21: 14333499 | D21: 7157835 | E21: 7157832 | F21: 1 | G21: 7157832 | H21: 1 | I21: 9999990008 | K21: ТРУДОЗАТРАТЫ РАБОЧИХ (ЭСН) | L21: 1191 | N21: 1013 | O21: чел.-ч. | P21: чел.-ч. | Q21: 1 | Y21: 297.86 | AA21: 0 | AB21: 0 | AC21: 0 | AD21: 0 | AN21: 0 | AO21: 1 | AP21: 1 | AQ21: 0 | AR21: 0 | AT21: 297.86 | AV21: 1 | AW21: 2 | AX21: 14333507 | AY21: 1 | AZ21: 0 | BA21: 8 | BB21: 0 | BC21: 0 | BD21: 0 | BE21: 0 | BF21: 0 | BG21: 0 | BH21: 0 | BI21: 0 | BJ21: 0 | BK21: 0 | BL21: 0 | BM21: 0 | BN21: 0 | BO21: 0 | BP21: 0 | BQ21: 0 | BR21: 0 | BS21: 0 | BT21: 0 | BU21: 0 | BV21: 0 | BW21: 0 | CB21: 0
A22: =ROW(Source!A38) -> 38 | B22: 14333501 | C22: 14333499 | D22: 7231096 | E22: 1 | F22: 1 | G22: 7157832 | H22: 2 | I22: 2.1-9-1 | J22: ТСН-2001.2. База. п.1-9-1 (090101) | K22: МАШИНЫ БУРИЛЬНО-КРАНОВЫЕ НА БАЗЕ ТРАКТОРА, ГЛУБИНА БУРЕНИЯ ДО 5 М | L22: 1368 | N22: 1011 | O22: маш.-ч | P22: маш.-ч | Q22: 1 | Y22: 0 | AA22: 0 | AB22: 101.39 | AC22: 22.54 | AD22: 0 | AN22: 0 | AO22: 1 | AP22: 1 | AQ22: 0 | AR22: 0 | AT22: 11 | AU22: *0 | AV22: 0 | AW22: 2 | AX22: 14333508 | AY22: 1 | AZ22: 0 | BA22: 9 | BB22: 0 | BC22: 0 | BD22: 0 | BE22: 0 | BF22: 0 | BG22: 0 | BH22: 0 | BI22: 0 | BJ22: 0 | BK22: 0 | BL22: 0 | BM22: 0 | BN22: 0 | BO22: 0 | BP22: 0 | BQ22: 0 | BR22: 0 | BS22: 0 | BT22: 0 | BU22: 0 | BV22: 0 | BW22: 0 | CB22: 0
A23: =ROW(Source!A38) -> 38 | B23: 14333502 | C23: 14333499 | D23: 7231769 | E23: 1 | F23: 1 | G23: 7157832 | H23: 3 | I23: 1.1-1-58 | J23: ТСН-2001.1. База. Р.1, о.1, поз.58 | K23: БОЛТЫ СТРОИТЕЛЬНЫЕ С ГАЙКАМИ ОЦИНКОВАННЫЕ (10Х100ММ) | L23: 1348 | N23: 1009 | O23: т | P23: т | Q23: 1000 | Y23: 0.048 | AA23: 24618.39 | AB23: 0 | AC23: 0 | AD23: 0 | AN23: 0 | AO23: 1 | AP23: 0 | AQ23: 0 | AR23: 0 | AT23: 0.048 | AV23: 0 | AW23: 2 | AX23: 14333509 | AY23: 1 | AZ23: 0 | BA23: 10 | BB23: 0 | BC23: 0 | BD23: 0 | BE23: 0 | BF23: 0 | BG23: 0 | BH23: 0 | BI23: 0 | BJ23: 0 | BK23: 0 | BL23: 0 | BM23: 0 | BN23: 0 | BO23: 0 | BP23: 0 | BQ23: 0 | BR23: 0 | BS23: 0 | BT23: 0 | BU23: 0 | BV23: 0 | BW23: 0 | CB23: 0
A24: =ROW(Source!A38) -> 38 | B24: 14333503 | C24: 14333499 | D24: 7238846 | E24: 1 | F24: 1 | G24: 7157832 | H24: 3 | I24: 1.7-13-100 | J24: ТСН-2001.1. База. Р.7, о.13, поз.100 | K24: СТОЙКИ ИЗ ОЦИНКОВАННОЙ СТАЛИ, ДИАМЕТР 76 ММ, ДЛИНА 3 М | L24: 1354 | N24: 1010 | O24: шт. | P24: шт. | Q24: 1 | Y24: 100 | AA24: 574.45 | AB24: 0 | AC24: 0 | AD24: 0 | AN24: 0 | AO24: 0 | AP24: 0 | AQ24: 0 | AR24: 0 | AT24: 100 | AV24: 0 | AW24: 1 | AX24: -1 | AY24: 0 | AZ24: 0 | BB24: 0 | BC24: 0 | BD24: 0 | BE24: 0 | BF24: 0 | BG24: 0 | BH24: 0 | BI24: 0 | BJ24: 0 | BK24: 0 | BL24: 0 | BM24: 0 | BN24: 0 | BO24: 0 | BP24: 0 | BQ24: 0 | BR24: 0 | BS24: 0 | BT24: 0 | BU24: 0 | BV24: 0 | BW24: 0 | CB24: 0
A25: =ROW(Source!A38) -> 38 | B25: 14333504 | C25: 14333499 | D25: 7238828 | E25: 1 | F25: 1 | G25: 7157832 | H25: 3 | I25: 1.7-13-16 | J25: ТСН-2001.1. База. Р.7, о.13, поз.16 | K25: ЗНАКИ ИЗ ТОНКОЛИСТОВОЙ ОЦИНКОВАННОЙ СТАЛИ СО СВЕТОВОЗВРАЩАЮЩЕЙ ПЛЕНКОЙ, ПРЯМОУГОЛЬНОЙ ФОРМЫ, СО СТОРОНАМИ РАЗМЕРОМ 300Х600 ММ | L25: 1354 | N25: 1010 | O25: шт. | P25: шт. | Q25: 1 | Y25: 200 | AA25: 312.87 | AB25: 0 | AC25: 0 | AD25: 0 | AN25: 0 | AO25: 0 | AP25: 0 | AQ25: 0 | AR25: 0 | AT25: 200 | AV25: 0 | AW25: 1 | AX25: -1 | AY25: 0 | AZ25: 0 | BB25: 0 | BC25: 0 | BD25: 0 | BE25: 0 | BF25: 0 | BG25: 0 | BH25: 0 | BI25: 0 | BJ25: 0 | BK25: 0 | BL25: 0 | BM25: 0 | BN25: 0 | BO25: 0 | BP25: 0 | BQ25: 0 | BR25: 0 | BS25: 0 | BT25: 0 | BU25: 0 | BV25: 0 | BW25: 0 | CB25: 0
A26: =ROW(Source!A38) -> 38 | B26: 14333506 | C26: 14333499 | D26: 7238841 | E26: 1 | F26: 1 | G26: 7157832 | H26: 3 | I26: 1.7-13-29 | J26: ТСН-2001.1. База. Р.7, о.13, поз.29 | K26: ЗНАКИ ИЗ АЛЮМИНИЕВОГО СПЛАВА СО СВЕТОВОЗВРАЩАЮЩЕЙ ПЛЕНКОЙ, ПРЯМОУГОЛЬНОЙ ФОРМЫ, СО СТОРОНАМИ РАЗМЕРОМ 350Х700 ММ | L26: 1354 | N26: 1010 | O26: шт. | P26: шт. | Q26: 1 | Y26: 100 | AA26: 345.12 | AB26: 0 | AC26: 0 | AD26: 0 | AN26: 0 | AO26: 0 | AP26: 0 | AQ26: 0 | AR26: 0 | AT26: 100 | AV26: 0 | AW26: 1 | AX26: -1 | AY26: 0 | AZ26: 0 | BB26: 0 | BC26: 0 | BD26: 0 | BE26: 0 | BF26: 0 | BG26: 0 | BH26: 0 | BI26: 0 | BJ26: 0 | BK26: 0 | BL26: 0 | BM26: 0 | BN26: 0 | BO26: 0 | BP26: 0 | BQ26: 0 | BR26: 0 | BS26: 0 | BT26: 0 | BU26: 0 | BV26: 0 | BW26: 0 | CB26: 0
A27: =ROW(Source!A38) -> 38 | B27: 14333505 | C27: 14333499 | D27: 7238816 | E27: 1 | F27: 1 | G27: 7157832 | H27: 3 | I27: 1.7-13-4 | J27: ТСН-2001.1. База. Р.7, о.13, поз.4 | K27: ЗНАКИ ИЗ ТОНКОЛИСТОВОЙ ОЦИНКОВАННОЙ СТАЛИ СО СВЕТОВОЗВРАЩАЮЩЕЙ ПЛЕНКОЙ, КРУГЛОЙ ФОРМЫ, ДИАМЕТР 600 ММ | L27: 1354 | N27: 1010 | O27: шт. | P27: шт. | Q27: 1 | Y27: 100 | AA27: 479.07 | AB27: 0 | AC27: 0 | AD27: 0 | AN27: 0 | AO27: 0 | AP27: 0 | AQ27: 0 | AR27: 0 | AT27: 100 | AV27: 0 | AW27: 1 | AX27: -1 | AY27: 0 | AZ27: 0 | BB27: 0 | BC27: 0 | BD27: 0 | BE27: 0 | BF27: 0 | BG27: 0 | BH27: 0 | BI27: 0 | BJ27: 0 | BK27: 0 | BL27: 0 | BM27: 0 | BN27: 0 | BO27: 0 | BP27: 0 | BQ27: 0 | BR27: 0 | BS27: 0 | BT27: 0 | BU27: 0 | BV27: 0 | BW27: 0 | CB27: 0
A28: =ROW(Source!A42) -> 42 | B28: 14333516 | C28: 14333515 | D28: 7157835 | E28: 7157832 | F28: 1 | G28: 7157832 | H28: 1 | I28: 9999990008 | K28: ТРУДОЗАТРАТЫ РАБОЧИХ (ЭСН) | L28: 1191 | N28: 1013 | O28: чел.-ч. | P28: чел.-ч. | Q28: 1 | Y28: 3.58 | AA28: 0 | AB28: 0 | AC28: 0 | AD28: 0 | AN28: 0 | AO28: 1 | AP28: 0 | AQ28: 0 | AR28: 0 | AT28: 3.58 | AV28: 1 | AW28: 2 | AX28: 14333521 | AY28: 1 | AZ28: 0 | BA28: 13 | BB28: 0 | BC28: 0 | BD28: 0 | BE28: 0 | BF28: 0 | BG28: 0 | BH28: 0 | BI28: 0 | BJ28: 0 | BK28: 0 | BL28: 0 | BM28: 0 | BN28: 0 | BO28: 0 | BP28: 0 | BQ28: 0 | BR28: 0 | BS28: 0 | BT28: 0 | BU28: 0 | BV28: 0 | BW28: 0 | CB28: 0
A29: =ROW(Source!A42) -> 42 | B29: 14333517 | C29: 14333515 | D29: 7231371 | E29: 1 | F29: 1 | G29: 7157832 | H29: 2 | I29: 2.1-17-76 | J29: ТСН-2001.2. База. п.1-17-76 (177601) | K29: СПЕЦФУРГОН ТИПА ДКТ | L29: 1368 | N29: 1011 | O29: маш.-ч | P29: маш.-ч | Q29: 1 | Y29: 1.2 | AA29: 0 | AB29: 148.4 | AC29: 38.62 | AD29: 0 | AN29: 0 | AO29: 1 | AP29: 0 | AQ29: 0 | AR29: 0 | AT29: 1.2 | AV29: 0 | AW29: 2 | AX29: 14333522 | AY29: 1 | AZ29: 0 | BA29: 14 | BB29: 0 | BC29: 0 | BD29: 0 | BE29: 0 | BF29: 0 | BG29: 0 | BH29: 0 | BI29: 0 | BJ29: 0 | BK29: 0 | BL29: 0 | BM29: 0 | BN29: 0 | BO29: 0 | BP29: 0 | BQ29: 0 | BR29: 0 | BS29: 0 | BT29: 0 | BU29: 0 | BV29: 0 | BW29: 0 | CB29: 0
A30: =ROW(Source!A42) -> 42 | B30: 14333518 | C30: 14333515 | D30: 7232995 | E30: 1 | F30: 1 | G30: 7157832 | H30: 3 | I30: 1.1-1-1330 | J30: ТСН-2001.1. База. Р.1, о.1, поз.1330 | K30: ЦЕМЕНТ ОБЩЕСТРОИТЕЛЬНЫЙ, ПОРТЛАНДЦЕМЕНТ ОБЩЕГО НАЗНАЧЕНИЯ, МАРКА 500 | L30: 1348 | N30: 1009 | O30: т | P30: т | Q30: 1000 | Y30: 0.054 | AA30: 351.13 | AB30: 0 | AC30: 0 | AD30: 0 | AN30: 0 | AO30: 1 | AP30: 0 | AQ30: 0 | AR30: 0 | AT30: 0.054 | AV30: 0 | AW30: 2 | AX30: 14333523 | AY30: 1 | AZ30: 0 | BA30: 15 | BB30: 0 | BC30: 0 | BD30: 0 | BE30: 0 | BF30: 0 | BG30: 0 | BH30: 0 | BI30: 0 | BJ30: 0 | BK30: 0 | BL30: 0 | BM30: 0 | BN30: 0 | BO30: 0 | BP30: 0 | BQ30: 0 | BR30: 0 | BS30: 0 | BT30: 0 | BU30: 0 | BV30: 0 | BW30: 0 | CB30: 0
A31: =ROW(Source!A42) -> 42 | B31: 14333519 | C31: 14333515 | D31: 7233176 | E31: 1 | F31: 1 | G31: 7157832 | H31: 3 | I31: 1.1-1-1512 | J31: ТСН-2001.1. База. Р.1, о.1, поз.1512 | K31: ЩЕБЕНЬ ГРАВИЙНЫЙ, ФРАКЦИЯ 5-20 ММ | L31: 1339 | N31: 1007 | O31: м3 | P31: м3 | Q31: 1 | Y31: 0.16 | AA31: 202.34 | AB31: 0 | AC31: 0 | AD31: 0 | AN31: 0 | AO31: 1 | AP31: 0 | AQ31: 0 | AR31: 0 | AT31: 0.16 | AV31: 0 | AW31: 2 | AX31: 14333524 | AY31: 1 | AZ31: 0 | BA31: 16 | BB31: 0 | BC31: 0 | BD31: 0 | BE31: 0 | BF31: 0 | BG31: 0 | BH31: 0 | BI31: 0 | BJ31: 0 | BK31: 0 | BL31: 0 | BM31: 0 | BN31: 0 | BO31: 0 | BP31: 0 | BQ31: 0 | BR31: 0 | BS31: 0 | BT31: 0 | BU31: 0 | BV31: 0 | BW31: 0 | CB31: 0
A32: =ROW(Source!A42) -> 42 | B32: 14333520 | C32: 14333515 | D32: 7232456 | E32: 1 | F32: 1 | G32: 7157832 | H32: 3 | I32: 1.1-1-766 | J32: ТСН-2001.1. База. Р.1, о.1, поз.766 | K32: ПЕСОК ДЛЯ СТРОИТЕЛЬНЫХ РАБОТ, РЯДОВОЙ | L32: 1339 | N32: 1007 | O32: м3 | P32: м3 | Q32: 1 | Y32: 0.1 | AA32: 104.99 | AB32: 0 | AC32: 0 | AD32: 0 | AN32: 0 | AO32: 1 | AP32: 0 | AQ32: 0 | AR32: 0 | AT32: 0.1 | AV32: 0 | AW32: 2 | AX32: 14333525 | AY32: 1 | AZ32: 0 | BA32: 17 | BB32: 0 | BC32: 0 | BD32: 0 | BE32: 0 | BF32: 0 | BG32: 0 | BH32: 0 | BI32: 0 | BJ32: 0 | BK32: 0 | BL32: 0 | BM32: 0 | BN32: 0 | BO32: 0 | BP32: 0 | BQ32: 0 | BR32: 0 | BS32: 0 | BT32: 0 | BU32: 0 | BV32: 0 | BW32: 0 | CB32: 0

Sheet EtalonRes
A1: =ROW(Source!A24) -> 24 | B1: 14333572 | C1: 14333464 | D1: 7157835 | E1: 7157832 | F1: 1 | G1: 7157832 | H1: 1 | I1: 9999990008 | K1: ТРУДОЗАТРАТЫ РАБОЧИХ (ЭСН) | L1: 1191 | N1: 1013 | O1: чел.-ч. | P1: чел.-ч. | Q1: 1 | X1: 0.2 | Y1: 0 | Z1: 0 | AA1: 0 | AB1: 0 | AC1: 0 | AD1: 1 | AE1: 1 | AF1: *1,15 | AG1: 0.23 | AH1: 2 | AI1: 14333572 | AJ1: 1 | AK1: 0 | AL1: 0 | AM1: 0 | AN1: 0 | AO1: 0 | AP1: 0 | AQ1: 0 | AR1: 0
A2: =ROW(Source!A24) -> 24 | B2: 14333573 | C2: 14333464 | D2: 7231025 | E2: 1 | F2: 1 | G2: 7157832 | H2: 2 | I2: 2.1-5-75 | J2: ТСН-2001.2. База. п.1-5-75 (057208) | K2: МАШИНЫ РАЗМЕТОЧНЫЕ, ТИП BMT-350С, ДЛЯ НАНЕСЕНИЯ КРАСКИ, ФИРМА “BORUM INDASTRI A/S”, ДАНИЯ | L2: 1368 | N2: 1011 | O2: маш.-ч | P2: маш.-ч | Q2: 1 | X2: 0.05 | Y2: 0 | Z2: 744.64 | AA2: 32.54 | AB2: 0 | AC2: 0 | AD2: 1 | AE2: 0 | AF2: *1,25 | AG2: 0.0625 | AH2: 2 | AI2: 14333573 | AJ2: 2 | AK2: 0 | AL2: 0 | AM2: 0 | AN2: 0 | AO2: 0 | AP2: 0 | AQ2: 0 | AR2: 0
A3: =ROW(Source!A24) -> 24 | B3: 14333574 | C3: 14333464 | D3: 7164079 | E3: 7157832 | F3: 1 | G3: 7157832 | H3: 3 | I3: 2316310000 | K3: КРАСКИ | L3: 1346 | N3: 1009 | O3: кг | P3: кг | Q3: 1 | X3: 0.53 | Y3: 0 | Z3: 0 | AA3: 0 | AB3: 0 | AC3: 0 | AD3: 0 | AE3: 0 | AG3: 0.53 | AH3: 3 | AI3: -1 | AK3: 0 | AL3: 0 | AM3: 0 | AN3: 0 | AO3: 0 | AP3: 0 | AQ3: 0 | AR3: 0
A4: =ROW(Source!A29) -> 29 | B4: 14333486 | C4: 14333474 | D4: 7157835 | E4: 7157832 | F4: 1 | G4: 7157832 | H4: 1 | I4: 9999990008 | K4: ТРУДОЗАТРАТЫ РАБОЧИХ (ЭСН) | L4: 1191 | N4: 1013 | O4: чел.-ч. | P4: чел.-ч. | Q4: 1 | X4: 0.2 | Y4: 0 | Z4: 0 | AA4: 0 | AB4: 0 | AC4: 0 | AD4: 1 | AE4: 1 | AF4: *1,15 | AG4: 0.23 | AH4: 2 | AI4: 14333475 | AJ4: 7 | AK4: 0 | AL4: 0 | AM4: 0 | AN4: 0 | AO4: 0 | AP4: 0 | AQ4: 0 | AR4: 0
A5: =ROW(Source!A29) -> 29 | B5: 14333487 | C5: 14333474 | D5: 7231025 | E5: 1 | F5: 1 | G5: 7157832 | H5: 2 | I5: 2.1-5-75 | J5: ТСН-2001.2. База. п.1-5-75 (057208) | K5: МАШИНЫ РАЗМЕТОЧНЫЕ, ТИП BMT-350С, ДЛЯ НАНЕСЕНИЯ КРАСКИ, ФИРМА “BORUM INDASTRI A/S”, ДАНИЯ | L5: 1368 | N5: 1011 | O5: маш.-ч | P5: маш.-ч | Q5: 1 | X5: 0.05 | Y5: 0 | Z5: 744.64 | AA5: 32.54 | AB5: 0 | AC5: 0 | AD5: 1 | AE5: 0 | AF5: *1,25 | AG5: 0.0625 | AH5: 2 | AI5: 14333476 | AJ5: 8 | AK5: 0 | AL5: 0 | AM5: 0 | AN5: 0 | AO5: 0 | AP5: 0 | AQ5: 0 | AR5: 0
A6: =ROW(Source!A29) -> 29 | B6: 14333488 | C6: 14333474 | D6: 7164079 | E6: 7157832 | F6: 1 | G6: 7157832 | H6: 3 | I6: 2316310000 | K6: КРАСКИ | L6: 1346 | N6: 1009 | O6: кг | P6: кг | Q6: 1 | X6: 0.53 | Y6: 0 | Z6: 0 | AA6: 0 | AB6: 0 | AC6: 0 | AD6: 0 | AE6: 0 | AG6: 0.53 | AH6: 3 | AI6: -1 | AK6: 0 | AL6: 0 | AM6: 0 | AN6: 0 | AO6: 0 | AP6: 0 | AQ6: 0 | AR6: 0
A7: =ROW(Source!A37) -> 37 | B7: 14333498 | C7: 14333495 | D7: 7157835 | E7: 7157832 | F7: 1 | G7: 7157832 | H7: 1 | I7: 9999990008 | K7: ТРУДОЗАТРАТЫ РАБОЧИХ (ЭСН) | L7: 1191 | N7: 1013 | O7: чел.-ч. | P7: чел.-ч. | Q7: 1 | X7: 260 | Y7: 0 | Z7: 0 | AA7: 0 | AB7: 0 | AC7: 0 | AD7: 1 | AE7: 1 | AG7: 260 | AH7: 2 | AI7: 14333496 | AJ7: 19 | AK7: 0 | AL7: 0 | AM7: 0 | AN7: 0 | AO7: 0 | AP7: 0 | AQ7: 0 | AR7: 0
A8: =ROW(Source!A38) -> 38 | B8: 14333507 | C8: 14333499 | D8: 7157835 | E8: 7157832 | F8: 1 | G8: 7157832 | H8: 1 | I8: 9999990008 | K8: ТРУДОЗАТРАТЫ РАБОЧИХ (ЭСН) | L8: 1191 | N8: 1013 | O8: чел.-ч. | P8: чел.-ч. | Q8: 1 | X8: 297.86 | Y8: 0 | Z8: 0 | AA8: 0 | AB8: 0 | AC8: 0 | AD8: 1 | AE8: 1 | AG8: 297.86 | AH8: 2 | AI8: 14333500 | AJ8: 21 | AK8: 0 | AL8: 0 | AM8: 0 | AN8: 0 | AO8: 0 | AP8: 0 | AQ8: 0 | AR8: 0
A9: =ROW(Source!A38) -> 38 | B9: 14333508 | C9: 14333499 | D9: 7231096 | E9: 1 | F9: 1 | G9: 7157832 | H9: 2 | I9: 2.1-9-1 | J9: ТСН-2001.2. База. п.1-9-1 (090101) | K9: МАШИНЫ БУРИЛЬНО-КРАНОВЫЕ НА БАЗЕ ТРАКТОРА, ГЛУБИНА БУРЕНИЯ ДО 5 М | L9: 1368 | N9: 1011 | O9: маш.-ч | P9: маш.-ч | Q9: 1 | X9: 11 | Y9: 0 | Z9: 101.39 | AA9: 22.54 | AB9: 0 | AC9: 0 | AD9: 1 | AE9: 0 | AF9: *0 | AG9: 0 | AH9: 2 | AI9: 14333501 | AJ9: 22 | AK9: 0 | AL9: 0 | AM9: 0 | AN9: 0 | AO9: 0 | AP9: 0 | AQ9: 0 | AR9: 0
A10: =ROW(Source!A38) -> 38 | B10: 14333509 | C10: 14333499 | D10: 7231769 | E10: 1 | F10: 1 | G10: 7157832 | H10: 3 | I10: 1.1-1-58 | J10: ТСН-2001.1. База. Р.1, о.1, поз.58 | K10: БОЛТЫ СТРОИТЕЛЬНЫЕ С ГАЙКАМИ ОЦИНКОВАННЫЕ (10Х100ММ) | L10: 1348 | N10: 1009 | O10: т | P10: т | Q10: 1000 | X10: 0.048 | Y10: 24618.39 | Z10: 0 | AA10: 0 | AB10: 0 | AC10: 0 | AD10: 1 | AE10: 0 | AG10: 0.048 | AH10: 2 | AI10: 14333502 | AJ10: 23 | AK10: 0 | AL10: 0 | AM10: 0 | AN10: 0 | AO10: 0 | AP10: 0 | AQ10: 0 | AR10: 0
A11: =ROW(Source!A38) -> 38 | B11: 14333510 | C11: 14333499 | D11: 7173802 | E11: 7157832 | F11: 1 | G11: 7157832 | H11: 3 | I11: 5216100000 | K11: ЩИТКИ МЕТАЛЛИЧЕСКИЕ | L11: 1354 | N11: 1010 | O11: шт. | P11: шт. | Q11: 1 | X11: 100 | Y11: 0 | Z11: 0 | AA11: 0 | AB11: 0 | AC11: 0 | AD11: 0 | AE11: 0 | AG11: 100 | AH11: 3 | AI11: -1 | AK11: 0 | AL11: 0 | AM11: 0 | AN11: 0 | AO11: 0 | AP11: 0 | AQ11: 0 | AR11: 0
A12: =ROW(Source!A38) -> 38 | B12: 14333511 | C12: 14333499 | D12: 7173801 | E12: 7157832 | F12: 1 | G12: 7157832 | H12: 3 | I12: 5216100000 | K12: СТОЙКИ МЕТАЛЛИЧЕСКИЕ | L12: 1354 | N12: 1010 | O12: шт. | P12: шт. | Q12: 1 | X12: 100 | Y12: 0 | Z12: 0 | AA12: 0 | AB12: 0 | AC12: 0 | AD12: 0 | AE12: 0 | AG12: 100 | AH12: 3 | AI12: -1 | AK12: 0 | AL12: 0 | AM12: 0 | AN12: 0 | AO12: 0 | AP12: 0 | AQ12: 0 | AR12: 0
A13: =ROW(Source!A42) -> 42 | B13: 14333521 | C13: 14333515 | D13: 7157835 | E13: 7157832 | F13: 1 | G13: 7157832 | H13: 1 | I13: 9999990008 | K13: ТРУДОЗАТРАТЫ РАБОЧИХ (ЭСН) | L13: 1191 | N13: 1013 | O13: чел.-ч. | P13: чел.-ч. | Q13: 1 | X13: 3.58 | Y13: 0 | Z13: 0 | AA13: 0 | AB13: 0 | AC13: 0 | AD13: 1 | AE13: 1 | AG13: 3.58 | AH13: 2 | AI13: 14333516 | AJ13: 28 | AK13: 0 | AL13: 0 | AM13: 0 | AN13: 0 | AO13: 0 | AP13: 0 | AQ13: 0 | AR13: 0
A14: =ROW(Source!A42) -> 42 | B14: 14333522 | C14: 14333515 | D14: 7231371 | E14: 1 | F14: 1 | G14: 7157832 | H14: 2 | I14: 2.1-17-76 | J14: ТСН-2001.2. База. п.1-17-76 (177601) | K14: СПЕЦФУРГОН ТИПА ДКТ | L14: 1368 | N14: 1011 | O14: маш.-ч | P14: маш.-ч | Q14: 1 | X14: 1.2 | Y14: 0 | Z14: 148.4 | AA14: 38.62 | AB14: 0 | AC14: 0 | AD14: 1 | AE14: 0 | AG14: 1.2 | AH14: 2 | AI14: 14333517 | AJ14: 29 | AK14: 0 | AL14: 0 | AM14: 0 | AN14: 0 | AO14: 0 | AP14: 0 | AQ14: 0 | AR14: 0
A15: =ROW(Source!A42) -> 42 | B15: 14333523 | C15: 14333515 | D15: 7232995 | E15: 1 | F15: 1 | G15: 7157832 | H15: 3 | I15: 1.1-1-1330 | J15: ТСН-2001.1. База. Р.1, о.1, поз.1330 | K15: ЦЕМЕНТ ОБЩЕСТРОИТЕЛЬНЫЙ, ПОРТЛАНДЦЕМЕНТ ОБЩЕГО НАЗНАЧЕНИЯ, МАРКА 500 | L15: 1348 | N15: 1009 | O15: т | P15: т | Q15: 1000 | X15: 0.054 | Y15: 351.13 | Z15: 0 | AA15: 0 | AB15: 0 | AC15: 0 | AD15: 1 | AE15: 0 | AG15: 0.054 | AH15: 2 | AI15: 14333518 | AJ15: 30 | AK15: 0 | AL15: 0 | AM15: 0 | AN15: 0 | AO15: 0 | AP15: 0 | AQ15: 0 | AR15: 0
A16: =ROW(Source!A42) -> 42 | B16: 14333524 | C16: 14333515 | D16: 7233176 | E16: 1 | F16: 1 | G16: 7157832 | H16: 3 | I16: 1.1-1-1512 | J16: ТСН-2001.1. База. Р.1, о.1, поз.1512 | K16: ЩЕБЕНЬ ГРАВИЙНЫЙ, ФРАКЦИЯ 5-20 ММ | L16: 1339 | N16: 1007 | O16: м3 | P16: м3 | Q16: 1 | X16: 0.16 | Y16: 202.34 | Z16: 0 | AA16: 0 | AB16: 0 | AC16: 0 | AD16: 1 | AE16: 0 | AG16: 0.16 | AH16: 2 | AI16: 14333519 | AJ16: 31 | AK16: 0 | AL16: 0 | AM16: 0 | AN16: 0 | AO16: 0 | AP16: 0 | AQ16: 0 | AR16: 0
A17: =ROW(Source!A42) -> 42 | B17: 14333525 | C17: 14333515 | D17: 7232456 | E17: 1 | F17: 1 | G17: 7157832 | H17: 3 | I17: 1.1-1-766 | J17: ТСН-2001.1. База. Р.1, о.1, поз.766 | K17: ПЕСОК ДЛЯ СТРОИТЕЛЬНЫХ РАБОТ, РЯДОВОЙ | L17: 1339 | N17: 1007 | O17: м3 | P17: м3 | Q17: 1 | X17: 0.1 | Y17: 104.99 | Z17: 0 | AA17: 0 | AB17: 0 | AC17: 0 | AD17: 1 | AE17: 0 | AG17: 0.1 | AH17: 2 | AI17: 14333520 | AJ17: 32 | AK17: 0 | AL17: 0 | AM17: 0 | AN17: 0 | AO17: 0 | AP17: 0 | AQ17: 0 | AR17: 0

Sheet ClcRes
